Workbook
Name Data_s102: [1]МО!#REF!
Name Data_s102: [2]Лист2!#REF!
Name Data_s112: [2]Лист2!#REF!
Name Data_s42: [1]МО!#REF!
Name Data_s42: [2]Лист2!#REF!
Name Data_s52: [2]Лист2!#REF!
Name Data_s62: [1]МО!#REF!
Name Data_s62: [2]Лист2!#REF!
Name Data_s72: [1]МО!#REF!
Name Data_s72: [2]Лист2!#REF!
Name Data_s82: [1]МО!#REF!
Name Data_s82: [2]Лист2!#REF!
Name DataName: '2.3'!$B$2:$C$2
Name DataName: '2.1'!#REF!
Name DataSpravka: '2.3'!$B$3:$E$89
Name DataSpravka: '2.1'!$B$3:$E$89
Name Name_Spr: '2.3'!#REF!
Name Name_Spr: '2.1'!#REF!
Name ss010b: [3]доходы!$E$30
Name ss010b: [4]доходы!$E$30
Name ss010c: [3]доходы!$F$30
Name ss010c: [4]доходы!$F$30
Name ss010d: [3]доходы!$G$30
Name ss010d: [4]доходы!$G$30
Name ss200c: [1]МО!#REF!
Name ss200c: [2]Лист2!#REF!
Name ss200d: [1]МО!#REF!
Name ss200d: [2]Лист2!#REF!
Name ss200e: [1]МО!#REF!
Name ss200e: [2]Лист2!#REF!
Name XDO_GROUP_?LINE_B1?: [5]Лист1!#REF!
Name XDO_GROUP_?LINE_B2?: [5]Лист1!#REF!
Name XDO_GROUP_?LINE_S1?: [5]Лист1!#REF!
Name XDO_GROUP_?LINE_S1_1?: [5]Лист1!#REF!
Name XDO_GROUP_?LINE_S1_2?: [5]Лист1!#REF!
Name XDO_GROUP_?LINE_S1_3?: [5]Лист1!#REF!
Name ролплалпл: [4]доходы!$G$30

Sheet рейтинг
B1: КАЧЕСТВЕННАЯ ХАРАКТЕРИСТИКА | C1: МИНИМАЛЬНОЕ ЗНАЧЕНИЕ | D1: МАКСИМАЛЬНОЕ ЗНАЧЕНИЕ
B2: отлично | C2: 90.1 | D2: 100
B3: хорошо | C3: 80.1 | D3: 90
B4: удовлетворительно | C4: 70.1 | D4: 80
B5: неудовлетворительно | C5: 0 | D5: 70
A7: № п/п | B7: Наименование ТОФК | C7: 1. Финансовое планирование | D7: 2. Исполнение бюджета в части расходов | E7: 3. Исполнение бюджета по доходам | F7: 4. Исполнение судебных актов | G7: 5. Учет и отчетность | H7: 6. Контроль и аудит | I7: 7. Финансовые риски | J7: ИТОГ | K7: КАЧЕСТВЕННАЯ ОЦЕНКА
A8: 1 | B8: 2 | C8: 3 | D8: 4 | E8: 5 | F8: 6 | G8: 7 | H8: 8 | I8: 9 | J8: 10 | K8: 11
A9: 1 | B9: УФК ПО ТЮМЕНСКОЙ ОБЛАСТИ | C9: =10%*свод!C78 -> 0.05 | D9: =40%*SUM(свод!D78:O78) -> 0.32 | E9: =100%*свод!P78 -> 0.2 | F9: =5%*'4.1'!F77 -> 0.05 | G9: =10%*SUM(свод!S78:V78) -> 0.1 | H9: =10%*SUM(свод!W78:Z78) -> 0.1 | I9: =0.2*SUM(свод!AA78:AB78) -> 0.08 | J9: =SUM(C9:I9)*100 -> 90 | K9: =IF(OR(J9>=$C$2),$B$2,IF(AND(J9>=$C$3,J9<$C$2),$B$3,IF(AND(J9>=$C$4,J9<$C$3),$B$4,$B$5))) -> хорошо
A10: 2 | B10: УФК ПО РЕСПУБЛИКЕ ДАГЕСТАН | C10: =10%*свод!C10 -> 0.05 | D10: =40%*SUM(свод!D10:O10) -> 0.34 | E10: =100%*свод!P10 -> 0.2 | F10: =5%*'4.1'!F9 -> 0.05 | G10: =10%*SUM(свод!S10:V10) -> 0.08 | H10: =10%*SUM(свод!W10:Z10) -> 0.08 | I10: =0.2*SUM(свод!AA10:AB10) -> 0.08 | J10: =SUM(C10:I10)*100 -> 88 | K10: =IF(OR(J10>=$C$2),$B$2,IF(AND(J10>=$C$3,J10<$C$2),$B$3,IF(AND(J10>=$C$4,J10<$C$3),$B$4,$B$5))) -> хорошо
A11: 3 | B11: УФК ПО РЕСПУБЛИКЕ ТЫВА | C11: =10%*свод!C22 -> 0.05 | D11: =40%*SUM(свод!D22:O22) -> 0.28 | E11: =100%*свод!P22 -> 0.2 | F11: =5%*'4.1'!F21 -> 0.05 | G11: =10%*SUM(свод!S22:V22) -> 0.1 | H11: =10%*SUM(свод!W22:Z22) -> 0.085 | I11: =0.2*SUM(свод!AA22:AB22) -> 0.08 | J11: =SUM(C11:I11)*100 -> 84.5 | K11: =IF(OR(J11>=$C$2),$B$2,IF(AND(J11>=$C$3,J11<$C$2),$B$3,IF(AND(J11>=$C$4,J11<$C$3),$B$4,$B$5))) -> хорошо
A12: 4 | B12: УФК ПО ЗАБАЙКАЛЬСКОМУ КРАЮ | C12: =10%*свод!C28 -> 0 | D12: =40%*SUM(свод!D28:O28) -> 0.34 | E12: =100%*свод!P28 -> 0.2 | F12: =5%*'4.1'!F27 -> 0.05 | G12: =10%*SUM(свод!S28:V28) -> 0.1 | H12: =10%*SUM(свод!W28:Z28) -> 0.1 | I12: =0.2*SUM(свод!AA28:AB28) -> 0.04 | J12: =SUM(C12:I12)*100 -> 83 | K12: =IF(OR(J12>=$C$2),$B$2,IF(AND(J12>=$C$3,J12<$C$2),$B$3,IF(AND(J12>=$C$4,J12<$C$3),$B$4,$B$5))) -> хорошо
A13: 5 | B13: УФК ПО АМУРСКОЙ ОБЛАСТИ | C13: =10%*свод!C36 -> 0.05 | D13: =40%*SUM(свод!D36:O36) -> 0.28 | E13: =100%*свод!P36 -> 0.2 | F13: =5%*'4.1'!F35 -> 0.05 | G13: =10%*SUM(свод!S36:V36) -> 0.1 | H13: =10%*SUM(свод!W36:Z36) -> 0.07 | I13: =0.2*SUM(свод!AA36:AB36) -> 0.08 | J13: =SUM(C13:I13)*100 -> 83 | K13: =IF(OR(J13>=$C$2),$B$2,IF(AND(J13>=$C$3,J13<$C$2),$B$3,IF(AND(J13>=$C$4,J13<$C$3),$B$4,$B$5))) -> хорошо
A14: 6 | B14: УФК ПО НОВОСИБИРСКОЙ ОБЛАСТИ | C14: =10%*свод!C61 -> 0.05 | D14: =40%*SUM(свод!D61:O61) -> 0.22 | E14: =100%*свод!P61 -> 0.2 | F14: =5%*'4.1'!F60 -> 0.05 | G14: =10%*SUM(свод!S61:V61) -> 0.1 | H14: =10%*SUM(свод!W61:Z61) -> 0.1 | I14: =0.2*SUM(свод!AA61:AB61) -> 0.08 | J14: =SUM(C14:I14)*100 -> 80 | K14: =IF(OR(J14>=$C$2),$B$2,IF(AND(J14>=$C$3,J14<$C$2),$B$3,IF(AND(J14>=$C$4,J14<$C$3),$B$4,$B$5))) -> удовлетворительно
A15: 7 | B15: УФК ПО УДМУРТСКОЙ РЕСПУБЛИКЕ | C15: =10%*свод!C23 -> 0.05 | D15: =40%*SUM(свод!D23:O23) -> 0.22 | E15: =100%*свод!P23 -> 0.2 | F15: =5%*'4.1'!F22 -> 0.05 | G15: =10%*SUM(свод!S23:V23) -> 0.1 | H15: =10%*SUM(свод!W23:Z23) -> 0.1 | I15: =0.2*SUM(свод!AA23:AB23) -> 0.08 | J15: =SUM(C15:I15)*100 -> 80 | K15: =IF(OR(J15>=$C$2),$B$2,IF(AND(J15>=$C$3,J15<$C$2),$B$3,IF(AND(J15>=$C$4,J15<$C$3),$B$4,$B$5))) -> удовлетворительно
A16: 8 | B16: УФК ПО РЕСПУБЛИКЕ ХАКАСИЯ | C16: =10%*свод!C24 -> 0 | D16: =40%*SUM(свод!D24:O24) -> 0.28 | E16: =100%*свод!P24 -> 0.2 | F16: =5%*'4.1'!F23 -> 0.05 | G16: =10%*SUM(свод!S24:V24) -> 0.08 | H16: =10%*SUM(свод!W24:Z24) -> 0.1 | I16: =0.2*SUM(свод!AA24:AB24) -> 0.04 | J16: =SUM(C16:I16)*100 -> 75 | K16: =IF(OR(J16>=$C$2),$B$2,IF(AND(J16>=$C$3,J16<$C$2),$B$3,IF(AND(J16>=$C$4,J16<$C$3),$B$4,$B$5))) -> удовлетворительно
A17: 9 | B17: УФК ПО КАЛУЖСКОЙ ОБЛАСТИ | C17: =10%*свод!C48 -> 0 | D17: =40%*SUM(свод!D48:O48) -> 0.22 | E17: =100%*свод!P48 -> 0.2 | F17: =5%*'4.1'!F47 -> 0.05 | G17: =10%*SUM(свод!S48:V48) -> 0.1 | H17: =10%*SUM(свод!W48:Z48) -> 0.1 | I17: =0.2*SUM(свод!AA48:AB48) -> 0.08 | J17: =SUM(C17:I17)*100 -> 75 | K17: =IF(OR(J17>=$C$2),$B$2,IF(AND(J17>=$C$3,J17<$C$2),$B$3,IF(AND(J17>=$C$4,J17<$C$3),$B$4,$B$5))) -> удовлетворительно
A18: 10 | B18: УФК ПО КОСТРОМСКОЙ ОБЛАСТИ | C18: =10%*свод!C51 -> 0 | D18: =40%*SUM(свод!D51:O51) -> 0.26 | E18: =100%*свод!P51 -> 0.2 | F18: =5%*'4.1'!F50 -> 0.05 | G18: =10%*SUM(свод!S51:V51) -> 0.1 | H18: =10%*SUM(свод!W51:Z51) -> 0.1 | I18: =0.2*SUM(свод!AA51:AB51) -> 0.04 | J18: =SUM(C18:I18)*100 -> 75 | K18: =IF(OR(J18>=$C$2),$B$2,IF(AND(J18>=$C$3,J18<$C$2),$B$3,IF(AND(J18>=$C$4,J18<$C$3),$B$4,$B$5))) -> удовлетворительно
A19: 11 | B19: УФК ПО СМОЛЕНСКОЙ ОБЛАСТИ | C19: =10%*свод!C73 -> 0 | D19: =40%*SUM(свод!D73:O73) -> 0.22 | E19: =100%*свод!P73 -> 0.2 | F19: =5%*'4.1'!F72 -> 0.05 | G19: =10%*SUM(свод!S73:V73) -> 0.1 | H19: =10%*SUM(свод!W73:Z73) -> 0.1 | I19: =0.2*SUM(свод!AA73:AB73) -> 0.08 | J19: =SUM(C19:I19)*100 -> 75 | K19: =IF(OR(J19>=$C$2),$B$2,IF(AND(J19>=$C$3,J19<$C$2),$B$3,IF(AND(J19>=$C$4,J19<$C$3),$B$4,$B$5))) -> удовлетворительно
A20: 12 | B20: УФК ПО ЧЕЛЯБИНСКОЙ ОБЛАСТИ | C20: =10%*свод!C80 -> 0 | D20: =40%*SUM(свод!D80:O80) -> 0.22 | E20: =100%*свод!P80 -> 0.2 | F20: =5%*'4.1'!F79 -> 0.05 | G20: =10%*SUM(свод!S80:V80) -> 0.1 | H20: =10%*SUM(свод!W80:Z80) -> 0.1 | I20: =0.2*SUM(свод!AA80:AB80) -> 0.08 | J20: =SUM(C20:I20)*100 -> 75 | K20: =IF(OR(J20>=$C$2),$B$2,IF(AND(J20>=$C$3,J20<$C$2),$B$3,IF(AND(J20>=$C$4,J20<$C$3),$B$4,$B$5))) -> удовлетворительно
A21: 13 | B21: УФК ПО КАМЧАТСКОМУ КРАЮ | C21: =10%*свод!C29 -> 0 | D21: =40%*SUM(свод!D29:O29) -> 0.28 | E21: =100%*свод!P29 -> 0.2 | F21: =5%*'4.1'!F28 -> 0.05 | G21: =10%*SUM(свод!S29:V29) -> 0.1 | H21: =10%*SUM(свод!W29:Z29) -> 0.07 | I21: =0.2*SUM(свод!AA29:AB29) -> 0.04 | J21: =SUM(C21:I21)*100 -> 74 | K21: =IF(OR(J21>=$C$2),$B$2,IF(AND(J21>=$C$3,J21<$C$2),$B$3,IF(AND(J21>=$C$4,J21<$C$3),$B$4,$B$5))) -> удовлетворительно
A22: 14 | B22: УФК ПО ЕВРЕЙСКОЙ АВТОНОМНОЙ ОБЛАСТИ | C22: =10%*свод!C86 -> 0 | D22: =40%*SUM(свод!D86:O86) -> 0.22 | E22: =100%*свод!P86 -> 0.2 | F22: =5%*'4.1'!F85 -> 0.05 | G22: =10%*SUM(свод!S86:V86) -> 0.1 | H22: =10%*SUM(свод!W86:Z86) -> 0.085 | I22: =0.2*SUM(свод!AA86:AB86) -> 0.08 | J22: =SUM(C22:I22)*100 -> 73.5 | K22: =IF(OR(J22>=$C$2),$B$2,IF(AND(J22>=$C$3,J22<$C$2),$B$3,IF(AND(J22>=$C$4,J22<$C$3),$B$4,$B$5))) -> удовлетворительно
A23: 15 | B23: УФК ПО РОСТОВСКОЙ ОБЛАСТИ | C23: =10%*свод!C67 -> 0 | D23: =40%*SUM(свод!D67:O67) -> 0.28 | E23: =100%*свод!P67 -> 0.2 | F23: =5%*'4.1'!F66 -> 0.05 | G23: =10%*SUM(свод!S67:V67) -> 0.1 | H23: =10%*SUM(свод!W67:Z67) -> 0.1 | I23: =0.2*SUM(свод!AA67:AB67) -> 0 | J23: =SUM(C23:I23)*100 -> 73 | K23: =IF(OR(J23>=$C$2),$B$2,IF(AND(J23>=$C$3,J23<$C$2),$B$3,IF(AND(J23>=$C$4,J23<$C$3),$B$4,$B$5))) -> удовлетворительно
A24: 16 | B24: УФК ПО ВОЛГОГРАДСКОЙ ОБЛАСТИ | C24: =10%*свод!C42 -> 0 | D24: =40%*SUM(свод!D42:O42) -> 0.28 | E24: =100%*свод!P42 -> 0.2 | F24: =5%*'4.1'!F41 -> 0 | G24: =10%*SUM(свод!S42:V42) -> 0.1 | H24: =10%*SUM(свод!W42:Z42) -> 0.1 | I24: =0.2*SUM(свод!AA42:AB42) -> 0.04 | J24: =SUM(C24:I24)*100 -> 72 | K24: =IF(OR(J24>=$C$2),$B$2,IF(AND(J24>=$C$3,J24<$C$2),$B$3,IF(AND(J24>=$C$4,J24<$C$3),$B$4,$B$5))) -> удовлетворительно
A25: 17 | B25: УФК ПО АЛТАЙСКОМУ КРАЮ | C25: =10%*свод!C27 -> 0 | D25: =40%*SUM(свод!D27:O27) -> 0.22 | E25: =100%*свод!P27 -> 0.2 | F25: =5%*'4.1'!F26 -> 0.05 | G25: =10%*SUM(свод!S27:V27) -> 0.08 | H25: =10%*SUM(свод!W27:Z27) -> 0.08 | I25: =0.2*SUM(свод!AA27:AB27) -> 0.08 | J25: =SUM(C25:I25)*100 -> 71 | K25: =IF(OR(J25>=$C$2),$B$2,IF(AND(J25>=$C$3,J25<$C$2),$B$3,IF(AND(J25>=$C$4,J25<$C$3),$B$4,$B$5))) -> удовлетворительно
A26: 18 | B26: УФК ПО ОРЕНБУРГСКОЙ ОБЛАСТИ | C26: =10%*свод!C63 -> 0 | D26: =40%*SUM(свод!D63:O63) -> 0.22 | E26: =100%*свод!P63 -> 0.2 | F26: =5%*'4.1'!F62 -> 0.05 | G26: =10%*SUM(свод!S63:V63) -> 0.1 | H26: =10%*SUM(свод!W63:Z63) -> 0.1 | I26: =0.2*SUM(свод!AA63:AB63) -> 0.04 | J26: =SUM(C26:I26)*100 -> 71 | K26: =IF(OR(J26>=$C$2),$B$2,IF(AND(J26>=$C$3,J26<$C$2),$B$3,IF(AND(J26>=$C$4,J26<$C$3),$B$4,$B$5))) -> удовлетворительно
A27: 19 | B27: УФК ПО ОМСКОЙ ОБЛАСТИ | C27: =10%*свод!C62 -> 0 | D27: =40%*SUM(свод!D62:O62) -> 0.18 | E27: =100%*свод!P62 -> 0.2 | F27: =5%*'4.1'!F61 -> 0.05 | G27: =10%*SUM(свод!S62:V62) -> 0.1 | H27: =10%*SUM(свод!W62:Z62) -> 0.1 | I27: =0.2*SUM(свод!AA62:AB62) -> 0.08 | J27: =SUM(C27:I27)*100 -> 71 | K27: =IF(OR(J27>=$C$2),$B$2,IF(AND(J27>=$C$3,J27<$C$2),$B$3,IF(AND(J27>=$C$4,J27<$C$3),$B$4,$B$5))) -> удовлетворительно
A28: 20 | B28: МЕЖРЕГИОНАЛЬНОЕ ОПЕРАЦИОННОЕ УФК | C28: =10%*свод!C90 -> 0 | D28: =40%*SUM(свод!D90:O90) -> 0.2 | E28: =100%*свод!P90 -> 0.2 | F28: =5%*'4.1'!F89 -> 0.05 | G28: =10%*SUM(свод!S90:V90) -> 0.1 | H28: =10%*SUM(свод!W90:Z90) -> 0.07 | I28: =0.2*SUM(свод!AA90:AB90) -> 0.08 | J28: =SUM(C28:I28)*100 -> 70 | K28: =IF(OR(J28>=$C$2),$B$2,IF(AND(J28>=$C$3,J28<$C$2),$B$3,IF(AND(J28>=$C$4,J28<$C$3),$B$4,$B$5))) -> неудовлетворительно
A29: 21 | B29: УФК ПО РЕСПУБЛИКЕ БУРЯТИЯ | C29: =10%*свод!C9 -> 0 | D29: =40%*SUM(свод!D9:O9) -> 0.22 | E29: =100%*свод!P9 -> 0.2 | F29: =5%*'4.1'!F8 -> 0 | G29: =10%*SUM(свод!S9:V9) -> 0.1 | H29: =10%*SUM(свод!W9:Z9) -> 0.1 | I29: =0.2*SUM(свод!AA9:AB9) -> 0.08 | J29: =SUM(C29:I29)*100 -> 70 | K29: =IF(OR(J29>=$C$2),$B$2,IF(AND(J29>=$C$3,J29<$C$2),$B$3,IF(AND(J29>=$C$4,J29<$C$3),$B$4,$B$5))) -> неудовлетворительно
A30: 22 | B30: УФК ПО КАЛИНИНГРАДСКОЙ ОБЛАСТИ | C30: =10%*свод!C47 -> 0 | D30: =40%*SUM(свод!D47:O47) -> 0.22 | E30: =100%*свод!P47 -> 0.2 | F30: =5%*'4.1'!F46 -> 0 | G30: =10%*SUM(свод!S47:V47) -> 0.1 | H30: =10%*SUM(свод!W47:Z47) -> 0.1 | I30: =0.2*SUM(свод!AA47:AB47) -> 0.08 | J30: =SUM(C30:I30)*100 -> 70 | K30: =IF(OR(J30>=$C$2),$B$2,IF(AND(J30>=$C$3,J30<$C$2),$B$3,IF(AND(J30>=$C$4,J30<$C$3),$B$4,$B$5))) -> неудовлетворительно
A31: 23 | B31: УФК ПО САМАРСКОЙ ОБЛАСТИ | C31: =10%*свод!C69 -> 0 | D31: =40%*SUM(свод!D69:O69) -> 0.22 | E31: =100%*свод!P69 -> 0.2 | F31: =5%*'4.1'!F68 -> 0 | G31: =10%*SUM(свод!S69:V69) -> 0.1 | H31: =10%*SUM(свод!W69:Z69) -> 0.1 | I31: =0.2*SUM(свод!AA69:AB69) -> 0.08 | J31: =SUM(C31:I31)*100 -> 70 | K31: =IF(OR(J31>=$C$2),$B$2,IF(AND(J31>=$C$3,J31<$C$2),$B$3,IF(AND(J31>=$C$4,J31<$C$3),$B$4,$B$5))) -> неудовлетворительно
A32: 24 | B32: УФК ПО ОРЛОВСКОЙ ОБЛАСТИ | C32: =10%*свод!C64 -> 0 | D32: =40%*SUM(свод!D64:O64) -> 0.18 | E32: =100%*свод!P64 -> 0.2 | F32: =5%*'4.1'!F63 -> 0.05 | G32: =10%*SUM(свод!S64:V64) -> 0.1 | H32: =10%*SUM(свод!W64:Z64) -> 0.08 | I32: =0.2*SUM(свод!AA64:AB64) -> 0.08 | J32: =SUM(C32:I32)*100 -> 69 | K32: =IF(OR(J32>=$C$2),$B$2,IF(AND(J32>=$C$3,J32<$C$2),$B$3,IF(AND(J32>=$C$4,J32<$C$3),$B$4,$B$5))) -> неудовлетворительно
A33: 25 | B33: УФК ПО СТАВРОПОЛЬСКОМУ КРАЮ | C33: =10%*свод!C34 -> 0 | D33: =40%*SUM(свод!D34:O34) -> 0.16 | E33: =100%*свод!P34 -> 0.2 | F33: =5%*'4.1'!F33 -> 0.05 | G33: =10%*SUM(свод!S34:V34) -> 0.1 | H33: =10%*SUM(свод!W34:Z34) -> 0.1 | I33: =0.2*SUM(свод!AA34:AB34) -> 0.08 | J33: =SUM(C33:I33)*100 -> 69 | K33: =IF(OR(J33>=$C$2),$B$2,IF(AND(J33>=$C$3,J33<$C$2),$B$3,IF(AND(J33>=$C$4,J33<$C$3),$B$4,$B$5))) -> неудовлетворительно
A34: 26 | B34: УФК ПО УЛЬЯНОВСКОЙ ОБЛАСТИ | C34: =10%*свод!C79 -> 0 | D34: =40%*SUM(свод!D79:O79) -> 0.22 | E34: =100%*свод!P79 -> 0.2 | F34: =5%*'4.1'!F78 -> 0.05 | G34: =10%*SUM(свод!S79:V79) -> 0.08 | H34: =10%*SUM(свод!W79:Z79) -> 0.1 | I34: =0.2*SUM(свод!AA79:AB79) -> 0.04 | J34: =SUM(C34:I34)*100 -> 69 | K34: =IF(OR(J34>=$C$2),$B$2,IF(AND(J34>=$C$3,J34<$C$2),$B$3,IF(AND(J34>=$C$4,J34<$C$3),$B$4,$B$5))) -> неудовлетворительно
A35: 27 | B35: УФК ПО ЯРОСЛАВСКОЙ ОБЛАСТИ | C35: =10%*свод!C81 -> 0 | D35: =40%*SUM(свод!D81:O81) -> 0.18 | E35: =100%*свод!P81 -> 0.2 | F35: =5%*'4.1'!F80 -> 0.05 | G35: =10%*SUM(свод!S81:V81) -> 0.08 | H35: =10%*SUM(свод!W81:Z81) -> 0.1 | I35: =0.2*SUM(свод!AA81:AB81) -> 0.08 | J35: =SUM(C35:I35)*100 -> 69 | K35: =IF(OR(J35>=$C$2),$B$2,IF(AND(J35>=$C$3,J35<$C$2),$B$3,IF(AND(J35>=$C$4,J35<$C$3),$B$4,$B$5))) -> неудовлетворительно
A36: 28 | B36: УФК ПО РЕСПУБЛИКЕ МОРДОВИЯ | C36: =10%*свод!C18 -> 0 | D36: =40%*SUM(свод!D18:O18) -> 0.2 | E36: =100%*свод!P18 -> 0.2 | F36: =5%*'4.1'!F17 -> 0 | G36: =10%*SUM(свод!S18:V18) -> 0.1 | H36: =10%*SUM(свод!W18:Z18) -> 0.1 | I36: =0.2*SUM(свод!AA18:AB18) -> 0.08 | J36: =SUM(C36:I36)*100 -> 68 | K36: =IF(OR(J36>=$C$2),$B$2,IF(AND(J36>=$C$3,J36<$C$2),$B$3,IF(AND(J36>=$C$4,J36<$C$3),$B$4,$B$5))) -> неудовлетворительно
A37: 29 | B37: УФК ПО ВЛАДИМИРСКОЙ ОБЛАСТИ | C37: =10%*свод!C41 -> 0 | D37: =40%*SUM(свод!D41:O41) -> 0.2 | E37: =100%*свод!P41 -> 0.2 | F37: =5%*'4.1'!F40 -> 0.05 | G37: =10%*SUM(свод!S41:V41) -> 0.08 | H37: =10%*SUM(свод!W41:Z41) -> 0.07 | I37: =0.2*SUM(свод!AA41:AB41) -> 0.08 | J37: =SUM(C37:I37)*100 -> 68 | K37: =IF(OR(J37>=$C$2),$B$2,IF(AND(J37>=$C$3,J37<$C$2),$B$3,IF(AND(J37>=$C$4,J37<$C$3),$B$4,$B$5))) -> неудовлетворительно
A38: 30 | B38: УФК ПО ТОМСКОЙ ОБЛАСТИ | C38: =10%*свод!C76 -> 0 | D38: =40%*SUM(свод!D76:O76) -> 0.16 | E38: =100%*свод!P76 -> 0.2 | F38: =5%*'4.1'!F75 -> 0.05 | G38: =10%*SUM(свод!S76:V76) -> 0.1 | H38: =10%*SUM(свод!W76:Z76) -> 0.085 | I38: =0.2*SUM(свод!AA76:AB76) -> 0.08 | J38: =SUM(C38:I38)*100 -> 67.5 | K38: =IF(OR(J38>=$C$2),$B$2,IF(AND(J38>=$C$3,J38<$C$2),$B$3,IF(AND(J38>=$C$4,J38<$C$3),$B$4,$B$5))) -> неудовлетворительно
A39: 31 | B39: УФК ПО РЯЗАНСКОЙ ОБЛАСТИ | C39: =10%*свод!C68 -> 0 | D39: =40%*SUM(свод!D68:O68) -> 0.16 | E39: =100%*свод!P68 -> 0.2 | F39: =5%*'4.1'!F67 -> 0.05 | G39: =10%*SUM(свод!S68:V68) -> 0.1 | H39: =10%*SUM(свод!W68:Z68) -> 0.08 | I39: =0.2*SUM(свод!AA68:AB68) -> 0.08 | J39: =SUM(C39:I39)*100 -> 67 | K39: =IF(OR(J39>=$C$2),$B$2,IF(AND(J39>=$C$3,J39<$C$2),$B$3,IF(AND(J39>=$C$4,J39<$C$3),$B$4,$B$5))) -> неудовлетворительно
A40: 32 | B40: УФК ПО НИЖЕГОРОДСКОЙ ОБЛАСТИ | C40: =10%*свод!C59 -> 0 | D40: =40%*SUM(свод!D59:O59) -> 0.14 | E40: =100%*свод!P59 -> 0.2 | F40: =5%*'4.1'!F58 -> 0.05 | G40: =10%*SUM(свод!S59:V59) -> 0.1 | H40: =10%*SUM(свод!W59:Z59) -> 0.1 | I40: =0.2*SUM(свод!AA59:AB59) -> 0.08 | J40: =SUM(C40:I40)*100 -> 67 | K40: =IF(OR(J40>=$C$2),$B$2,IF(AND(J40>=$C$3,J40<$C$2),$B$3,IF(AND(J40>=$C$4,J40<$C$3),$B$4,$B$5))) -> неудовлетворительно
A41: 33 | B41: УФК ПО ТАМБОВСКОЙ ОБЛАСТИ | C41: =10%*свод!C74 -> 0 | D41: =40%*SUM(свод!D74:O74) -> 0.14 | E41: =100%*свод!P74 -> 0.2 | F41: =5%*'4.1'!F73 -> 0.05 | G41: =10%*SUM(свод!S74:V74) -> 0.1 | H41: =10%*SUM(свод!W74:Z74) -> 0.1 | I41: =0.2*SUM(свод!AA74:AB74) -> 0.08 | J41: =SUM(C41:I41)*100 -> 67 | K41: =IF(OR(J41>=$C$2),$B$2,IF(AND(J41>=$C$3,J41<$C$2),$B$3,IF(AND(J41>=$C$4,J41<$C$3),$B$4,$B$5))) -> неудовлетворительно
A42: 34 | B42: УФК ПО КУРСКОЙ ОБЛАСТИ | C42: =10%*свод!C53 -> 0 | D42: =40%*SUM(свод!D53:O53) -> 0.18 | E42: =100%*свод!P53 -> 0.2 | F42: =5%*'4.1'!F52 -> 0.05 | G42: =10%*SUM(свод!S53:V53) -> 0.1 | H42: =10%*SUM(свод!W53:Z53) -> 0.1 | I42: =0.2*SUM(свод!AA53:AB53) -> 0.04 | J42: =SUM(C42:I42)*100 -> 67 | K42: =IF(OR(J42>=$C$2),$B$2,IF(AND(J42>=$C$3,J42<$C$2),$B$3,IF(AND(J42>=$C$4,J42<$C$3),$B$4,$B$5))) -> неудовлетворительно
A43: 35 | B43: УФК ПО АСТРАХАНСКОЙ ОБЛАСТИ | C43: =10%*свод!C38 -> 0 | D43: =40%*SUM(свод!D38:O38) -> 0.22 | E43: =100%*свод!P38 -> 0.2 | F43: =5%*'4.1'!F37 -> 0 | G43: =10%*SUM(свод!S38:V38) -> 0.1 | H43: =10%*SUM(свод!W38:Z38) -> 0.1 | I43: =0.2*SUM(свод!AA38:AB38) -> 0.04 | J43: =SUM(C43:I43)*100 -> 66 | K43: =IF(OR(J43>=$C$2),$B$2,IF(AND(J43>=$C$3,J43<$C$2),$B$3,IF(AND(J43>=$C$4,J43<$C$3),$B$4,$B$5))) -> неудовлетворительно
A44: 36 | B44: УФК ПО РЕСПУБЛИКЕ КОМИ | C44: =10%*свод!C16 -> 0 | D44: =40%*SUM(свод!D16:O16) -> 0.22 | E44: =100%*свод!P16 -> 0.2 | F44: =5%*'4.1'!F15 -> 0.05 | G44: =10%*SUM(свод!S16:V16) -> 0.1 | H44: =10%*SUM(свод!W16:Z16) -> 0.05 | I44: =0.2*SUM(свод!AA16:AB16) -> 0.04 | J44: =SUM(C44:I44)*100 -> 66 | K44: =IF(OR(J44>=$C$2),$B$2,IF(AND(J44>=$C$3,J44<$C$2),$B$3,IF(AND(J44>=$C$4,J44<$C$3),$B$4,$B$5))) -> неудовлетворительно
A45: 37 | B45: УФК ПО КРАСНОЯРСКОМУ КРАЮ | C45: =10%*свод!C31 -> 0 | D45: =40%*SUM(свод!D31:O31) -> 0.16 | E45: =100%*свод!P31 -> 0.2 | F45: =5%*'4.1'!F30 -> 0.05 | G45: =10%*SUM(свод!S31:V31) -> 0.1 | H45: =10%*SUM(свод!W31:Z31) -> 0.07 | I45: =0.2*SUM(свод!AA31:AB31) -> 0.08 | J45: =SUM(C45:I45)*100 -> 66 | K45: =IF(OR(J45>=$C$2),$B$2,IF(AND(J45>=$C$3,J45<$C$2),$B$3,IF(AND(J45>=$C$4,J45<$C$3),$B$4,$B$5))) -> неудовлетворительно
A46: 38 | B46: УФК ПО САРАТОВСКОЙ ОБЛАСТИ | C46: =10%*свод!C70 -> 0 | D46: =40%*SUM(свод!D70:O70) -> 0.16 | E46: =100%*свод!P70 -> 0.2 | F46: =5%*'4.1'!F69 -> 0.05 | G46: =10%*SUM(свод!S70:V70) -> 0.1 | H46: =10%*SUM(свод!W70:Z70) -> 0.1 | I46: =0.2*SUM(свод!AA70:AB70) -> 0.04 | J46: =SUM(C46:I46)*100 -> 65 | K46: =IF(OR(J46>=$C$2),$B$2,IF(AND(J46>=$C$3,J46<$C$2),$B$3,IF(AND(J46>=$C$4,J46<$C$3),$B$4,$B$5))) -> неудовлетворительно
A47: 39 | B47: УФК ПО РЕСПУБЛИКЕ АЛТАЙ | C47: =10%*свод!C7 -> 0.05 | D47: =40%*SUM(свод!D7:O7) -> 0.28 | E47: =100%*свод!P7 -> 0 | F47: =5%*'4.1'!F6 -> 0.05 | G47: =10%*SUM(свод!S7:V7) -> 0.08 | H47: =10%*SUM(свод!W7:Z7) -> 0.1 | I47: =0.2*SUM(свод!AA7:AB7) -> 0.08 | J47: =SUM(C47:I47)*100 -> 64 | K47: =IF(OR(J47>=$C$2),$B$2,IF(AND(J47>=$C$3,J47<$C$2),$B$3,IF(AND(J47>=$C$4,J47<$C$3),$B$4,$B$5))) -> неудовлетворительно
A48: 40 | B48: УФК ПО КУРГАНСКОЙ ОБЛАСТИ | C48: =10%*свод!C52 -> 0 | D48: =40%*SUM(свод!D52:O52) -> 0.22 | E48: =100%*свод!P52 -> 0.2 | F48: =5%*'4.1'!F51 -> 0.05 | G48: =10%*SUM(свод!S52:V52) -> 0.08 | H48: =10%*SUM(свод!W52:Z52) -> 0.05 | I48: =0.2*SUM(свод!AA52:AB52) -> 0.04 | J48: =SUM(C48:I48)*100 -> 64 | K48: =IF(OR(J48>=$C$2),$B$2,IF(AND(J48>=$C$3,J48<$C$2),$B$3,IF(AND(J48>=$C$4,J48<$C$3),$B$4,$B$5))) -> неудовлетворительно
A49: 41 | B49: УФК ПО Г. САНКТ-ПЕТЕРБУРГУ | C49: =10%*свод!C83 -> 0 | D49: =40%*SUM(свод!D83:O83) -> 0.16 | E49: =100%*свод!P83 -> 0.2 | F49: =5%*'4.1'!F82 -> 0.05 | G49: =10%*SUM(свод!S83:V83) -> 0.1 | H49: =10%*SUM(свод!W83:Z83) -> 0.085 | I49: =0.2*SUM(свод!AA83:AB83) -> 0.04 | J49: =SUM(C49:I49)*100 -> 63.5 | K49: =IF(OR(J49>=$C$2),$B$2,IF(AND(J49>=$C$3,J49<$C$2),$B$3,IF(AND(J49>=$C$4,J49<$C$3),$B$4,$B$5))) -> неудовлетворительно
A50: 42 | B50: УФК ПО РЕСПУБЛИКЕ КАРЕЛИЯ | C50: =10%*свод!C15 -> 0 | D50: =40%*SUM(свод!D15:O15) -> 0.2 | E50: =100%*свод!P15 -> 0.2 | F50: =5%*'4.1'!F14 -> 0.05 | G50: =10%*SUM(свод!S15:V15) -> 0.1 | H50: =10%*SUM(свод!W15:Z15) -> 0.085 | I50: =0.2*SUM(свод!AA15:AB15) -> 0 | J50: =SUM(C50:I50)*100 -> 63.5 | K50: =IF(OR(J50>=$C$2),$B$2,IF(AND(J50>=$C$3,J50<$C$2),$B$3,IF(AND(J50>=$C$4,J50<$C$3),$B$4,$B$5))) -> неудовлетворительно
A51: 43 | B51: УФК ПО РЕСПУБЛИКЕ БАШКОРТОСТАН | C51: =10%*свод!C8 -> 0 | D51: =40%*SUM(свод!D8:O8) -> 0.16 | E51: =100%*свод!P8 -> 0.2 | F51: =5%*'4.1'!F7 -> 0.05 | G51: =10%*SUM(свод!S8:V8) -> 0.1 | H51: =10%*SUM(свод!W8:Z8) -> 0.08 | I51: =0.2*SUM(свод!AA8:AB8) -> 0.04 | J51: =SUM(C51:I51)*100 -> 63 | K51: =IF(OR(J51>=$C$2),$B$2,IF(AND(J51>=$C$3,J51<$C$2),$B$3,IF(AND(J51>=$C$4,J51<$C$3),$B$4,$B$5))) -> неудовлетворительно
A52: 44 | B52: УФК ПО БЕЛГОРОДСКОЙ ОБЛАСТИ | C52: =10%*свод!C39 -> 0 | D52: =40%*SUM(свод!D39:O39) -> 0.16 | E52: =100%*свод!P39 -> 0.2 | F52: =5%*'4.1'!F38 -> 0.05 | G52: =10%*SUM(свод!S39:V39) -> 0.1 | H52: =10%*SUM(свод!W39:Z39) -> 0.08 | I52: =0.2*SUM(свод!AA39:AB39) -> 0.04 | J52: =SUM(C52:I52)*100 -> 63 | K52: =IF(OR(J52>=$C$2),$B$2,IF(AND(J52>=$C$3,J52<$C$2),$B$3,IF(AND(J52>=$C$4,J52<$C$3),$B$4,$B$5))) -> неудовлетворительно
A53: 45 | B53: УФК ПО РЕСПУБЛИКЕ КАЛМЫКИЯ | C53: =10%*свод!C13 -> 0.05 | D53: =40%*SUM(свод!D13:O13) -> 0.34 | E53: =100%*свод!P13 -> 0 | F53: =5%*'4.1'!F12 -> 0 | G53: =10%*SUM(свод!S13:V13) -> 0.1 | H53: =10%*SUM(свод!W13:Z13) -> 0.1 | I53: =0.2*SUM(свод!AA13:AB13) -> 0.04 | J53: =SUM(C53:I53)*100 -> 63 | K53: =IF(OR(J53>=$C$2),$B$2,IF(AND(J53>=$C$3,J53<$C$2),$B$3,IF(AND(J53>=$C$4,J53<$C$3),$B$4,$B$5))) -> неудовлетворительно
A54: 46 | B54: УФК ПО ПЕРМСКОМУ КРАЮ | C54: =10%*свод!C32 -> 0 | D54: =40%*SUM(свод!D32:O32) -> 0.22 | E54: =100%*свод!P32 -> 0.2 | F54: =5%*'4.1'!F31 -> 0 | G54: =10%*SUM(свод!S32:V32) -> 0.1 | H54: =10%*SUM(свод!W32:Z32) -> 0.05 | I54: =0.2*SUM(свод!AA32:AB32) -> 0.04 | J54: =SUM(C54:I54)*100 -> 61 | K54: =IF(OR(J54>=$C$2),$B$2,IF(AND(J54>=$C$3,J54<$C$2),$B$3,IF(AND(J54>=$C$4,J54<$C$3),$B$4,$B$5))) -> неудовлетворительно
A55: 47 | B55: УФК ПО ХАБАРОВСКОМУ КРАЮ | C55: =10%*свод!C35 -> 0 | D55: =40%*SUM(свод!D35:O35) -> 0.16 | E55: =100%*свод!P35 -> 0.2 | F55: =5%*'4.1'!F34 -> 0.05 | G55: =10%*SUM(свод!S35:V35) -> 0.08 | H55: =10%*SUM(свод!W35:Z35) -> 0.04 | I55: =0.2*SUM(свод!AA35:AB35) -> 0.08 | J55: =SUM(C55:I55)*100 -> 61 | K55: =IF(OR(J55>=$C$2),$B$2,IF(AND(J55>=$C$3,J55<$C$2),$B$3,IF(AND(J55>=$C$4,J55<$C$3),$B$4,$B$5))) -> неудовлетворительно
A56: 48 | B56: УФК ПО РЕСПУБЛИКЕ СЕВЕРНАЯ ОСЕТИЯ-АЛАНИЯ | C56: =10%*свод!C20 -> 0.05 | D56: =40%*SUM(свод!D20:O20) -> 0.28 | E56: =100%*свод!P20 -> 0 | F56: =5%*'4.1'!F19 -> 0.05 | G56: =10%*SUM(свод!S20:V20) -> 0.1 | H56: =10%*SUM(свод!W20:Z20) -> 0.05 | I56: =0.2*SUM(свод!AA20:AB20) -> 0.08 | J56: =SUM(C56:I56)*100 -> 61 | K56: =IF(OR(J56>=$C$2),$B$2,IF(AND(J56>=$C$3,J56<$C$2),$B$3,IF(AND(J56>=$C$4,J56<$C$3),$B$4,$B$5))) -> неудовлетворительно
A57: 49 | B57: УФК ПО Г. СЕВАСТОПОЛЮ | C57: =10%*свод!C84 -> 0.05 | D57: =40%*SUM(свод!D84:O84) -> 0.34 | E57: =100%*свод!P84 -> 0 | F57: =5%*'4.1'!F83 -> 0.05 | G57: =10%*SUM(свод!S84:V84) -> 0.1 | H57: =10%*SUM(свод!W84:Z84) -> 0.07 | I57: =0.2*SUM(свод!AA84:AB84) -> 0 | J57: =SUM(C57:I57)*100 -> 61 | K57: =IF(OR(J57>=$C$2),$B$2,IF(AND(J57>=$C$3,J57<$C$2),$B$3,IF(AND(J57>=$C$4,J57<$C$3),$B$4,$B$5))) -> неудовлетворительно
A58: 50 | B58: УФК ПО ЧЕЧЕНСКОЙ РЕСПУБЛИКЕ | C58: =10%*свод!C25 -> 0.05 | D58: =40%*SUM(свод!D25:O25) -> 0.32 | E58: =100%*свод!P25 -> 0 | F58: =5%*'4.1'!F24 -> 0.05 | G58: =10%*SUM(свод!S25:V25) -> 0.1 | H58: =10%*SUM(свод!W25:Z25) -> 0.04 | I58: =0.2*SUM(свод!AA25:AB25) -> 0.04 | J58: =SUM(C58:I58)*100 -> 60 | K58: =IF(OR(J58>=$C$2),$B$2,IF(AND(J58>=$C$3,J58<$C$2),$B$3,IF(AND(J58>=$C$4,J58<$C$3),$B$4,$B$5))) -> неудовлетворительно
A59: 51 | B59: УФК ПО КАРАЧАЕВО-ЧЕРКЕССКОЙ РЕСПУБЛИКЕ | C59: =10%*свод!C14 -> 0.05 | D59: =40%*SUM(свод!D14:O14) -> 0.28 | E59: =100%*свод!P14 -> 0 | F59: =5%*'4.1'!F13 -> 0.05 | G59: =10%*SUM(свод!S14:V14) -> 0.06 | H59: =10%*SUM(свод!W14:Z14) -> 0.07 | I59: =0.2*SUM(свод!AA14:AB14) -> 0.08 | J59: =SUM(C59:I59)*100 -> 59 | K59: =IF(OR(J59>=$C$2),$B$2,IF(AND(J59>=$C$3,J59<$C$2),$B$3,IF(AND(J59>=$C$4,J59<$C$3),$B$4,$B$5))) -> неудовлетворительно
A60: 52 | B60: УФК ПО МУРМАНСКОЙ ОБЛАСТИ | C60: =10%*свод!C58 -> 0 | D60: =40%*SUM(свод!D58:O58) -> 0.18 | E60: =100%*свод!P58 -> 0.2 | F60: =5%*'4.1'!F57 -> 0 | G60: =10%*SUM(свод!S58:V58) -> 0.1 | H60: =10%*SUM(свод!W58:Z58) -> 0.07 | I60: =0.2*SUM(свод!AA58:AB58) -> 0.04 | J60: =SUM(C60:I60)*100 -> 59 | K60: =IF(OR(J60>=$C$2),$B$2,IF(AND(J60>=$C$3,J60<$C$2),$B$3,IF(AND(J60>=$C$4,J60<$C$3),$B$4,$B$5))) -> неудовлетворительно
A61: 53 | B61: УФК ПО САХАЛИНСКОЙ ОБЛАСТИ | C61: =10%*свод!C71 -> 0.05 | D61: =40%*SUM(свод!D71:O71) -> 0.32 | E61: =100%*свод!P71 -> 0 | F61: =5%*'4.1'!F70 -> 0.05 | G61: =10%*SUM(свод!S71:V71) -> 0.1 | H61: =10%*SUM(свод!W71:Z71) -> 0.02 | I61: =0.2*SUM(свод!AA71:AB71) -> 0.04 | J61: =SUM(C61:I61)*100 -> 58 | K61: =IF(OR(J61>=$C$2),$B$2,IF(AND(J61>=$C$3,J61<$C$2),$B$3,IF(AND(J61>=$C$4,J61<$C$3),$B$4,$B$5))) -> неудовлетворительно
A62: 54 | B62: УФК ПО РЕСПУБЛИКЕ ТАТАРСТАН | C62: =10%*свод!C21 -> 0 | D62: =40%*SUM(свод!D21:O21) -> 0.14 | E62: =100%*свод!P21 -> 0.2 | F62: =5%*'4.1'!F20 -> 0.05 | G62: =10%*SUM(свод!S21:V21) -> 0.08 | H62: =10%*SUM(свод!W21:Z21) -> 0.07 | I62: =0.2*SUM(свод!AA21:AB21) -> 0.04 | J62: =SUM(C62:I62)*100 -> 58 | K62: =IF(OR(J62>=$C$2),$B$2,IF(AND(J62>=$C$3,J62<$C$2),$B$3,IF(AND(J62>=$C$4,J62<$C$3),$B$4,$B$5))) -> неудовлетворительно
A63: 55 | B63: УФК ПО КРАСНОДАРСКОМУ КРАЮ | C63: =10%*свод!C30 -> 0 | D63: =40%*SUM(свод!D30:O30) -> 0.28 | E63: =100%*свод!P30 -> 0 | F63: =5%*'4.1'!F29 -> 0.05 | G63: =10%*SUM(свод!S30:V30) -> 0.1 | H63: =10%*SUM(свод!W30:Z30) -> 0.065 | I63: =0.2*SUM(свод!AA30:AB30) -> 0.08 | J63: =SUM(C63:I63)*100 -> 57.5 | K63: =IF(OR(J63>=$C$2),$B$2,IF(AND(J63>=$C$3,J63<$C$2),$B$3,IF(AND(J63>=$C$4,J63<$C$3),$B$4,$B$5))) -> неудовлетворительно
A64: 56 | B64: УФК ПО ВОРОНЕЖСКОЙ ОБЛАСТИ | C64: =10%*свод!C44 -> 0 | D64: =40%*SUM(свод!D44:O44) -> 0.28 | E64: =100%*свод!P44 -> 0 | F64: =5%*'4.1'!F43 -> 0.05 | G64: =10%*SUM(свод!S44:V44) -> 0.1 | H64: =10%*SUM(свод!W44:Z44) -> 0.1 | I64: =0.2*SUM(свод!AA44:AB44) -> 0.04 | J64: =SUM(C64:I64)*100 -> 57 | K64: =IF(OR(J64>=$C$2),$B$2,IF(AND(J64>=$C$3,J64<$C$2),$B$3,IF(AND(J64>=$C$4,J64<$C$3),$B$4,$B$5))) -> неудовлетворительно
A65: 57 | B65: УФК ПО ЧУВАШСКОЙ РЕСПУБЛИКЕ | C65: =10%*свод!C26 -> 0 | D65: =40%*SUM(свод!D26:O26) -> 0.24 | E65: =100%*свод!P26 -> 0 | F65: =5%*'4.1'!F25 -> 0.05 | G65: =10%*SUM(свод!S26:V26) -> 0.1 | H65: =10%*SUM(свод!W26:Z26) -> 0.1 | I65: =0.2*SUM(свод!AA26:AB26) -> 0.08 | J65: =SUM(C65:I65)*100 -> 57 | K65: =IF(OR(J65>=$C$2),$B$2,IF(AND(J65>=$C$3,J65<$C$2),$B$3,IF(AND(J65>=$C$4,J65<$C$3),$B$4,$B$5))) -> неудовлетворительно
A66: 58 | B66: УФК ПО РЕСПУБЛИКЕ КРЫМ | C66: =10%*свод!C85 -> 0.05 | D66: =40%*SUM(свод!D85:O85) -> 0.22 | E66: =100%*свод!P85 -> 0 | F66: =5%*'4.1'!F84 -> 0.05 | G66: =10%*SUM(свод!S85:V85) -> 0.08 | H66: =10%*SUM(свод!W85:Z85) -> 0.085 | I66: =0.2*SUM(свод!AA85:AB85) -> 0.08 | J66: =SUM(C66:I66)*100 -> 56.5 | K66: =IF(OR(J66>=$C$2),$B$2,IF(AND(J66>=$C$3,J66<$C$2),$B$3,IF(AND(J66>=$C$4,J66<$C$3),$B$4,$B$5))) -> неудовлетворительно
A67: 59 | B67: УФК ПО КАБАРДИНО-БАЛКАРСКОЙ РЕСПУБЛИКЕ | C67: =10%*свод!C12 -> 0 | D67: =40%*SUM(свод!D12:O12) -> 0.16 | E67: =100%*свод!P12 -> 0.2 | F67: =5%*'4.1'!F11 -> 0 | G67: =10%*SUM(свод!S12:V12) -> 0.08 | H67: =10%*SUM(свод!W12:Z12) -> 0.08 | I67: =0.2*SUM(свод!AA12:AB12) -> 0.04 | J67: =SUM(C67:I67)*100 -> 56 | K67: =IF(OR(J67>=$C$2),$B$2,IF(AND(J67>=$C$3,J67<$C$2),$B$3,IF(AND(J67>=$C$4,J67<$C$3),$B$4,$B$5))) -> неудовлетворительно
A68: 60 | B68: УФК ПО ЯМАЛО-НЕНЕЦКОМУ АВТОНОМНОМУ ОКРУГУ | C68: =10%*свод!C89 -> 0 | D68: =40%*SUM(свод!D89:O89) -> 0.28 | E68: =100%*свод!P89 -> 0 | F68: =5%*'4.1'!F88 -> 0.05 | G68: =10%*SUM(свод!S89:V89) -> 0.1 | H68: =10%*SUM(свод!W89:Z89) -> 0.05 | I68: =0.2*SUM(свод!AA89:AB89) -> 0.08 | J68: =SUM(C68:I68)*100 -> 56 | K68: =IF(OR(J68>=$C$2),$B$2,IF(AND(J68>=$C$3,J68<$C$2),$B$3,IF(AND(J68>=$C$4,J68<$C$3),$B$4,$B$5))) -> неудовлетворительно
A69: 61 | B69: УФК ПО РЕСПУБЛИКЕ АДЫГЕЯ | C69: =10%*свод!C6 -> 0.05 | D69: =40%*SUM(свод!D6:O6) -> 0.18 | E69: =100%*свод!P6 -> 0 | F69: =5%*'4.1'!F5 -> 0.05 | G69: =10%*SUM(свод!S6:V6) -> 0.1 | H69: =10%*SUM(свод!W6:Z6) -> 0.1 | I69: =0.2*SUM(свод!AA6:AB6) -> 0.08 | J69: =SUM(C69:I69)*100 -> 56 | K69: =IF(OR(J69>=$C$2),$B$2,IF(AND(J69>=$C$3,J69<$C$2),$B$3,IF(AND(J69>=$C$4,J69<$C$3),$B$4,$B$5))) -> неудовлетворительно
A70: 62 | B70: УФК ПО ИВАНОВСКОЙ ОБЛАСТИ | C70: =10%*свод!C45 -> 0 | D70: =40%*SUM(свод!D45:O45) -> 0.22 | E70: =100%*свод!P45 -> 0 | F70: =5%*'4.1'!F44 -> 0.05 | G70: =10%*SUM(свод!S45:V45) -> 0.1 | H70: =10%*SUM(свод!W45:Z45) -> 0.1 | I70: =0.2*SUM(свод!AA45:AB45) -> 0.08 | J70: =SUM(C70:I70)*100 -> 55 | K70: =IF(OR(J70>=$C$2),$B$2,IF(AND(J70>=$C$3,J70<$C$2),$B$3,IF(AND(J70>=$C$4,J70<$C$3),$B$4,$B$5))) -> неудовлетворительно
A71: 63 | B71: УФК ПО МОСКОВСКОЙ ОБЛАСТИ | C71: =10%*свод!C57 -> 0 | D71: =40%*SUM(свод!D57:O57) -> 0.18 | E71: =100%*свод!P57 -> 0.2 | F71: =5%*'4.1'!F56 -> 0 | G71: =10%*SUM(свод!S57:V57) -> 0.1 | H71: =10%*SUM(свод!W57:Z57) -> 0.02 | I71: =0.2*SUM(свод!AA57:AB57) -> 0.04 | J71: =SUM(C71:I71)*100 -> 54 | K71: =IF(OR(J71>=$C$2),$B$2,IF(AND(J71>=$C$3,J71<$C$2),$B$3,IF(AND(J71>=$C$4,J71<$C$3),$B$4,$B$5))) -> неудовлетворительно
A72: 64 | B72: УФК ПО ИРКУТСКОЙ ОБЛАСТИ | C72: =10%*свод!C46 -> 0 | D72: =40%*SUM(свод!D46:O46) -> 0.22 | E72: =100%*свод!P46 -> 0 | F72: =5%*'4.1'!F45 -> 0.05 | G72: =10%*SUM(свод!S46:V46) -> 0.1 | H72: =10%*SUM(свод!W46:Z46) -> 0.085 | I72: =0.2*SUM(свод!AA46:AB46) -> 0.08 | J72: =SUM(C72:I72)*100 -> 53.5 | K72: =IF(OR(J72>=$C$2),$B$2,IF(AND(J72>=$C$3,J72<$C$2),$B$3,IF(AND(J72>=$C$4,J72<$C$3),$B$4,$B$5))) -> неудовлетворительно
A73: 65 | B73: УФК ПО КЕМЕРОВСКОЙ ОБЛАСТИ | C73: =10%*свод!C49 -> 0 | D73: =40%*SUM(свод!D49:O49) -> 0.22 | E73: =100%*свод!P49 -> 0 | F73: =5%*'4.1'!F48 -> 0.05 | G73: =10%*SUM(свод!S49:V49) -> 0.1 | H73: =10%*SUM(свод!W49:Z49) -> 0.085 | I73: =0.2*SUM(свод!AA49:AB49) -> 0.08 | J73: =SUM(C73:I73)*100 -> 53.5 | K73: =IF(OR(J73>=$C$2),$B$2,IF(AND(J73>=$C$3,J73<$C$2),$B$3,IF(AND(J73>=$C$4,J73<$C$3),$B$4,$B$5))) -> неудовлетворительно
A74: 66 | B74: УФК ПО ПРИМОРСКОМУ КРАЮ | C74: =10%*свод!C33 -> 0 | D74: =40%*SUM(свод!D33:O33) -> 0.22 | E74: =100%*свод!P33 -> 0 | F74: =5%*'4.1'!F32 -> 0.05 | G74: =10%*SUM(свод!S33:V33) -> 0.1 | H74: =10%*SUM(свод!W33:Z33) -> 0.085 | I74: =0.2*SUM(свод!AA33:AB33) -> 0.08 | J74: =SUM(C74:I74)*100 -> 53.5 | K74: =IF(OR(J74>=$C$2),$B$2,IF(AND(J74>=$C$3,J74<$C$2),$B$3,IF(AND(J74>=$C$4,J74<$C$3),$B$4,$B$5))) -> неудовлетворительно
A75: 67 | B75: УФК ПО ТУЛЬСКОЙ ОБЛАСТИ | C75: =10%*свод!C77 -> 0 | D75: =40%*SUM(свод!D77:O77) -> 0.2 | E75: =100%*свод!P77 -> 0 | F75: =5%*'4.1'!F76 -> 0.05 | G75: =10%*SUM(свод!S77:V77) -> 0.1 | H75: =10%*SUM(свод!W77:Z77) -> 0.1 | I75: =0.2*SUM(свод!AA77:AB77) -> 0.08 | J75: =SUM(C75:I75)*100 -> 53 | K75: =IF(OR(J75>=$C$2),$B$2,IF(AND(J75>=$C$3,J75<$C$2),$B$3,IF(AND(J75>=$C$4,J75<$C$3),$B$4,$B$5))) -> неудовлетворительно
A76: 68 | B76: УФК ПО Г. МОСКВЕ | C76: =10%*свод!C82 -> 0 | D76: =40%*SUM(свод!D82:O82) -> 0.2 | E76: =100%*свод!P82 -> 0.2 | F76: =5%*'4.1'!F81 -> 0 | G76: =10%*SUM(свод!S82:V82) -> 0.08 | H76: =10%*SUM(свод!W82:Z82) -> 0.05 | I76: =0.2*SUM(свод!AA82:AB82) -> 0 | J76: =SUM(C76:I76)*100 -> 53 | K76: =IF(OR(J76>=$C$2),$B$2,IF(AND(J76>=$C$3,J76<$C$2),$B$3,IF(AND(J76>=$C$4,J76<$C$3),$B$4,$B$5))) -> неудовлетворительно
A77: 69 | B77: УФК ПО СВЕРДЛОВСКОЙ ОБЛАСТИ | C77: =10%*свод!C72 -> 0 | D77: =40%*SUM(свод!D72:O72) -> 0.14 | E77: =100%*свод!P72 -> 0.2 | F77: =5%*'4.1'!F71 -> 0 | G77: =10%*SUM(свод!S72:V72) -> 0.1 | H77: =10%*SUM(свод!W72:Z72) -> 0.085 | I77: =0.2*SUM(свод!AA72:AB72) -> 0 | J77: =SUM(C77:I77)*100 -> 52.5 | K77: =IF(OR(J77>=$C$2),$B$2,IF(AND(J77>=$C$3,J77<$C$2),$B$3,IF(AND(J77>=$C$4,J77<$C$3),$B$4,$B$5))) -> неудовлетворительно
A78: 70 | B78: УФК ПО ПЕНЗЕНСКОЙ ОБЛАСТИ | C78: =10%*свод!C65 -> 0 | D78: =40%*SUM(свод!D65:O65) -> 0.22 | E78: =100%*свод!P65 -> 0 | F78: =5%*'4.1'!F64 -> 0.05 | G78: =10%*SUM(свод!S65:V65) -> 0.1 | H78: =10%*SUM(свод!W65:Z65) -> 0.1 | I78: =0.2*SUM(свод!AA65:AB65) -> 0.04 | J78: =SUM(C78:I78)*100 -> 51 | K78: =IF(OR(J78>=$C$2),$B$2,IF(AND(J78>=$C$3,J78<$C$2),$B$3,IF(AND(J78>=$C$4,J78<$C$3),$B$4,$B$5))) -> неудовлетворительно
A79: 71 | B79: УФК ПО РЕСПУБЛИКЕ МАРИЙ ЭЛ | C79: =10%*свод!C17 -> 0 | D79: =40%*SUM(свод!D17:O17) -> 0.22 | E79: =100%*свод!P17 -> 0 | F79: =5%*'4.1'!F16 -> 0.05 | G79: =10%*SUM(свод!S17:V17) -> 0.1 | H79: =10%*SUM(свод!W17:Z17) -> 0.1 | I79: =0.2*SUM(свод!AA17:AB17) -> 0.04 | J79: =SUM(C79:I79)*100 -> 51 | K79: =IF(OR(J79>=$C$2),$B$2,IF(AND(J79>=$C$3,J79<$C$2),$B$3,IF(AND(J79>=$C$4,J79<$C$3),$B$4,$B$5))) -> неудовлетворительно
A80: 72 | B80: УФК ПО ПСКОВСКОЙ ОБЛАСТИ | C80: =10%*свод!C66 -> 0 | D80: =40%*SUM(свод!D66:O66) -> 0.22 | E80: =100%*свод!P66 -> 0 | F80: =5%*'4.1'!F65 -> 0.05 | G80: =10%*SUM(свод!S66:V66) -> 0.1 | H80: =10%*SUM(свод!W66:Z66) -> 0.05 | I80: =0.2*SUM(свод!AA66:AB66) -> 0.08 | J80: =SUM(C80:I80)*100 -> 50 | K80: =IF(OR(J80>=$C$2),$B$2,IF(AND(J80>=$C$3,J80<$C$2),$B$3,IF(AND(J80>=$C$4,J80<$C$3),$B$4,$B$5))) -> неудовлетворительно
A81: 73 | B81: УФК ПО ВОЛОГОДСКОЙ ОБЛАСТИ | C81: =10%*свод!C43 -> 0 | D81: =40%*SUM(свод!D43:O43) -> 0.22 | E81: =100%*свод!P43 -> 0 | F81: =5%*'4.1'!F42 -> 0.05 | G81: =10%*SUM(свод!S43:V43) -> 0.08 | H81: =10%*SUM(свод!W43:Z43) -> 0.07 | I81: =0.2*SUM(свод!AA43:AB43) -> 0.08 | J81: =SUM(C81:I81)*100 -> 50 | K81: =IF(OR(J81>=$C$2),$B$2,IF(AND(J81>=$C$3,J81<$C$2),$B$3,IF(AND(J81>=$C$4,J81<$C$3),$B$4,$B$5))) -> неудовлетворительно
A82: 74 | B82: УФК ПО РЕСПУБЛИКЕ САХА (ЯКУТИЯ) | C82: =10%*свод!C19 -> 0 | D82: =40%*SUM(свод!D19:O19) -> 0.22 | E82: =100%*свод!P19 -> 0 | F82: =5%*'4.1'!F18 -> 0.05 | G82: =10%*SUM(свод!S19:V19) -> 0.1 | H82: =10%*SUM(свод!W19:Z19) -> 0.05 | I82: =0.2*SUM(свод!AA19:AB19) -> 0.08 | J82: =SUM(C82:I82)*100 -> 50 | K82: =IF(OR(J82>=$C$2),$B$2,IF(AND(J82>=$C$3,J82<$C$2),$B$3,IF(AND(J82>=$C$4,J82<$C$3),$B$4,$B$5))) -> неудовлетворительно
A83: 75 | B83: УФК ПО КИРОВСКОЙ ОБЛАСТИ | C83: =10%*свод!C50 -> 0 | D83: =40%*SUM(свод!D50:O50) -> 0.22 | E83: =100%*свод!P50 -> 0 | F83: =5%*'4.1'!F49 -> 0 | G83: =10%*SUM(свод!S50:V50) -> 0.1 | H83: =10%*SUM(свод!W50:Z50) -> 0.1 | I83: =0.2*SUM(свод!AA50:AB50) -> 0.08 | J83: =SUM(C83:I83)*100 -> 50 | K83: =IF(OR(J83>=$C$2),$B$2,IF(AND(J83>=$C$3,J83<$C$2),$B$3,IF(AND(J83>=$C$4,J83<$C$3),$B$4,$B$5))) -> неудовлетворительно
A84: 76 | B84: УФК ПО РЕСПУБЛИКЕ ИНГУШЕТИЯ | C84: =10%*свод!C11 -> 0.05 | D84: =40%*SUM(свод!D11:O11) -> 0.18 | E84: =100%*свод!P11 -> 0 | F84: =5%*'4.1'!F10 -> 0.05 | G84: =10%*SUM(свод!S11:V11) -> 0.1 | H84: =10%*SUM(свод!W11:Z11) -> 0.1 | I84: =0.2*SUM(свод!AA11:AB11) -> 0 | J84: =SUM(C84:I84)*100 -> 48 | K84: =IF(OR(J84>=$C$2),$B$2,IF(AND(J84>=$C$3,J84<$C$2),$B$3,IF(AND(J84>=$C$4,J84<$C$3),$B$4,$B$5))) -> неудовлетворительно
A85: 77 | B85: УФК ПО БРЯНСКОЙ ОБЛАСТИ | C85: =10%*свод!C40 -> 0 | D85: =40%*SUM(свод!D40:O40) -> 0.16 | E85: =100%*свод!P40 -> 0 | F85: =5%*'4.1'!F39 -> 0.05 | G85: =10%*SUM(свод!S40:V40) -> 0.1 | H85: =10%*SUM(свод!W40:Z40) -> 0.08 | I85: =0.2*SUM(свод!AA40:AB40) -> 0.08 | J85: =SUM(C85:I85)*100 -> 47 | K85: =IF(OR(J85>=$C$2),$B$2,IF(AND(J85>=$C$3,J85<$C$2),$B$3,IF(AND(J85>=$C$4,J85<$C$3),$B$4,$B$5))) -> неудовлетворительно
A86: 78 | B86: УФК ПО НОВГОРОДСКОЙ ОБЛАСТИ | C86: =10%*свод!C60 -> 0 | D86: =40%*SUM(свод!D60:O60) -> 0.16 | E86: =100%*свод!P60 -> 0 | F86: =5%*'4.1'!F59 -> 0.05 | G86: =10%*SUM(свод!S60:V60) -> 0.08 | H86: =10%*SUM(свод!W60:Z60) -> 0.1 | I86: =0.2*SUM(свод!AA60:AB60) -> 0.08 | J86: =SUM(C86:I86)*100 -> 47 | K86: =IF(OR(J86>=$C$2),$B$2,IF(AND(J86>=$C$3,J86<$C$2),$B$3,IF(AND(J86>=$C$4,J86<$C$3),$B$4,$B$5))) -> неудовлетворительно
A87: 79 | B87: УФК ПО ТВЕРСКОЙ ОБЛАСТИ | C87: =10%*свод!C75 -> 0 | D87: =40%*SUM(свод!D75:O75) -> 0.22 | E87: =100%*свод!P75 -> 0 | F87: =5%*'4.1'!F74 -> 0.05 | G87: =10%*SUM(свод!S75:V75) -> 0.08 | H87: =10%*SUM(свод!W75:Z75) -> 0.07 | I87: =0.2*SUM(свод!AA75:AB75) -> 0.04 | J87: =SUM(C87:I87)*100 -> 46 | K87: =IF(OR(J87>=$C$2),$B$2,IF(AND(J87>=$C$3,J87<$C$2),$B$3,IF(AND(J87>=$C$4,J87<$C$3),$B$4,$B$5))) -> неудовлетворительно
A88: 80 | B88: УФК ПО ЛИПЕЦКОЙ ОБЛАСТИ | C88: =10%*свод!C55 -> 0 | D88: =40%*SUM(свод!D55:O55) -> 0.16 | E88: =100%*свод!P55 -> 0 | F88: =5%*'4.1'!F54 -> 0.05 | G88: =10%*SUM(свод!S55:V55) -> 0.1 | H88: =10%*SUM(свод!W55:Z55) -> 0.1 | I88: =0.2*SUM(свод!AA55:AB55) -> 0.04 | J88: =SUM(C88:I88)*100 -> 45 | K88: =IF(OR(J88>=$C$2),$B$2,IF(AND(J88>=$C$3,J88<$C$2),$B$3,IF(AND(J88>=$C$4,J88<$C$3),$B$4,$B$5))) -> неудовлетворительно
A89: 81 | B89: УФК ПО АРХАНГЕЛЬСКОЙ ОБЛАСТИ И НЕНЕЦКОМУ АВТОНОМНОМУ ОКРУГУ | C89: =10%*свод!C37 -> 0 | D89: =40%*SUM(свод!D37:O37) -> 0.22 | E89: =100%*свод!P37 -> 0 | F89: =5%*'4.1'!F36 -> 0.05 | G89: =10%*SUM(свод!S37:V37) -> 0.1 | H89: =10%*SUM(свод!W37:Z37) -> 0.05 | I89: =0.2*SUM(свод!AA37:AB37) -> 0 | J89: =SUM(C89:I89)*100 -> 42 | K89: =IF(OR(J89>=$C$2),$B$2,IF(AND(J89>=$C$3,J89<$C$2),$B$3,IF(AND(J89>=$C$4,J89<$C$3),$B$4,$B$5))) -> неудовлетворительно
A90: 82 | B90: УФК ПО ХАНТЫ-МАНСИЙСКОМУ АВТОНОМНОМУ ОКРУГУ - ЮГРЕ | C90: =10%*свод!C87 -> 0 | D90: =40%*SUM(свод!D87:O87) -> 0.22 | E90: =100%*свод!P87 -> 0 | F90: =5%*'4.1'!F86 -> 0.05 | G90: =10%*SUM(свод!S87:V87) -> 0.1 | H90: =10%*SUM(свод!W87:Z87) -> 0.04 | I90: =0.2*SUM(свод!AA87:AB87) -> 0 | J90: =SUM(C90:I90)*100 -> 41 | K90: =IF(OR(J90>=$C$2),$B$2,IF(AND(J90>=$C$3,J90<$C$2),$B$3,IF(AND(J90>=$C$4,J90<$C$3),$B$4,$B$5))) -> неудовлетворительно
A91: 83 | B91: УФК ПО ЛЕНИНГРАДСКОЙ ОБЛАСТИ | C91: =10%*свод!C54 -> 0 | D91: =40%*SUM(свод!D54:O54) -> 0.16 | E91: =100%*свод!P54 -> 0 | F91: =5%*'4.1'!F53 -> 0.05 | G91: =10%*SUM(свод!S54:V54) -> 0.1 | H91: =10%*SUM(свод!W54:Z54) -> 0.085 | I91: =0.2*SUM(свод!AA54:AB54) -> 0 | J91: =SUM(C91:I91)*100 -> 39.5 | K91: =IF(OR(J91>=$C$2),$B$2,IF(AND(J91>=$C$3,J91<$C$2),$B$3,IF(AND(J91>=$C$4,J91<$C$3),$B$4,$B$5))) -> неудовлетворительно
A92: 84 | B92: УФК ПО МАГАДАНСКОЙ ОБЛАСТИ | C92: =10%*свод!C56 -> 0 | D92: =40%*SUM(свод!D56:O56) -> 0.2 | E92: =100%*свод!P56 -> 0 | F92: =5%*'4.1'!F55 -> 0 | G92: =10%*SUM(свод!S56:V56) -> 0.1 | H92: =10%*SUM(свод!W56:Z56) -> 0.07 | I92: =0.2*SUM(свод!AA56:AB56) -> 0 | J92: =SUM(C92:I92)*100 -> 37 | K92: =IF(OR(J92>=$C$2),$B$2,IF(AND(J92>=$C$3,J92<$C$2),$B$3,IF(AND(J92>=$C$4,J92<$C$3),$B$4,$B$5))) -> неудовлетворительно
A93: 85 | B93: УФК ПО ЧУКОТСКОМУ АВТОНОМНОМУ ОКРУГУ | C93: =10%*свод!C88 -> 0 | D93: =40%*SUM(свод!D88:O88) -> 0.16 | E93: =100%*свод!P88 -> 0 | F93: =5%*'4.1'!F87 -> 0 | G93: =10%*SUM(свод!S88:V88) -> 0.1 | H93: =10%*SUM(свод!W88:Z88) -> 0.07 | I93: =0.2*SUM(свод!AA88:AB88) -> 0 | J93: =SUM(C93:I93)*100 -> 33 | K93: =IF(OR(J93>=$C$2),$B$2,IF(AND(J93>=$C$3,J93<$C$2),$B$3,IF(AND(J93>=$C$4,J93<$C$3),$B$4,$B$5))) -> неудовлетворительно

Sheet свод
A4: № п/п | B4: Наименование ТОФК | C4: 1.1 Объем ЛБО на поставку товаров, выполнение работ, оказание услуг, по которым не были в отчетном финансовом году заключены государственные контракты, коэффициент показателя - 0,50 | D4: 2.1 Объем неисполненных на конец отчетного финансового года ЛБО, коэффициент показателя - 0,15 | E4: 2.2 Объем восстановленных бюджетных обязательств ЛБО на оплату заключенных государтсвенных контрактов на поставку товаров,выполнение работ, оказание услуг, подлежащих в соответствии с условиями этих государственных контрактов оплате в отчетном финансовом году, коэффициент показателя - 0,15 | F4: 2.3 Равномерность исполнения федерального бюджета по расходам по главе 100 "Федеральное казначейство", коэффициент показателя - 0,15 | G4: 2.4 Отклонение кассовых выплат ТОФК в IV квартале отчетного периода от прогноза кассовых выплат по расходам федерального бюджета по главе 100 "Федеральное казначейство", коэффициент показателя - 0,15 | H4: 2.5 Управление кредиторской задолженностью по расчетам с поставщиками и подрядчиками, коэффициент показателя - 0,05 | I4: 2.6 Наличие и своевременность восстановления дебиторской задолженности по страховым взносам на обязательное социальное страхование на случай временной нетрудоспособности и в связи с материнством, коэффициент показателя - 0,05 | J4: 2.7 Управление дебиторской задолженностью по расчетам по налогу на имущество организаций и земельному налогу, коэффициент показателя - 0,05 | K4: 2.8 Управление кредиторской задолженностью по страховым взносам в Пенсионный фонд Российской Федерации и Федеральный фонд обязательного медицинского страхования, коэффициент показателя - 0,05 | L4: 2.9 Управление дебиторской задолженностью по налогу на доходы физических лиц, коэффициент показателя - 0,05 | M4: 2.10 Управление кредиторской задолженностью по заработной плате, коэффициент показателя - 0,05 | N4: 2.11 Наличие просроченной дебиторской задолженности, коэффициент показателя - 0,05 | O4: 2.12 Объем просроченной дебиторской задолженности, коэффициент показателя - 0,05 | P4: 3.1. Управление дебиторской задолженностью по расчетам с дебиторами (в части невыясненных поступлений), коэффициент показателя - 0,20 | Q4: 3.2. Отклонение кассовых поступлений по доходам федерального бюджета по главе 100 "Федеральное казначейство" от прогноза кассовых поступлений по доходам IV квартале отчетного периода, коэффициент показателя - 0,80 | R4: 4.1. Вступившие в законную силу судебные акты, удовлетворящих полностью или частично требования к ТОФК (в денежном выражении), коэффициент показателя - 1,00 | S4: 5.1 Отношение расходов на ремонт и техническое обслуживание к основным средствам, коэффициент показателя - 0,20 | T4: 5.2. Объем материальных запасов, коэффициент показателя - 0,20 | U4: 5.3. Своевременность представления бюджетной отчетности и формы 14, коэффициент показателя - 0,25 | V4: 5.4. Качество представления бюджетной отчетности, коэффициент показателя - 0,35 | W4: 6.1 Осуществление мероприятий внутреннего контроля, коэффициент показателя - 0,20 | X4: 6.2 Проведение инвентаризации, коэффициент показателя - 0,20 | Y4: 6.3 Объем недостач и хищений денежных средств и материальных запасов, коэффициент показателя - 0,30 | Z4: 6.4 Оценка затрат на 1 штатную единицу утвержденной предельной численности федеральных государственных гражданских служащих и работников, замещающих должности, не являющиеся должностями федеральных государственной гражданской службы, ТОФК, коэффициент показателя - 0,30 | AA4: 7.1. Своевременность направления информации и документов о заключенных государтсвенных контрактах в реестр контрактов, коэффициент показателя - 0,20 | AB4: 7.2. Своевременность направления информации и документов об исполнении государственных контрактов, коэффициент показателя - 0,20
A5: 1 | B5: 2 | C5: 3 | D5: 4 | E5: 5 | F5: 6 | G5: 7 | H5: 8 | I5: 9 | J5: 10 | K5: 11 | L5: 12 | M5: 13 | N5: 14 | O5: 15 | P5: 16 | Q5: 17 | R5: 18 | S5: 19 | T5: 20 | U5: 21 | V5: 22 | W5: 23 | X5: 24 | Y5: 25 | Z5: 26 | AA5: 27 | AB5: 28
A6: 1 | B6: УФК ПО РЕСПУБЛИКЕ АДЫГЕЯ | C6: =0.5*'1.1'!Q5 -> 0.5 | D6: =0.15*'2.1'!G5 -> 0 | E6: =0.15*'2.2'!F5 -> 0 | F6: =0.15*'2.3'!H5 -> 0 | G6: =0.15*'2.4'!AH6 -> 0.15 | H6: =0.05*'2.5'!I5 -> 0.05 | I6: =0.05*'2.6'!D5 -> 0.05 | J6: =0.05*'2.7'!D5 -> 0.05 | K6: =0.05*'2.8'!D5 -> 0.05 | L6: =0.05*'2.9'!D5 -> 0.05 | M6: =0.05*'2.10'!D5 -> 0.05 | N6: =0.05*'2.11'!D5 -> 0 | O6: =0.05*'2.12'!G5 -> 0 | P6: =0.2*'3.1'!G5 -> 0 | Q6: =0.8*'3.2'!F5 -> 0.8 | R6: =1*'4.1'!F5 -> 1 | S6: =0.2*'5.1'!F6 -> 0.2 | T6: =0.2*'5.2'!F5 -> 0.2 | U6: =0.25*'5.3'!C5 -> 0.25 | V6: =0.35*'5.4'!C5 -> 0.35 | W6: =0.2*'6.1'!C5 -> 0.2 | X6: =0.2*'6.2'!C5 -> 0.2 | Y6: =0.3*'6.3'!I5 -> 0.3 | Z6: =0.3*'6.4'!F5 -> 0.3 | AA6: =0.2*'7.1'!D5 -> 0.2 | AB6: =0.2*'7.2'!D5 -> 0.2
A7: 2 | B7: УФК ПО РЕСПУБЛИКЕ АЛТАЙ | C7: =0.5*'1.1'!Q6 -> 0.5 | D7: =0.15*'2.1'!G6 -> 0.15 | E7: =0.15*'2.2'!F6 -> 0 | F7: =0.15*'2.3'!H6 -> 0 | G7: =0.15*'2.4'!AH7 -> 0.15 | H7: =0.05*'2.5'!I6 -> 0.05 | I7: =0.05*'2.6'!D6 -> 0.05 | J7: =0.05*'2.7'!D6 -> 0.05 | K7: =0.05*'2.8'!D6 -> 0.05 | L7: =0.05*'2.9'!D6 -> 0.05 | M7: =0.05*'2.10'!D6 -> 0.05 | N7: =0.05*'2.11'!D6 -> 0.05 | O7: =0.05*'2.12'!G6 -> 0.05 | P7: =0.2*'3.1'!G6 -> 0 | Q7: =0.8*'3.2'!F6 -> 0.8 | R7: =1*'4.1'!F6 -> 1 | S7: =0.2*'5.1'!F7 -> 0.2 | T7: =0.2*'5.2'!F6 -> 0 | U7: =0.25*'5.3'!C6 -> 0.25 | V7: =0.35*'5.4'!C6 -> 0.35 | W7: =0.2*'6.1'!C6 -> 0.2 | X7: =0.2*'6.2'!C6 -> 0.2 | Y7: =0.3*'6.3'!I6 -> 0.3 | Z7: =0.3*'6.4'!F6 -> 0.3 | AA7: =0.2*'7.1'!D6 -> 0.2 | AB7: =0.2*'7.2'!D6 -> 0.2
A8: 3 | B8: УФК ПО РЕСПУБЛИКЕ БАШКОРТОСТАН | C8: =0.5*'1.1'!Q7 -> 0 | D8: =0.15*'2.1'!G7 -> 0 | E8: =0.15*'2.2'!F7 -> 0 | F8: =0.15*'2.3'!H7 -> 0 | G8: =0.15*'2.4'!AH8 -> 0 | H8: =0.05*'2.5'!I7 -> 0.05 | I8: =0.05*'2.6'!D7 -> 0.05 | J8: =0.05*'2.7'!D7 -> 0.05 | K8: =0.05*'2.8'!D7 -> 0.05 | L8: =0.05*'2.9'!D7 -> 0.05 | M8: =0.05*'2.10'!D7 -> 0.05 | N8: =0.05*'2.11'!D7 -> 0.05 | O8: =0.05*'2.12'!G7 -> 0.05 | P8: =0.2*'3.1'!G7 -> 0.2 | Q8: =0.8*'3.2'!F7 -> 0 | R8: =1*'4.1'!F7 -> 1 | S8: =0.2*'5.1'!F8 -> 0.2 | T8: =0.2*'5.2'!F7 -> 0.2 | U8: =0.25*'5.3'!C7 -> 0.25 | V8: =0.35*'5.4'!C7 -> 0.35 | W8: =0.2*'6.1'!C7 -> 0 | X8: =0.2*'6.2'!C7 -> 0.2 | Y8: =0.3*'6.3'!I7 -> 0.3 | Z8: =0.3*'6.4'!F7 -> 0.3 | AA8: =0.2*'7.1'!D7 -> 0.2 | AB8: =0.2*'7.2'!D7 -> 0
A9: 4 | B9: УФК ПО РЕСПУБЛИКЕ БУРЯТИЯ | C9: =0.5*'1.1'!Q8 -> 0 | D9: =0.15*'2.1'!G8 -> 0.15 | E9: =0.15*'2.2'!F8 -> 0 | F9: =0.15*'2.3'!H8 -> 0 | G9: =0.15*'2.4'!AH9 -> 0 | H9: =0.05*'2.5'!I8 -> 0.05 | I9: =0.05*'2.6'!D8 -> 0.05 | J9: =0.05*'2.7'!D8 -> 0.05 | K9: =0.05*'2.8'!D8 -> 0.05 | L9: =0.05*'2.9'!D8 -> 0.05 | M9: =0.05*'2.10'!D8 -> 0.05 | N9: =0.05*'2.11'!D8 -> 0.05 | O9: =0.05*'2.12'!G8 -> 0.05 | P9: =0.2*'3.1'!G8 -> 0.2 | Q9: =0.8*'3.2'!F8 -> 0 | R9: =1*'4.1'!F8 -> 0 | S9: =0.2*'5.1'!F9 -> 0.2 | T9: =0.2*'5.2'!F8 -> 0.2 | U9: =0.25*'5.3'!C8 -> 0.25 | V9: =0.35*'5.4'!C8 -> 0.35 | W9: =0.2*'6.1'!C8 -> 0.2 | X9: =0.2*'6.2'!C8 -> 0.2 | Y9: =0.3*'6.3'!I8 -> 0.3 | Z9: =0.3*'6.4'!F8 -> 0.3 | AA9: =0.2*'7.1'!D8 -> 0.2 | AB9: =0.2*'7.2'!D8 -> 0.2
A10: 5 | B10: УФК ПО РЕСПУБЛИКЕ ДАГЕСТАН | C10: =0.5*'1.1'!Q9 -> 0.5 | D10: =0.15*'2.1'!G9 -> 0.15 | E10: =0.15*'2.2'!F9 -> 0.15 | F10: =0.15*'2.3'!H9 -> 0 | G10: =0.15*'2.4'!AH10 -> 0.15 | H10: =0.05*'2.5'!I9 -> 0.05 | I10: =0.05*'2.6'!D9 -> 0.05 | J10: =0.05*'2.7'!D9 -> 0.05 | K10: =0.05*'2.8'!D9 -> 0.05 | L10: =0.05*'2.9'!D9 -> 0.05 | M10: =0.05*'2.10'!D9 -> 0.05 | N10: =0.05*'2.11'!D9 -> 0.05 | O10: =0.05*'2.12'!G9 -> 0.05 | P10: =0.2*'3.1'!G9 -> 0.2 | Q10: =0.8*'3.2'!F9 -> 0.8 | R10: =1*'4.1'!F9 -> 1 | S10: =0.2*'5.1'!F10 -> 0.2 | T10: =0.2*'5.2'!F9 -> 0 | U10: =0.25*'5.3'!C9 -> 0.25 | V10: =0.35*'5.4'!C9 -> 0.35 | W10: =0.2*'6.1'!C9 -> 0 | X10: =0.2*'6.2'!C9 -> 0.2 | Y10: =0.3*'6.3'!I9 -> 0.3 | Z10: =0.3*'6.4'!F9 -> 0.3 | AA10: =0.2*'7.1'!D9 -> 0.2 | AB10: =0.2*'7.2'!D9 -> 0.2
A11: 6 | B11: УФК ПО РЕСПУБЛИКЕ ИНГУШЕТИЯ | C11: =0.5*'1.1'!Q10 -> 0.5 | D11: =0.15*'2.1'!G10 -> 0 | E11: =0.15*'2.2'!F10 -> 0.15 | F11: =0.15*'2.3'!H10 -> 0 | G11: =0.15*'2.4'!AH11 -> 0 | H11: =0.05*'2.5'!I10 -> 0.05 | I11: =0.05*'2.6'!D10 -> 0.05 | J11: =0.05*'2.7'!D10 -> 0.05 | K11: =0.05*'2.8'!D10 -> 0.05 | L11: =0.05*'2.9'!D10 -> 0.05 | M11: =0.05*'2.10'!D10 -> 0.05 | N11: =0.05*'2.11'!D10 -> 0 | O11: =0.05*'2.12'!G10 -> 0 | P11: =0.2*'3.1'!G10 -> 0 | Q11: =0.8*'3.2'!F10 -> 0 | R11: =1*'4.1'!F10 -> 1 | S11: =0.2*'5.1'!F11 -> 0.2 | T11: =0.2*'5.2'!F10 -> 0.2 | U11: =0.25*'5.3'!C10 -> 0.25 | V11: =0.35*'5.4'!C10 -> 0.35 | W11: =0.2*'6.1'!C10 -> 0.2 | X11: =0.2*'6.2'!C10 -> 0.2 | Y11: =0.3*'6.3'!I10 -> 0.3 | Z11: =0.3*'6.4'!F10 -> 0.3 | AA11: =0.2*'7.1'!D10 -> 0 | AB11: =0.2*'7.2'!D10 -> 0
A12: 7 | B12: УФК ПО КАБАРДИНО-БАЛКАРСКОЙ РЕСПУБЛИКЕ | C12: =0.5*'1.1'!Q11 -> 0 | D12: =0.15*'2.1'!G11 -> 0 | E12: =0.15*'2.2'!F11 -> 0 | F12: =0.15*'2.3'!H11 -> 0 | G12: =0.15*'2.4'!AH12 -> 0 | H12: =0.05*'2.5'!I11 -> 0.05 | I12: =0.05*'2.6'!D11 -> 0.05 | J12: =0.05*'2.7'!D11 -> 0.05 | K12: =0.05*'2.8'!D11 -> 0.05 | L12: =0.05*'2.9'!D11 -> 0.05 | M12: =0.05*'2.10'!D11 -> 0.05 | N12: =0.05*'2.11'!D11 -> 0.05 | O12: =0.05*'2.12'!G11 -> 0.05 | P12: =0.2*'3.1'!G11 -> 0.2 | Q12: =0.8*'3.2'!F11 -> 0 | R12: =1*'4.1'!F11 -> 0 | S12: =0.2*'5.1'!F12 -> 0.2 | T12: =0.2*'5.2'!F11 -> 0 | U12: =0.25*'5.3'!C11 -> 0.25 | V12: =0.35*'5.4'!C11 -> 0.35 | W12: =0.2*'6.1'!C11 -> 0 | X12: =0.2*'6.2'!C11 -> 0.2 | Y12: =0.3*'6.3'!I11 -> 0.3 | Z12: =0.3*'6.4'!F11 -> 0.3 | AA12: =0.2*'7.1'!D11 -> 0 | AB12: =0.2*'7.2'!D11 -> 0.2
A13: 8 | B13: УФК ПО РЕСПУБЛИКЕ КАЛМЫКИЯ | C13: =0.5*'1.1'!Q12 -> 0.5 | D13: =0.15*'2.1'!G12 -> 0.15 | E13: =0.15*'2.2'!F12 -> 0.15 | F13: =0.15*'2.3'!H12 -> 0 | G13: =0.15*'2.4'!AH13 -> 0.15 | H13: =0.05*'2.5'!I12 -> 0.05 | I13: =0.05*'2.6'!D12 -> 0.05 | J13: =0.05*'2.7'!D12 -> 0.05 | K13: =0.05*'2.8'!D12 -> 0.05 | L13: =0.05*'2.9'!D12 -> 0.05 | M13: =0.05*'2.10'!D12 -> 0.05 | N13: =0.05*'2.11'!D12 -> 0.05 | O13: =0.05*'2.12'!G12 -> 0.05 | P13: =0.2*'3.1'!G12 -> 0 | Q13: =0.8*'3.2'!F12 -> 0 | R13: =1*'4.1'!F12 -> 0 | S13: =0.2*'5.1'!F13 -> 0.2 | T13: =0.2*'5.2'!F12 -> 0.2 | U13: =0.25*'5.3'!C12 -> 0.25 | V13: =0.35*'5.4'!C12 -> 0.35 | W13: =0.2*'6.1'!C12 -> 0.2 | X13: =0.2*'6.2'!C12 -> 0.2 | Y13: =0.3*'6.3'!I12 -> 0.3 | Z13: =0.3*'6.4'!F12 -> 0.3 | AA13: =0.2*'7.1'!D12 -> 0.2 | AB13: =0.2*'7.2'!D12 -> 0
A14: 9 | B14: УФК ПО КАРАЧАЕВО-ЧЕРКЕССКОЙ РЕСПУБЛИКЕ | C14: =0.5*'1.1'!Q13 -> 0.5 | D14: =0.15*'2.1'!G13 -> 0.15 | E14: =0.15*'2.2'!F13 -> 0.15 | F14: =0.15*'2.3'!H13 -> 0 | G14: =0.15*'2.4'!AH14 -> 0 | H14: =0.05*'2.5'!I13 -> 0.05 | I14: =0.05*'2.6'!D13 -> 0.05 | J14: =0.05*'2.7'!D13 -> 0.05 | K14: =0.05*'2.8'!D13 -> 0.05 | L14: =0.05*'2.9'!D13 -> 0.05 | M14: =0.05*'2.10'!D13 -> 0.05 | N14: =0.05*'2.11'!D13 -> 0.05 | O14: =0.05*'2.12'!G13 -> 0.05 | P14: =0.2*'3.1'!G13 -> 0 | Q14: =0.8*'3.2'!F13 -> 0.8 | R14: =1*'4.1'!F13 -> 1 | S14: =0.2*'5.1'!F14 -> 0 | T14: =0.2*'5.2'!F13 -> 0 | U14: =0.25*'5.3'!C13 -> 0.25 | V14: =0.35*'5.4'!C13 -> 0.35 | W14: =0.2*'6.1'!C13 -> 0.2 | X14: =0.2*'6.2'!C13 -> 0.2 | Y14: =0.3*'6.3'!I13 -> 0.3 | Z14: =0.3*'6.4'!F13 -> 0 | AA14: =0.2*'7.1'!D13 -> 0.2 | AB14: =0.2*'7.2'!D13 -> 0.2
A15: 10 | B15: УФК ПО РЕСПУБЛИКЕ КАРЕЛИЯ | C15: =0.5*'1.1'!Q14 -> 0 | D15: =0.15*'2.1'!G14 -> 0 | E15: =0.15*'2.2'!F14 -> 0 | F15: =0.15*'2.3'!H14 -> 0 | G15: =0.15*'2.4'!AH15 -> 0.15 | H15: =0.05*'2.5'!I14 -> 0.05 | I15: =0.05*'2.6'!D14 -> 0.05 | J15: =0.05*'2.7'!D14 -> 0.05 | K15: =0.05*'2.8'!D14 -> 0.05 | L15: =0.05*'2.9'!D14 -> 0.05 | M15: =0.05*'2.10'!D14 -> 0.05 | N15: =0.05*'2.11'!D14 -> 0.05 | O15: =0.05*'2.12'!G14 -> 0 | P15: =0.2*'3.1'!G14 -> 0.2 | Q15: =0.8*'3.2'!F14 -> 0 | R15: =1*'4.1'!F14 -> 1 | S15: =0.2*'5.1'!F15 -> 0.2 | T15: =0.2*'5.2'!F14 -> 0.2 | U15: =0.25*'5.3'!C14 -> 0.25 | V15: =0.35*'5.4'!C14 -> 0.35 | W15: =0.2*'6.1'!C14 -> 0.2 | X15: =0.2*'6.2'!C14 -> 0.2 | Y15: =0.3*'6.3'!I14 -> 0.3 | Z15: =0.3*'6.4'!F14 -> 0.15 | AA15: =0.2*'7.1'!D14 -> 0 | AB15: =0.2*'7.2'!D14 -> 0
A16: 11 | B16: УФК ПО РЕСПУБЛИКЕ КОМИ | C16: =0.5*'1.1'!Q15 -> 0 | D16: =0.15*'2.1'!G15 -> 0 | E16: =0.15*'2.2'!F15 -> 0 | F16: =0.15*'2.3'!H15 -> 0 | G16: =0.15*'2.4'!AH16 -> 0.15 | H16: =0.05*'2.5'!I15 -> 0.05 | I16: =0.05*'2.6'!D15 -> 0.05 | J16: =0.05*'2.7'!D15 -> 0.05 | K16: =0.05*'2.8'!D15 -> 0.05 | L16: =0.05*'2.9'!D15 -> 0.05 | M16: =0.05*'2.10'!D15 -> 0.05 | N16: =0.05*'2.11'!D15 -> 0.05 | O16: =0.05*'2.12'!G15 -> 0.05 | P16: =0.2*'3.1'!G15 -> 0.2 | Q16: =0.8*'3.2'!F15 -> 0 | R16: =1*'4.1'!F15 -> 1 | S16: =0.2*'5.1'!F16 -> 0.2 | T16: =0.2*'5.2'!F15 -> 0.2 | U16: =0.25*'5.3'!C15 -> 0.25 | V16: =0.35*'5.4'!C15 -> 0.35 | W16: =0.2*'6.1'!C15 -> 0 | X16: =0.2*'6.2'!C15 -> 0.2 | Y16: =0.3*'6.3'!I15 -> 0.3 | Z16: =0.3*'6.4'!F15 -> 0 | AA16: =0.2*'7.1'!D15 -> 0.2 | AB16: =0.2*'7.2'!D15 -> 0
A17: 12 | B17: УФК ПО РЕСПУБЛИКЕ МАРИЙ ЭЛ | C17: =0.5*'1.1'!Q16 -> 0 | D17: =0.15*'2.1'!G16 -> 0 | E17: =0.15*'2.2'!F16 -> 0 | F17: =0.15*'2.3'!H16 -> 0 | G17: =0.15*'2.4'!AH17 -> 0.15 | H17: =0.05*'2.5'!I16 -> 0.05 | I17: =0.05*'2.6'!D16 -> 0.05 | J17: =0.05*'2.7'!D16 -> 0.05 | K17: =0.05*'2.8'!D16 -> 0.05 | L17: =0.05*'2.9'!D16 -> 0.05 | M17: =0.05*'2.10'!D16 -> 0.05 | N17: =0.05*'2.11'!D16 -> 0.05 | O17: =0.05*'2.12'!G16 -> 0.05 | P17: =0.2*'3.1'!G16 -> 0 | Q17: =0.8*'3.2'!F16 -> 0 | R17: =1*'4.1'!F16 -> 1 | S17: =0.2*'5.1'!F17 -> 0.2 | T17: =0.2*'5.2'!F16 -> 0.2 | U17: =0.25*'5.3'!C16 -> 0.25 | V17: =0.35*'5.4'!C16 -> 0.35 | W17: =0.2*'6.1'!C16 -> 0.2 | X17: =0.2*'6.2'!C16 -> 0.2 | Y17: =0.3*'6.3'!I16 -> 0.3 | Z17: =0.3*'6.4'!F16 -> 0.3 | AA17: =0.2*'7.1'!D16 -> 0 | AB17: =0.2*'7.2'!D16 -> 0.2
... A90: 85 | B90: МЕЖРЕГИОНАЛЬНОЕ ОПЕРАЦИОННОЕ УФК | C90: =0.5*'1.1'!Q89 -> 0 | D90: =0.15*'2.1'!G89 -> 0 | E90: =0.15*'2.2'!F89 -> 0 | F90: =0.15*'2.3'!H89 -> 0 | G90: =0.15*'2.4'!AH90 -> 0.15 | H90: =0.05*'2.5'!I89 -> 0.05 | I90: =0.05*'2.6'!D89 -> 0 | J90: =0.05*'2.7'!D89 -> 0.05 | K90: =0.05*'2.8'!D89 -> 0.05 | L90: =0.05*'2.9'!D89 -> 0.05 | M90: =0.05*'2.10'!D89 -> 0.05 | N90: =0.05*'2.11'!D89 -> 0.05 | O90: =0.05*'2.12'!G89 -> 0.05 | P90: =0.2*'3.1'!G89 -> 0.2 | Q90: =0.8*'3.2'!F89 -> 0.8 | R90: =1*'4.1'!F89 -> 1 | S90: =0.2*'5.1'!F90 -> 0.2 | T90: =0.2*'5.2'!F89 -> 0.2 | U90: =0.25*'5.3'!C89 -> 0.25 | V90: =0.35*'5.4'!C89 -> 0.35 | W90: =0.2*'6.1'!C89 -> 0.2 | X90: =0.2*'6.2'!C89 -> 0.2 | Y90: =0.3*'6.3'!I89 -> 0.3 | Z90: =0.3*'6.4'!F89 -> 0 | AA90: =0.2*'7.1'!D89 -> 0.2 | AB90: =0.2*'7.2'!D89 -> 0.2
C91: =0.5*'1.1'!Q90 -> 0 | D91: =COUNTIF(D6:D90,">0") -> 22 | E91: =COUNTIF(E6:E90,">0") -> 15 | F91: =COUNTIF(F6:F90,">0") -> 4 | G91: =COUNTIF(G6:G90,">0") -> 55 | H91: =COUNTIF(H6:H90,">0") -> 83 | I91: =COUNTIF(I6:I90,">0") -> 77 | J91: =COUNTIF(J6:J90,">0") -> 85 | K91: =COUNTIF(K6:K90,">0") -> 85 | ... N91: =COUNTIF(N6:N90,">0") -> 75 | O91: =0.05*'2.12'!G90 -> 0 | P91: =0.2*'3.1'!G90 -> 0 | Q91: =0.8*'3.2'!F90 -> 0 | R91: =COUNTIF(R6:R90,">0") -> 69 | S91: =COUNTIF(S6:S90,">0") -> 83 | T91: =COUNTIF(T6:T90,">0") -> 69 | U91: =COUNTIF(U6:U90,">0") -> 85 | V91: =COUNTIF(V6:V90,">0") -> 85 | W91: =COUNTIF(W6:W90,">0") -> 65 | X91: =COUNTIF(X6:X90,">0") -> 85 | Y91: =COUNTIF(Y6:Y90,">0") -> 74 | ... AB91: =COUNTIF(AB6:AB90,">0") -> 56

Sheet 1.1
B1: показатель 1.1 "Объем лимитов бюджетных обязательств на поставку товаров, выполнение работ, оказание услуг, по которым в отчетном финансовом году не были заключены государственные контракты, договоры | C1: 242 | E1: 243 | F1: 244 | I1: 412 | J1: 414
A3: № п/п | B3: Наименование ТОФК | C3: 200 | D3: 300 | E3: 200 | F3: 220 | G3: 290 | H3: 300 | I3: 300 | J3: 200 | K3: 300 | L3: Контрактуемые ЛБО, в тыс. руб. | M3: Неисполненные бюджетные обязательства отчетного финансового года, в тыс. руб. | N3: Неиспользованный остаток лимитов бюджетных обязательств отчетного финансового года, в тыс. руб. | O3: Незаконтрактованные ЛБО, в тыс. руб. | P3: Расчет показателя | Q3: Оценка | S3: Неисполненные бюджетные обязательства отчетного финансового года, всего | T3: Неиспользованный остаток лимитов бюджетных обязательств отчетного финансового года | U3: Незаконтрактованные ЛБО
A4: 1 | B4: 2 | L4: 3 | M4: 4 | N4: 5 | O4: 6=5-4 | P4: 7=6/3*100 | Q4: 8
A5: 1 | B5: УФК ПО РЕСПУБЛИКЕ АДЫГЕЯ | C5: 1950.5 | D5: 1226.1 | E5: 0 | F5: 0 | G5: 0 | H5: 0 | I5: 0 | J5: 0 | K5: 0 | L5: 14413.9 | M5: =S5/1000 -> 883.57342 | N5: =T5/1000 -> 883.71199 | O5: =N5-M5 -> 0.13857 | P5: =ROUND(O5/L5,1) -> 0 | Q5: =IF(P5=0,1,0) -> 1 | S5: 883573.42 | T5: 883711.99 | U5: =T5-S5 -> 138.57 | V5: 1
A6: 2 | B6: УФК ПО РЕСПУБЛИКЕ АЛТАЙ | C6: 2995.6 | D6: 1765.3 | E6: 0 | F6: 9854.8 | G6: 0 | H6: 3237.5 | I6: 0 | J6: 0 | K6: 0 | L6: 17853.2 | M6: =S6/1000 -> 59.8955 | N6: =T6/1000 -> 60.03641 | O6: =N6-M6 -> 0.14091 | P6: =ROUND(O6/L6,1) -> 0 | Q6: =IF(P6=0,1,0) -> 1 | S6: 59895.5 | T6: 60036.41 | U6: =T6-S6 -> 140.91 | V6: 2
A7: 3 | B7: УФК ПО РЕСПУБЛИКЕ БАШКОРТОСТАН | C7: 5085.7 | D7: 5587 | E7: 3335.5 | F7: 27749.9 | G7: 0 | H7: 3353 | I7: 0 | J7: 0 | K7: 0 | L7: 45111.1 | M7: =S7/1000 -> 2595.9439 | N7: =T7/1000 -> 3619.6063 | O7: =N7-M7 -> 1023.6624 | P7: =O7/L7 -> 0.022692029 | Q7: =IF(P7=0,1,0) -> 0 | S7: 2595943.9 | T7: 3619606.3 | U7: =T7-S7 -> 1023662.4 | V7: 3
A8: 4 | B8: УФК ПО РЕСПУБЛИКЕ БУРЯТИЯ | C8: 3611.1 | D8: 1907.5 | E8: 0 | F8: 22397.5 | G8: 0 | H8: 2129.2 | I8: 0 | J8: 0 | K8: 0 | L8: 30045.3 | M8: =S8/1000 -> 43.82327 | N8: =T8/1000 -> 133.93913 | O8: =N8-M8 -> 90.11586 | P8: =O8/L8 -> 0.002999333 | Q8: =IF(P8=0,1,0) -> 0 | S8: 43823.27 | T8: 133939.13 | U8: =T8-S8 -> 90115.86 | V8: 4
A9: 5 | B9: УФК ПО РЕСПУБЛИКЕ ДАГЕСТАН | C9: 6026.1 | D9: 9772.5 | E9: 4635 | F9: 20381.9 | G9: 0 | H9: 12714.3 | I9: 0 | J9: 0 | K9: 0 | L9: 53529.8 | M9: =S9/1000 -> 0 | N9: =T9/1000 -> 0 | O9: =N9-M9 -> 0 | P9: =O9/L9 -> 0 | Q9: =IF(P9=0,1,0) -> 1 | S9: 0 | T9: 0 | U9: =T9-S9 -> 0 | V9: 5
A10: 6 | B10: УФК ПО РЕСПУБЛИКЕ ИНГУШЕТИЯ | C10: 1967.8 | D10: 797.9 | E10: 0 | F10: 10763.2 | G10: 0 | H10: 2330.4 | I10: 0 | J10: 0 | K10: 0 | L10: 15859.3 | M10: =S10/1000 -> 0 | N10: =T10/1000 -> 0 | O10: =N10-M10 -> 0 | P10: =O10/L10 -> 0 | Q10: =IF(P10=0,1,0) -> 1 | S10: 0 | T10: 0 | U10: =T10-S10 -> 0 | V10: 6
A11: 7 | B11: УФК ПО КАБАРДИНО-БАЛКАРСКОЙ РЕСПУБЛИКЕ | C11: 3431 | D11: 1055 | E11: 0 | F11: 15295 | G11: 0 | H11: 2190.7 | I11: 0 | J11: 0 | K11: 0 | L11: 21971.7 | M11: =S11/1000 -> 753.14428 | N11: =T11/1000 -> 3490.7077 | O11: =N11-M11 -> 2737.5635 | P11: =O11/L11 -> 0.12459498 | Q11: =IF(P11=0,1,0) -> 0 | S11: 753144.28 | T11: 3490707.7 | U11: =T11-S11 -> 2737563.5 | V11: 7
A12: 8 | B12: УФК ПО РЕСПУБЛИКЕ КАЛМЫКИЯ | C12: 1573.8 | D12: 1994.2 | E12: 623.7 | F12: 18917.1 | G12: 0 | H12: 3984 | I12: 0 | J12: 0 | K12: 0 | L12: 27092.8 | M12: =S12/1000 -> 0 | N12: =T12/1000 -> 0 | O12: =N12-M12 -> 0 | P12: =O12/L12 -> 0 | Q12: =IF(P12=0,1,0) -> 1 | S12: 0 | T12: 0 | U12: =T12-S12 -> 0 | V12: 8
A13: 9 | B13: УФК ПО КАРАЧАЕВО-ЧЕРКЕССКОЙ РЕСПУБЛИКЕ | C13: 4810.4 | D13: 2711.3 | E13: 0 | F13: 29176.1 | G13: 0 | H13: 36578.8 | I13: 0 | J13: 0 | K13: 0 | L13: 73276.6 | M13: =S13/1000 -> 0 | N13: =T13/1000 -> 0 | O13: =N13-M13 -> 0 | P13: =O13/L13 -> 0 | Q13: =IF(P13=0,1,0) -> 1 | S13: 0 | T13: 0 | U13: =T13-S13 -> 0 | V13: 9
A14: 10 | B14: УФК ПО РЕСПУБЛИКЕ КАРЕЛИЯ | C14: 2782 | D14: 1777.7 | E14: 315 | F14: 17156.2 | G14: 0 | H14: 2568.7 | I14: 0 | J14: 0 | K14: 0 | L14: 24599.6 | M14: =S14/1000 -> 456.33307 | N14: =T14/1000 -> 549.00177 | O14: =N14-M14 -> 92.6687 | P14: =O14/L14 -> 0.0037670816 | Q14: =IF(P14=0,1,0) -> 0 | S14: 456333.07 | T14: 549001.77 | U14: =T14-S14 -> 92668.7 | V14: 10
A15: 11 | B15: УФК ПО РЕСПУБЛИКЕ КОМИ | C15: 2415 | D15: 2211.5 | E15: 0 | F15: 16911.9 | G15: 0 | H15: 2549.6 | I15: 0 | J15: 592.9 | K15: 27515.8 | L15: 52196.7 | M15: =S15/1000 -> 798.04778 | N15: =T15/1000 -> 1598.3249 | O15: =N15-M15 -> 800.27715 | P15: =O15/L15 -> 0.015331949 | Q15: =IF(P15=0,1,0) -> 0 | S15: 798047.78 | T15: 1598324.9 | U15: =T15-S15 -> 800277.15 | V15: 11
A16: 12 | B16: УФК ПО РЕСПУБЛИКЕ МАРИЙ ЭЛ | C16: 2159.1 | D16: 1689.9 | E16: 0 | F16: 15269 | G16: 0 | H16: 1706 | I16: 0 | J16: 0 | K16: 0 | L16: 20824 | M16: =S16/1000 -> 1121.1655 | N16: =T16/1000 -> 1624.8897 | O16: =N16-M16 -> 503.72415 | P16: =O16/L16 -> 0.024189596 | Q16: =IF(P16=0,1,0) -> 0 | S16: 1121165.5 | T16: 1624889.7 | U16: =T16-S16 -> 503724.15 | V16: 12
A17: 13 | B17: УФК ПО РЕСПУБЛИКЕ МОРДОВИЯ | C17: 5256.8 | D17: 2957.8 | E17: 0 | F17: 22736.1 | G17: 0 | H17: 5520.4 | I17: 0 | J17: 0 | K17: 0 | L17: 36471.1 | M17: =S17/1000 -> 1426.4918 | N17: =T17/1000 -> 2137.3579 | O17: =N17-M17 -> 710.86612 | P17: =O17/L17 -> 0.019491217 | Q17: =IF(P17=0,1,0) -> 0 | S17: 1426491.8 | T17: 2137357.9 | U17: =T17-S17 -> 710866.12 | V17: 13
A18: 14 | B18: УФК ПО РЕСПУБЛИКЕ САХА (ЯКУТИЯ) | C18: 6264 | D18: 2207.2 | E18: 0 | F18: 40616.8 | G18: 0 | H18: 2846.9 | I18: 0 | J18: 0 | K18: 0 | L18: 51934.9 | M18: =S18/1000 -> 1800.7895 | N18: =T18/1000 -> 2937.7313 | O18: =N18-M18 -> 1136.9418 | P18: =O18/L18 -> 0.021891672 | Q18: =IF(P18=0,1,0) -> 0 | S18: 1800789.5 | T18: 2937731.3 | U18: =T18-S18 -> 1136941.8 | V18: 14
... A59: 55 | B59: УФК ПО НОВГОРОДСКОЙ ОБЛАСТИ | C59: 3327.6 | D59: 2924.9 | E59: 0 | F59: 18830.9 | G59: 0 | H59: 2589.6 | I59: 0 | J59: 0 | K59: 0 | L59: 27673 | M59: =S59/1000 -> 1804.4724 | N59: =T59/1000 -> 2261.0504 | O59: =N59-M59 -> 456.57798 | P59: =O59/L59 -> 0.016499042 | Q59: =IF(P59=0,1,0) -> 0 | S59: 1804472.4 | T59: 2261050.4 | U59: =T59-S59 -> 456577.98 | V59: 55
A60: 56 | B60: УФК ПО НОВОСИБИРСКОЙ ОБЛАСТИ | C60: 4753.9 | D60: 5658.8 | E60: 9500 | F60: 51647.8 | G60: 0 | H60: 6297.4 | I60: 0 | J60: 0 | K60: 0 | L60: 77857.9 | M60: =S60/1000 -> 622.15448 | N60: =T60/1000 -> 622.77625 | O60: =N60-M60 -> 0.62177 | P60: =ROUND(O60/L60,1) -> 0 | Q60: =IF(P60=0,1,0) -> 1 | S60: 622154.48 | T60: 622776.25 | U60: =T60-S60 -> 621.77 | V60: 56
A61: 57 | B61: УФК ПО ОМСКОЙ ОБЛАСТИ | C61: 4574.3 | D61: 4194.9 | E61: 0 | F61: 31480.1 | G61: 0 | H61: 4381.6 | I61: 0 | J61: 0 | K61: 0 | L61: 44630.9 | M61: =S61/1000 -> 816.41193 | N61: =T61/1000 -> 1313.7712 | O61: =N61-M61 -> 497.35926 | P61: =O61/L61 -> 0.011143832 | Q61: =IF(P61=0,1,0) -> 0 | S61: 816411.93 | T61: 1313771.2 | U61: =T61-S61 -> 497359.26 | V61: 57
A62: 58 | B62: УФК ПО ОРЕНБУРГСКОЙ ОБЛАСТИ | C62: 4612.2 | D62: 3016 | E62: 0 | F62: 24627.5 | G62: 0 | H62: 3214.1 | I62: 0 | J62: 0 | K62: 0 | L62: 35469.8 | M62: =S62/1000 -> 1361.2691 | N62: =T62/1000 -> 1631.3813 | O62: =N62-M62 -> 270.11213 | P62: =O62/L62 -> 0.0076152707 | Q62: =IF(P62=0,1,0) -> 0 | S62: 1361269.1 | T62: 1631381.3 | U62: =T62-S62 -> 270112.13 | V62: 58
A63: 59 | B63: УФК ПО ОРЛОВСКОЙ ОБЛАСТИ | C63: 4401.4 | D63: 2074.2 | E63: 0 | F63: 19961.9 | G63: 0 | H63: 2881 | I63: 0 | J63: 0 | K63: 0 | L63: 29318.5 | M63: =S63/1000 -> 547.13535 | N63: =T63/1000 -> 627.64788 | O63: =N63-M63 -> 80.51253 | P63: =O63/L63 -> 0.002746134 | Q63: =IF(P63=0,1,0) -> 0 | S63: 547135.35 | T63: 627647.88 | U63: =T63-S63 -> 80512.53 | V63: 59
A64: 60 | B64: УФК ПО ПЕНЗЕНСКОЙ ОБЛАСТИ | C64: 5667.2 | D64: 3165.2 | E64: 0 | F64: 43602 | G64: 0 | H64: 3524.7 | I64: 0 | J64: 0 | K64: 0 | L64: 55959.1 | M64: =S64/1000 -> 1312.128 | N64: =T64/1000 -> 1834.2634 | O64: =N64-M64 -> 522.13546 | P64: =O64/L64 -> 0.0093306622 | Q64: =IF(P64=0,1,0) -> 0 | S64: 1312128 | T64: 1834263.4 | U64: =T64-S64 -> 522135.46 | V64: 60
A65: 61 | B65: УФК ПО ПСКОВСКОЙ ОБЛАСТИ | C65: 3180.6 | D65: 1548.9 | E65: 0 | F65: 19014 | G65: 0 | H65: 2935.6 | I65: 76512 | J65: 0 | K65: 0 | L65: 103191.1 | M65: =S65/1000 -> 1443.3455 | N65: =T65/1000 -> 1835.8062 | O65: =N65-M65 -> 392.46074 | P65: =O65/L65 -> 0.0038032421 | Q65: =IF(P65=0,1,0) -> 0 | S65: 1443345.5 | T65: 1835806.2 | U65: =T65-S65 -> 392460.74 | V65: 61
A66: 62 | B66: УФК ПО РОСТОВСКОЙ ОБЛАСТИ | C66: 9941.4 | D66: 13556.7 | E66: 16.2 | F66: 38262.7 | G66: 0 | H66: 5131.4 | I66: 0 | J66: 0 | K66: 0 | L66: 66908.4 | M66: =S66/1000 -> 361.46122 | N66: =T66/1000 -> 364.92814 | O66: =N66-M66 -> 3.46692 | P66: =O66/L66 -> 5.1815915e-05 | Q66: =IF(P66=0,1,0) -> 0 | S66: 361461.22 | T66: 364928.14 | U66: =T66-S66 -> 3466.92 | V66: 62
A67: 63 | B67: УФК ПО РЯЗАНСКОЙ ОБЛАСТИ | C67: 3561.6 | D67: 2531.6 | E67: 0 | F67: 16599 | G67: 0 | H67: 2516.6 | I67: 0 | J67: 0 | K67: 0 | L67: 25208.8 | M67: =S67/1000 -> 702.6173 | N67: =T67/1000 -> 1106.2632 | O67: =N67-M67 -> 403.64587 | P67: =O67/L67 -> 0.016012102 | Q67: =IF(P67=0,1,0) -> 0 | S67: 702617.3 | T67: 1106263.2 | U67: =T67-S67 -> 403645.87 | V67: 63
A68: 64 | B68: УФК ПО САМАРСКОЙ ОБЛАСТИ | C68: 5116.5 | D68: 2912.7 | E68: 0 | F68: 24662.3 | G68: 0 | H68: 3692.6 | I68: 0 | J68: 0 | K68: 0 | L68: 36384.1 | M68: =S68/1000 -> 649.92669 | N68: =T68/1000 -> 704.78929 | O68: =N68-M68 -> 54.8626 | P68: =O68/L68 -> 0.0015078729 | Q68: =IF(P68=0,1,0) -> 0 | S68: 649926.69 | T68: 704789.29 | U68: =T68-S68 -> 54862.6 | V68: 64
A69: 65 | B69: УФК ПО САРАТОВСКОЙ ОБЛАСТИ | C69: 5151.3 | D69: 4589.4 | E69: 0 | F69: 26641.7 | G69: 0 | H69: 4122.1 | I69: 0 | J69: 0 | K69: 0 | L69: 40504.5 | M69: =S69/1000 -> 904.28718 | N69: =T69/1000 -> 1298.6433 | O69: =N69-M69 -> 394.35616 | P69: =O69/L69 -> 0.0097361073 | Q69: =IF(P69=0,1,0) -> 0 | S69: 904287.18 | T69: 1298643.3 | U69: =T69-S69 -> 394356.16 | V69: 65
A70: 66 | B70: УФК ПО САХАЛИНСКОЙ ОБЛАСТИ | C70: 2847.8 | D70: 2138.9 | E70: 1258.8 | F70: 19720.9 | G70: 0 | H70: 2863.7 | I70: 0 | J70: 0 | K70: 0 | L70: 28830.1 | M70: =S70/1000 -> 0 | N70: =T70/1000 -> 0 | O70: =N70-M70 -> 0 | P70: =O70/L70 -> 0 | Q70: =IF(P70=0,1,0) -> 1 | S70: 0 | T70: 0 | U70: =T70-S70 -> 0 | V70: 66
A71: 67 | B71: УФК ПО СВЕРДЛОВСКОЙ ОБЛАСТИ | C71: 7040 | D71: 5274.2 | E71: 0 | F71: 55688.2 | G71: 0 | H71: 2924.8 | I71: 0 | J71: 0 | K71: 0 | L71: 70927.2 | M71: =S71/1000 -> 1198.5011 | N71: =T71/1000 -> 1407.8155 | O71: =N71-M71 -> 209.31438 | P71: =O71/L71 -> 0.0029511158 | Q71: =IF(P71=0,1,0) -> 0 | S71: 1198501.1 | T71: 1407815.5 | U71: =T71-S71 -> 209314.38 | V71: 67
A72: 68 | B72: УФК ПО СМОЛЕНСКОЙ ОБЛАСТИ | C72: 2315.2 | D72: 2648 | E72: 0 | F72: 14504.5 | G72: 0 | H72: 1718.6 | I72: 0 | J72: 0 | K72: 0 | L72: 21186.3 | M72: =S72/1000 -> 491.08903 | N72: =T72/1000 -> 655.97252 | O72: =N72-M72 -> 164.88349 | P72: =O72/L72 -> 0.0077825524 | Q72: =IF(P72=0,1,0) -> 0 | S72: 491089.03 | T72: 655972.52 | U72: =T72-S72 -> 164883.49 | V72: 68
... A89: 85 | B89: МЕЖРЕГИОНАЛЬНОЕ ОПЕРАЦИОННОЕ УФК | C89: 7493.1 | D89: 4268.5 | E89: 0 | F89: 11321.4 | G89: 0 | H89: 390.3 | I89: 0 | J89: 0 | K89: 0 | L89: 23473.3 | M89: =S89/1000 -> 1020.3257 | N89: =T89/1000 -> 1102.1449 | O89: =N89-M89 -> 81.8192 | P89: =O89/L89 -> 0.0034856284 | Q89: =IF(P89=0,1,0) -> 0 | S89: 1020325.7 | T89: 1102144.9 | U89: =T89-S89 -> 81819.2 | V89: 85
B90: Итого | E90: =SUM(E6:E89) -> 294734.1 | F90: =SUM(F6:F89) -> 2303312.9 | L90: =SUM(L5:L89) -> 4041732.8 | M90: =SUM(M5:M89) -> 176876.04 | N90: =SUM(N5:N89) -> 216605.03 | O90: =SUM(O5:O89) -> 39728.988 | S90: =SUM(S6:S89) -> 1.7599247e+08 | T90: =SUM(T6:T89) -> 2.1572132e+08 | U90: =SUM(U6:U89) -> 39728849
O93: макс | P93: =MAX(P5:P89) -> 0.12459498
O94: мин | P94: =MIN(P5:P89) -> 0
O95: мед | P95: =MEDIAN(P5:P89) -> 0.0037670816
O96: среднее | P96: =AVERAGE(P5:P89) -> 0.010973533

Sheet 2.1
B1: показатель 2.1. "Объем неисполненных на конец отчетного финансового года ЛБО"
A3: № | B3: Наименование ТОФК | C3: Объем доведенных до ТОФК ЛБО, в руб. | D3: Кассовое исполнение ТОФК, в руб. | E3: Реквизиты отчета | F3: Объем неисполненных ЛБО | G3: Оценка
A4: 1 | B4: 2 | C4: 3 | D4: 4 | F4: 5=(2-3)/2*100 | G4: 1, если 4<0,2%, 0, если 4>=0,2
A5: {=VLOOKUP(B5,[6]Лист3!$C$4:$D$88,2,FALSE)} -> 1 | B5: УФК ПО РЕСПУБЛИКЕ АДЫГЕЯ | C5: 91572100 | D5: 90386225 | E5: 76 | F5: =(C5-D5)/C5 -> 0.012950183 | G5: =IF(F5<0.2%,1,0) -> 0
A6: {=VLOOKUP(B6,[6]Лист3!$C$4:$D$88,2,FALSE)} -> 2 | B6: УФК ПО РЕСПУБЛИКЕ АЛТАЙ | C6: 106406600 | D6: 1.0633691e+08 | E6: 77 | F6: =(C6-D6)/C6 -> 0.00065496576 | G6: =IF(F6<0.2%,1,0) -> 1
A7: {=VLOOKUP(B7,[6]Лист3!$C$4:$D$88,2,FALSE)} -> 3 | B7: УФК ПО РЕСПУБЛИКЕ БАШКОРТОСТАН | C7: 342826000 | D7: 3.3798738e+08 | E7: 1 | F7: =(C7-D7)/C7 -> 0.014113923 | G7: =IF(F7<0.2%,1,0) -> 0
A8: {=VLOOKUP(B8,[6]Лист3!$C$4:$D$88,2,FALSE)} -> 4 | B8: УФК ПО РЕСПУБЛИКЕ БУРЯТИЯ | C8: 241051500 | D8: 2.4086219e+08 | E8: 2 | F8: =(C8-D8)/C8 -> 0.00078533023 | G8: =IF(F8<0.2%,1,0) -> 1
A9: {=VLOOKUP(B9,[6]Лист3!$C$4:$D$88,2,FALSE)} -> 5 | B9: УФК ПО РЕСПУБЛИКЕ ДАГЕСТАН | C9: 313157700 | D9: 3.1311242e+08 | E9: 3 | F9: =(C9-D9)/C9 -> 0.00014459887 | G9: =IF(F9<0.2%,1,0) -> 1
A10: {=VLOOKUP(B10,[6]Лист3!$C$4:$D$88,2,FALSE)} -> 6 | B10: УФК ПО РЕСПУБЛИКЕ ИНГУШЕТИЯ | C10: 68471400 | D10: 68048326 | E10: 14 | F10: =(C10-D10)/C10 -> 0.006178845 | G10: =IF(F10<0.2%,1,0) -> 0
A11: {=VLOOKUP(B11,[6]Лист3!$C$4:$D$88,2,FALSE)} -> 7 | B11: УФК ПО КАБАРДИНО-БАЛКАРСКОЙ РЕСПУБЛИКЕ | C11: 107298600 | D11: 1.0312985e+08 | E11: 4 | F11: =(C11-D11)/C11 -> 0.038851901 | G11: =IF(F11<0.2%,1,0) -> 0
A12: {=VLOOKUP(B12,[6]Лист3!$C$4:$D$88,2,FALSE)} -> 8 | B12: УФК ПО РЕСПУБЛИКЕ КАЛМЫКИЯ | C12: 95857200 | D12: 95683981 | E12: 5 | F12: =(C12-D12)/C12 -> 0.0018070537 | G12: =IF(F12<0.2%,1,0) -> 1
A13: {=VLOOKUP(B13,[6]Лист3!$C$4:$D$88,2,FALSE)} -> 9 | B13: УФК ПО КАРАЧАЕВО-ЧЕРКЕССКОЙ РЕСПУБЛИКЕ | C13: 149735400 | D13: 1.4948643e+08 | E13: 79 | F13: =(C13-D13)/C13 -> 0.0016627532 | G13: =IF(F13<0.2%,1,0) -> 1
A14: {=VLOOKUP(B14,[6]Лист3!$C$4:$D$88,2,FALSE)} -> 10 | B14: УФК ПО РЕСПУБЛИКЕ КАРЕЛИЯ | C14: 270464000 | D14: 2.6921639e+08 | E14: 6 | F14: =(C14-D14)/C14 -> 0.004612838 | G14: =IF(F14<0.2%,1,0) -> 0
A15: {=VLOOKUP(B15,[6]Лист3!$C$4:$D$88,2,FALSE)} -> 11 | B15: УФК ПО РЕСПУБЛИКЕ КОМИ | C15: 247096500 | D15: 2.4487458e+08 | E15: 7 | F15: =(C15-D15)/C15 -> 0.0089921307 | G15: =IF(F15<0.2%,1,0) -> 0
A16: {=VLOOKUP(B16,[6]Лист3!$C$4:$D$88,2,FALSE)} -> 12 | B16: УФК ПО РЕСПУБЛИКЕ МАРИЙ ЭЛ | C16: 129218100 | D16: 1.2739443e+08 | E16: 8 | F16: =(C16-D16)/C16 -> 0.014113148 | G16: =IF(F16<0.2%,1,0) -> 0
... A89: {=VLOOKUP(B89,[6]Лист3!$C$4:$D$88,2,FALSE)} -> 85 | B89: МЕЖРЕГИОНАЛЬНОЕ ОПЕРАЦИОННОЕ УФК | C89: 407042500 | D89: 4.0592514e+08 | E89: 73 | F89: =(C89-D89)/C89 -> 0.0027450806 | G89: =IF(F89<0.2%,1,0) -> 0
B90: Итого | C90: =SUM(C5:C89) -> 24168634000 | D90: =SUM(D5:D89) -> 2.3914439e+10
D92: макс | F92: =MAX(F5:F89) -> 0.17986445
D93: мин | F93: =MIN(F5:F89) -> 4.1074553e-05
D94: мед | F94: =MEDIAN(F5:F89) -> 0.004612838
D95: среднее | F95: =AVERAGE(F5:F89) -> 0.0096684645

Sheet 2.2
B1: показатель 2.2. "Объем восстановленных ЛБО на оплату заключенных государственных контрактов на поставку товаров,выполнение работ, оказание услуг, подлежащих в соответствии с условиями этих государственных контрактов оплате в отчетном финансовом году"
A3: № | B3: Наименование ТОФК | C3: Неисполненные бюджетные обязательства отчетного финансового года, в руб. | D3: Предложения ТОФК по восстановлению бюджетных обязательств, в руб. | E3: Объем восстановленных ЛБО | F3: Оценка
A4: 1 | B4: 2 | C4: 3 | D4: 4 | E4: 5=4/3*100 | F4: 0, если <100%; 1, если =100%
A5: 1 | B5: УФК ПО РЕСПУБЛИКЕ АДЫГЕЯ | C5: 883573.42 | D5: 182834.79 | E5: =ROUND(IFERROR(D5/C5,0),2) -> 0.21 | F5: =IF(E5=100%,1,IF(AND(C5=0,D5=0),1,0)) -> 0
A6: 2 | B6: УФК ПО РЕСПУБЛИКЕ АЛТАЙ | C6: 59895.5 | D6: 0 | E6: =ROUND(IFERROR(D6/C6,0),2) -> 0 | F6: =IF(E6=100%,1,IF(AND(C6=0,D6=0),1,0)) -> 0
A7: 3 | B7: УФК ПО РЕСПУБЛИКЕ БАШКОРТОСТАН | C7: 2595943.9 | D7: 65833.39 | E7: =ROUND(IFERROR(D7/C7,0),2) -> 0.03 | F7: =IF(E7=100%,1,IF(AND(C7=0,D7=0),1,0)) -> 0
A8: 4 | B8: УФК ПО РЕСПУБЛИКЕ БУРЯТИЯ | C8: 43823.27 | D8: 32259.16 | E8: =ROUND(IFERROR(D8/C8,0),2) -> 0.74 | F8: =IF(E8=100%,1,IF(AND(C8=0,D8=0),1,0)) -> 0
A9: 5 | B9: УФК ПО РЕСПУБЛИКЕ ДАГЕСТАН | C9: 0 | D9: 0 | E9: =ROUND(IFERROR(D9/C9,0),2) -> 0 | F9: =IF(E9=100%,1,IF(AND(C9=0,D9=0),1,0)) -> 1
A10: 6 | B10: УФК ПО РЕСПУБЛИКЕ ИНГУШЕТИЯ | C10: 0 | D10: 0 | E10: =ROUND(IFERROR(D10/C10,0),2) -> 0 | F10: =IF(E10=100%,1,IF(AND(C10=0,D10=0),1,0)) -> 1
A11: 7 | B11: УФК ПО КАБАРДИНО-БАЛКАРСКОЙ РЕСПУБЛИКЕ | C11: 753144.28 | D11: 611696.88 | E11: =ROUND(IFERROR(D11/C11,0),2) -> 0.81 | F11: =IF(E11=100%,1,IF(AND(C11=0,D11=0),1,0)) -> 0
A12: 8 | B12: УФК ПО РЕСПУБЛИКЕ КАЛМЫКИЯ | C12: 0 | D12: 0 | E12: =ROUND(IFERROR(D12/C12,0),2) -> 0 | F12: =IF(E12=100%,1,IF(AND(C12=0,D12=0),1,0)) -> 1
A13: 9 | B13: УФК ПО КАРАЧАЕВО-ЧЕРКЕССКОЙ РЕСПУБЛИКЕ | C13: 0 | D13: 0 | E13: =ROUND(IFERROR(D13/C13,0),2) -> 0 | F13: =IF(E13=100%,1,IF(AND(C13=0,D13=0),1,0)) -> 1
A14: 10 | B14: УФК ПО РЕСПУБЛИКЕ КАРЕЛИЯ | C14: 456333.07 | D14: 44663.52 | E14: =ROUND(IFERROR(D14/C14,0),2) -> 0.1 | F14: =IF(E14=100%,1,IF(AND(C14=0,D14=0),1,0)) -> 0
A15: 11 | B15: УФК ПО РЕСПУБЛИКЕ КОМИ | C15: 798047.78 | D15: 239887.51 | E15: =ROUND(IFERROR(D15/C15,0),2) -> 0.3 | F15: =IF(E15=100%,1,IF(AND(C15=0,D15=0),1,0)) -> 0
A16: 12 | B16: УФК ПО РЕСПУБЛИКЕ МАРИЙ ЭЛ | C16: 1121165.5 | D16: 56273.75 | E16: =ROUND(IFERROR(D16/C16,0),2) -> 0.05 | F16: =IF(E16=100%,1,IF(AND(C16=0,D16=0),1,0)) -> 0
... A89: 85 | B89: МЕЖРЕГИОНАЛЬНОЕ ОПЕРАЦИОННОЕ УФК | C89: 1020325.7 | D89: 372814.56 | E89: =ROUND(IFERROR(D89/C89,0),2) -> 0.37 | F89: =IF(E89=100%,1,IF(AND(C89=0,D89=0),1,0)) -> 0
B90: Итого | C90: =SUM(C5:C89) -> 1.7687604e+08 | D90: 1.1044078e+08
D92: макс | E92: =MAX(E5:E89) -> 1
D93: мин | E93: =MIN(E5:E89) -> 0
D94: мед | E94: =MEDIAN(E5:E89) -> 0.12
D95: среднее | E95: =AVERAGE(E5:E89) -> 0.23458824

Sheet 2.3
B1: показатель 2.3. Равномерность исполнения федерального бюджета по расходам по главе 100 "Федеральное казначейство"
A3: № п/п | B3: Наименование ТОФК | C3: Исполнение федерального бюджета по расходам по главе 100 "Федеральное казначейство" за 3 квартала, в руб. | D3: Исполнение федерального бюджета по расходам по главе 100 "Федеральное казначейство" за год, в руб. | F3: Исполнение федерального бюджета по расходам по главе 100 "Федеральное казначейство" за 4 квартал, в руб. | G3: Равномерность исполнения федерального бюджета по расходам | H3: Оценка
A4: 1 | B4: 2 | C4: 3 | D4: 3 | E4: 4 | F4: 4 | G4: 6=4/3*100 | H4: 1, если <=25%; 0, если >25%
A5: 1 | B5: УФК ПО РЕСПУБЛИКЕ АДЫГЕЯ | C5: 61593986 | D5: 90386225 | F5: =D5-C5 -> 28792239 | G5: =F5/D5 -> 0.31854676 | H5: =IF(G5<=25%,1,0) -> 0
A6: 2 | B6: УФК ПО РЕСПУБЛИКЕ АЛТАЙ | C6: 73364114 | D6: 1.0633691e+08 | F6: =D6-C6 -> 32972794 | G6: =F6/D6 -> 0.31007855 | H6: =IF(G6<=25%,1,0) -> 0
A7: 3 | B7: УФК ПО РЕСПУБЛИКЕ БАШКОРТОСТАН | C7: 2.2936372e+08 | D7: 3.3798738e+08 | F7: =D7-C7 -> 1.0862366e+08 | G7: =F7/D7 -> 0.32138378 | H7: =IF(G7<=25%,1,0) -> 0
A8: 4 | B8: УФК ПО РЕСПУБЛИКЕ БУРЯТИЯ | C8: 1.7322457e+08 | D8: 2.4086219e+08 | F8: =D8-C8 -> 67637625 | G8: =F8/D8 -> 0.28081462 | H8: =IF(G8<=25%,1,0) -> 0
A9: 5 | B9: УФК ПО РЕСПУБЛИКЕ ДАГЕСТАН | C9: 2.0593535e+08 | D9: 3.1311242e+08 | F9: =D9-C9 -> 1.0717707e+08 | G9: =F9/D9 -> 0.34229582 | H9: =IF(G9<=25%,1,0) -> 0
A10: 6 | B10: УФК ПО РЕСПУБЛИКЕ ИНГУШЕТИЯ | C10: 42694267 | D10: 68048326 | F10: =D10-C10 -> 25354059 | G10: =F10/D10 -> 0.37258902 | H10: =IF(G10<=25%,1,0) -> 0
A11: 7 | B11: УФК ПО КАБАРДИНО-БАЛКАРСКОЙ РЕСПУБЛИКЕ | C11: 59073373 | D11: 1.0312985e+08 | F11: =D11-C11 -> 44056473 | G11: =F11/D11 -> 0.42719421 | H11: =IF(G11<=25%,1,0) -> 0
A12: 8 | B12: УФК ПО РЕСПУБЛИКЕ КАЛМЫКИЯ | C12: 68134532 | D12: 95683981 | F12: =D12-C12 -> 27549449 | G12: =F12/D12 -> 0.28792123 | H12: =IF(G12<=25%,1,0) -> 0
A13: 9 | B13: УФК ПО КАРАЧАЕВО-ЧЕРКЕССКОЙ РЕСПУБЛИКЕ | C13: 86021352 | D13: 1.4948643e+08 | F13: =D13-C13 -> 63465075 | G13: =F13/D13 -> 0.4245541 | H13: =IF(G13<=25%,1,0) -> 0
A14: 10 | B14: УФК ПО РЕСПУБЛИКЕ КАРЕЛИЯ | C14: 1.7870076e+08 | D14: 2.6921639e+08 | F14: =D14-C14 -> 90515636 | G14: =F14/D14 -> 0.33621889 | H14: =IF(G14<=25%,1,0) -> 0
A15: 11 | B15: УФК ПО РЕСПУБЛИКЕ КОМИ | C15: 1.7105881e+08 | D15: 2.4487458e+08 | F15: =D15-C15 -> 73815765 | G15: =F15/D15 -> 0.30144316 | H15: =IF(G15<=25%,1,0) -> 0
A16: 12 | B16: УФК ПО РЕСПУБЛИКЕ МАРИЙ ЭЛ | C16: 89717441 | D16: 1.2739443e+08 | F16: =D16-C16 -> 37676984 | G16: =F16/D16 -> 0.29575065 | H16: =IF(G16<=25%,1,0) -> 0
... A89: 85 | B89: МЕЖРЕГИОНАЛЬНОЕ ОПЕРАЦИОННОЕ УФК | C89: 2.2889536e+08 | D89: 4.0592514e+08 | F89: =D89-C89 -> 1.7702978e+08 | G89: =F89/D89 -> 0.43611435 | H89: =IF(G89<=25%,1,0) -> 0
B90: Итого | C90: =SUM(C5:C89) -> 1.5915705e+10 | D90: =SUM(D5:D89) -> 2.3914439e+10

Sheet 2.4
B1: показатель 2.4 Отклонение кассовых выплат ТОФК в IV квартале отчетного периода от прогноза кассовых выплат по расходам федерального бюджета по главе 100 "Федеральное казначейство"
A3: № п/п | B3: Наименование ТОФК | C3: Прогноз кассовых выплат | R3: Группа вида расходов 100 | U3: Группа вида расходов 200 | X3: Группа вида расходов 300 | AA3: Группа вида расходов 400 | AD3: Группа вида расходов 800 | AG3: Среднее отклонение | AH3: Оценка
C4: 100 | F4: 200 | I4: 300 | L4: 400 | O4: 800 | R4: прогноз, в тыс. руб. | S4: факт, в тыс. руб. | T4: отклонение | U4: прогноз, в тыс. руб. | V4: факт, в тыс. руб. | W4: отклонение | X4: прогноз, в тыс. руб. | Y4: факт, в тыс. руб. | Z4: отклонение | AA4: прогноз, в тыс. руб. | AB4: факт, в тыс. руб. | AC4: отклонение | AD4: прогноз, в тыс. руб. | AE4: факт, в тыс. руб. | AF4: отклонение
A5: 1 | B5: 2 | R5: 3 | S5: 4 | T5: 5=(4-3)/3*100 | U5: 6 | V5: 7 | W5: 8=(7-6)/6*100 | X5: 9 | Y5: 10 | Z5: 11=(10-9)/9*100 | AA5: 12 | AB5: 13 | AC5: 14=(13-12)/12*100 | AD5: 15 | AE5: 16 | AF5: 17=(16-15)/15*100 | AG5: 18=(5+8+17)/9 | AH5: 19
A6: {=VLOOKUP(B6,'1.1'!$B$5:$V$89,21,FALSE)} -> 1 | B6: УФК ПО РЕСПУБЛИКЕ АДЫГЕЯ | C6: 4072550 | D6: 7719392.9 | E6: 7719392.9 | F6: 888292.66 | G6: 3919171.8 | H6: 3964171.8 | I6: 0 | J6: 0 | K6: 0 | L6: 0 | M6: 0 | N6: 0 | O6: 436000 | P6: 0 | Q6: 1044242.3 | R6: 19511.336 | S6: 20387.185 | T6: =(S6-R6)/R6 -> 0.044889252 | U6: 8771.6363 | V6: 6924.8115 | W6: =(V6-U6)/U6 -> -0.21054507 | X6: 0 | Y6: 0 | Z6: =IF(AND(X6=0,Y6>0),Y6/1,IF(AND(Y6=0,X6=0),0,Y6/X6)) -> 0 | AA6: 0 | AB6: 0 | AC6: =IFERROR((AB6-AA6)/AA6,0) -> 0 | AD6: 1480.2423 | AE6: 1480.2423 | AF6: =(AE6-AD6)/AD6 -> 2.7022604e-08 | AG6: =(T6+W6+AF6)/9 -> -0.018406199 | AH6: =IF(OR(AG6>10%,AG6<-10%),0,1) -> 1
A7: {=VLOOKUP(B7,'1.1'!$B$5:$V$89,21,FALSE)} -> 2 | B7: УФК ПО РЕСПУБЛИКЕ АЛТАЙ | C7: 7635490.2 | D7: 7635490.2 | E7: 7637435.5 | F7: 1718172.8 | G7: 2907241.3 | H7: 2866141.3 | I7: 0 | J7: 0 | K7: 0 | L7: 0 | M7: 0 | N7: 0 | O7: 1185376.6 | P7: 0 | Q7: 0 | R7: 22908.416 | S7: 23079.602 | T7: =(S7-R7)/R7 -> 0.0074726179 | U7: 7491.5554 | V7: 8149.1607 | W7: =(V7-U7)/U7 -> 0.087779542 | X7: 0 | Y7: 0 | Z7: =IF(AND(X7=0,Y7>0),Y7/1,IF(AND(Y7=0,X7=0),0,Y7/X7)) -> 0 | AA7: 0 | AB7: 0 | AC7: =IFERROR((AB7-AA7)/AA7,0) -> 0 | AD7: 1185.3766 | AE7: 1744.0311 | AF7: =(AE7-AD7)/AD7 -> 0.47128867 | AG7: =(T7+W7+AF7)/9 -> 0.062948981 | AH7: =IF(OR(AG7>10%,AG7<-10%),0,1) -> 1
A8: {=VLOOKUP(B8,'1.1'!B5:V89,21,FALSE)} -> 3 | B8: УФК ПО РЕСПУБЛИКЕ БАШКОРТОСТАН | C8: 22913331 | D8: 24996831 | E8: 25899997 | F8: 3004515 | G8: 6050467 | H8: 8633812.9 | I8: 0 | J8: 0 | K8: 0 | L8: 0 | M8: 0 | N8: 0 | O8: 35000 | P8: 1000 | Q8: 489695.68 | R8: 73810.159 | S8: 92603.293 | T8: =(S8-R8)/R8 -> 0.25461445 | U8: 17688.795 | V8: 14444.385 | W8: =(V8-U8)/U8 -> -0.18341611 | X8: 0 | Y8: 0 | Z8: =IF(AND(X8=0,Y8>0),Y8/1,IF(AND(Y8=0,X8=0),0,Y8/X8)) -> 0 | AA8: 0 | AB8: 0 | AC8: =IFERROR((AB8-AA8)/AA8,0) -> 0 | AD8: 525.69568 | AE8: 1575.9856 | AF8: =(AE8-AD8)/AD8 -> 1.9979048 | AG8: =(T8+W8+AF8)/9 -> 0.22990035 | AH8: =IF(OR(AG8>10%,AG8<-10%),0,1) -> 0
A9: {=VLOOKUP(B9,'1.1'!$B$5:$V$89,21,FALSE)} -> 4 | B9: УФК ПО РЕСПУБЛИКЕ БУРЯТИЯ | C9: 11857951 | D9: 16669964 | E9: 18405143 | F9: 1432990.4 | G9: 3742303.7 | H9: 3299562 | I9: 0 | J9: 0 | K9: 0 | L9: 0 | M9: 0 | N9: 0 | O9: 75715.99 | P9: 0 | Q9: 0 | R9: 46933.058 | S9: 54037.752 | T9: =(S9-R9)/R9 -> 0.15137932 | U9: 8474.8561 | V9: 9332.8849 | W9: =(V9-U9)/U9 -> 0.10124405 | X9: 0 | Y9: 0 | Z9: =IF(AND(X9=0,Y9>0),Y9/1,IF(AND(Y9=0,X9=0),0,Y9/X9)) -> 0 | AA9: 0 | AB9: 0 | AC9: =IFERROR((AB9-AA9)/AA9,0) -> 0 | AD9: 75.71599 | AE9: 4266.9877 | AF9: =(AE9-AD9)/AD9 -> 55.355173 | AG9: =(T9+W9+AF9)/9 -> 6.178644 | AH9: =IF(OR(AG9>10%,AG9<-10%),0,1) -> 0
A10: {=VLOOKUP(B10,'1.1'!$B$5:$V$89,21,FALSE)} -> 5 | B10: УФК ПО РЕСПУБЛИКЕ ДАГЕСТАН | C10: 4370000 | D10: 17047219 | E10: 52150655 | F10: 6406477.8 | G10: 5000000 | H10: 10033124 | I10: 0 | J10: 0 | K10: 0 | L10: 0 | M10: 0 | N10: 0 | O10: 2737633 | P10: 0 | Q10: 543644.7 | R10: 73567.874 | S10: 77562.644 | T10: =(S10-R10)/R10 -> 0.054300474 | U10: 21439.601 | V10: 25165.149 | W10: =(V10-U10)/U10 -> 0.17376944 | X10: 0 | Y10: 0 | Z10: =IF(AND(X10=0,Y10>0),Y10/1,IF(AND(Y10=0,X10=0),0,Y10/X10)) -> 0 | AA10: 0 | AB10: 0 | AC10: =IFERROR((AB10-AA10)/AA10,0) -> 0 | AD10: 3281.2777 | AE10: 4449.2777 | AF10: =(AE10-AD10)/AD10 -> 0.3559589 | AG10: =(T10+W10+AF10)/9 -> 0.06489209 | AH10: =IF(OR(AG10>10%,AG10<-10%),0,1) -> 1
A11: {=VLOOKUP(B11,'1.1'!$B$5:$V$89,21,FALSE)} -> 6 | B11: УФК ПО РЕСПУБЛИКЕ ИНГУШЕТИЯ | C11: 4544617.8 | D11: 4376500 | E11: 5405079.3 | F11: 2664297.2 | G11: 2384290.2 | H11: 2585878.2 | I11: 0 | J11: 0 | K11: 0 | L11: 0 | M11: 0 | N11: 0 | O11: 3000 | P11: 0 | Q11: 335070.59 | R11: 14326.197 | S11: 15428.186 | T11: =(S11-R11)/R11 -> 0.076921217 | U11: 7634.4657 | V11: 9370.0585 | W11: =(V11-U11)/U11 -> 0.22733651 | X11: 0 | Y11: 0 | Z11: =IF(AND(X11=0,Y11>0),Y11/1,IF(AND(Y11=0,X11=0),0,Y11/X11)) -> 0 | AA11: 0 | AB11: 0 | AC11: =IFERROR((AB11-AA11)/AA11,0) -> 0 | AD11: 338.07059 | AE11: 555.8151 | AF11: =(AE11-AD11)/AD11 -> 0.64408001 | AG11: =(T11+W11+AF11)/9 -> 0.10537086 | AH11: =IF(OR(AG11>10%,AG11<-10%),0,1) -> 0
A12: {=VLOOKUP(B12,'1.1'!$B$5:$V$89,21,FALSE)} -> 7 | B12: УФК ПО КАБАРДИНО-БАЛКАРСКОЙ РЕСПУБЛИКЕ | C12: 6685845 | D12: 5586790 | E12: 7699646.7 | F12: 1520031.8 | G12: 1405178 | H12: 1379773.5 | I12: 0 | J12: 0 | K12: 0 | L12: 0 | M12: 0 | N12: 0 | O12: 3166317 | P12: 0 | Q12: 3166318 | R12: 19972.282 | S12: 32516.536 | T12: =(S12-R12)/R12 -> 0.6280832 | U12: 4304.9833 | V12: 7853.6786 | W12: =(V12-U12)/U12 -> 0.82432265 | X12: 0 | Y12: 0 | Z12: =IF(AND(X12=0,Y12>0),Y12/1,IF(AND(Y12=0,X12=0),0,Y12/X12)) -> 0 | AA12: 0 | AB12: 0 | AC12: =IFERROR((AB12-AA12)/AA12,0) -> 0 | AD12: 6332.635 | AE12: 3686.258 | AF12: =(AE12-AD12)/AD12 -> -0.41789508 | AG12: =(T12+W12+AF12)/9 -> 0.11494564 | AH12: =IF(OR(AG12>10%,AG12<-10%),0,1) -> 0
A13: {=VLOOKUP(B13,'1.1'!$B$5:$V$89,21,FALSE)} -> 8 | B13: УФК ПО РЕСПУБЛИКЕ КАЛМЫКИЯ | C13: 3737331 | D13: 7838039.6 | E13: 7753651.5 | F13: 2652032.6 | G13: 2285141.8 | H13: 2195741.8 | I13: 0 | J13: 0 | K13: 0 | L13: 0 | M13: 0 | N13: 0 | O13: 0 | P13: 0 | Q13: 485168.95 | R13: 19329.022 | S13: 17402.736 | T13: =(S13-R13)/R13 -> -0.099657707 | U13: 7132.9161 | V13: 9505.2843 | W13: =(V13-U13)/U13 -> 0.33259443 | X13: 0 | Y13: 16.5737 | Z13: =IF(AND(X13=0,Y13>0),Y13/1,IF(AND(Y13=0,X13=0),0,Y13/X13)) -> 16.5737 | AA13: 0 | AB13: 0 | AC13: =IFERROR((AB13-AA13)/AA13,0) -> 0 | AD13: 485.16895 | AE13: 624.8549 | AF13: =(AE13-AD13)/AD13 -> 0.28791197 | AG13: =(T13+W13+AF13)/9 -> 0.057872078 | AH13: =IF(OR(AG13>10%,AG13<-10%),0,1) -> 1
A14: {=VLOOKUP(B14,'1.1'!$B$5:$V$89,21,FALSE)} -> 9 | B14: УФК ПО КАРАЧАЕВО-ЧЕРКЕССКОЙ РЕСПУБЛИКЕ | C14: 8591182.9 | D14: 8591182.9 | E14: 8591182.9 | F14: 6123142.1 | G14: 6010042.1 | H14: 6010042.1 | I14: 0 | J14: 0 | K14: 0 | L14: 0 | M14: 0 | N14: 0 | O14: 0 | P14: 0 | Q14: 303773 | R14: 25773.549 | S14: 27265.93 | T14: =(S14-R14)/R14 -> 0.057903604 | U14: 18143.226 | V14: 35461.198 | W14: =(V14-U14)/U14 -> 0.95451444 | X14: 0 | Y14: 0 | Z14: =IF(AND(X14=0,Y14>0),Y14/1,IF(AND(Y14=0,X14=0),0,Y14/X14)) -> 0 | AA14: 0 | AB14: 0 | AC14: =IFERROR((AB14-AA14)/AA14,0) -> 0 | AD14: 303.773 | AE14: 737.947 | AF14: =(AE14-AD14)/AD14 -> 1.4292712 | AG14: =(T14+W14+AF14)/9 -> 0.27129881 | AH14: =IF(OR(AG14>10%,AG14<-10%),0,1) -> 0
A15: {=VLOOKUP(B15,'1.1'!$B$5:$V$89,21,FALSE)} -> 10 | B15: УФК ПО РЕСПУБЛИКЕ КАРЕЛИЯ | C15: 16951791 | D15: 17993707 | E15: 33634253 | F15: 2125224.6 | G15: 3924788.6 | H15: 4372277.2 | I15: 0 | J15: 0 | K15: 0 | L15: 0 | M15: 0 | N15: 0 | O15: 100067 | P15: 332634.21 | Q15: 0 | R15: 68579.751 | S15: 80121.873 | T15: =(S15-R15)/R15 -> 0.16830219 | U15: 10422.29 | V15: 9434.2161 | W15: =(V15-U15)/U15 -> -0.094803958 | X15: 0 | Y15: 276.5457 | Z15: =IF(AND(X15=0,Y15>0),Y15/1,IF(AND(Y15=0,X15=0),0,Y15/X15)) -> 276.5457 | AA15: 0 | AB15: 0 | AC15: =IFERROR((AB15-AA15)/AA15,0) -> 0 | AD15: 432.70121 | AE15: 683.0012 | AF15: =(AE15-AD15)/AD15 -> 0.57845919 | AG15: =(T15+W15+AF15)/9 -> 0.072439713 | AH15: =IF(OR(AG15>10%,AG15<-10%),0,1) -> 1
A16: {=VLOOKUP(B16,'1.1'!$B$5:$V$89,21,FALSE)} -> 11 | B16: УФК ПО РЕСПУБЛИКЕ КОМИ | C16: 20447313 | D16: 7170000 | E16: 32051973 | F16: 2442300 | G16: 4821000 | H16: 4963458.3 | I16: 0 | J16: 0 | K16: 0 | L16: 0 | M16: 0 | N16: 0 | O16: 753600 | P16: 0 | Q16: 1077498.1 | R16: 59669.286 | S16: 61101.122 | T16: =(S16-R16)/R16 -> 0.023996191 | U16: 12226.758 | V16: 10596.434 | W16: =(V16-U16)/U16 -> -0.1333407 | X16: 0 | Y16: 348.7143 | Z16: =IF(AND(X16=0,Y16>0),Y16/1,IF(AND(Y16=0,X16=0),0,Y16/X16)) -> 348.7143 | AA16: 0 | AB16: 0 | AC16: =IFERROR((AB16-AA16)/AA16,0) -> 0 | AD16: 1831.0981 | AE16: 1769.4958 | AF16: =(AE16-AD16)/AD16 -> -0.033642282 | AG16: =(T16+W16+AF16)/9 -> -0.015887422 | AH16: =IF(OR(AG16>10%,AG16<-10%),0,1) -> 1
A17: {=VLOOKUP(B17,'1.1'!$B$5:$V$89,21,FALSE)} -> 12 | B17: УФК ПО РЕСПУБЛИКЕ МАРИЙ ЭЛ | C17: 6825529.7 | D17: 7107625.8 | E17: 13231800 | F17: 1553001.5 | G17: 2552100 | H17: 5703557.3 | I17: 0 | J17: 0 | K17: 0 | L17: 0 | M17: 0 | N17: 0 | O17: 4999 | P17: 0 | Q17: 1040344.8 | R17: 27164.956 | S17: 29133.501 | T17: =(S17-R17)/R17 -> 0.07246635 | U17: 9808.6588 | V17: 7314.5673 | W17: =(V17-U17)/U17 -> -0.25427447 | X17: 0 | Y17: 0 | Z17: =IF(AND(X17=0,Y17>0),Y17/1,IF(AND(Y17=0,X17=0),0,Y17/X17)) -> 0 | AA17: 0 | AB17: 0 | AC17: =IFERROR((AB17-AA17)/AA17,0) -> 0 | AD17: 1045.3438 | AE17: 1228.9159 | AF17: =(AE17-AD17)/AD17 -> 0.17560927 | AG17: =(T17+W17+AF17)/9 -> -0.00068876059 | AH17: =IF(OR(AG17>10%,AG17<-10%),0,1) -> 1
A18: {=VLOOKUP(B18,'1.1'!$B$5:$V$89,21,FALSE)} -> 13 | B18: УФК ПО РЕСПУБЛИКЕ МОРДОВИЯ | C18: 17381300 | D18: 17381300 | E18: 18232405 | F18: 3671892.1 | G18: 3978692.2 | H18: 9225543 | I18: 0 | J18: 0 | K18: 0 | L18: 0 | M18: 0 | N18: 0 | O18: 2563740 | P18: 0 | Q18: 870981.55 | R18: 52995.005 | S18: 54403.591 | T18: =(S18-R18)/R18 -> 0.0265796 | U18: 16876.127 | V18: 13723.411 | W18: =(V18-U18)/U18 -> -0.18681517 | X18: 0 | Y18: 0 | Z18: =IF(AND(X18=0,Y18>0),Y18/1,IF(AND(Y18=0,X18=0),0,Y18/X18)) -> 0 | AA18: 0 | AB18: 0 | AC18: =IFERROR((AB18-AA18)/AA18,0) -> 0 | AD18: 3434.7215 | AE18: 4565.1215 | AF18: =(AE18-AD18)/AD18 -> 0.32910963 | AG18: =(T18+W18+AF18)/9 -> 0.018763785 | AH18: =IF(OR(AG18>10%,AG18<-10%),0,1) -> 1
A19: {=VLOOKUP(B19,'1.1'!$B$5:$V$89,21,FALSE)} -> 14 | B19: УФК ПО РЕСПУБЛИКЕ САХА (ЯКУТИЯ) | C19: 17472097 | D19: 20254170 | E19: 52306114 | F19: 3954758.2 | G19: 5118322.9 | H19: 12752901 | I19: 0 | J19: 0 | K19: 0 | L19: 0 | M19: 0 | N19: 0 | O19: 2477115 | P19: 0 | Q19: 1235478.3 | R19: 90032.381 | S19: 92631.937 | T19: =(S19-R19)/R19 -> 0.028873573 | U19: 21825.982 | V19: 18308.824 | W19: =(V19-U19)/U19 -> -0.1611455 | X19: 0 | Y19: 896.1221 | Z19: =IF(AND(X19=0,Y19>0),Y19/1,IF(AND(Y19=0,X19=0),0,Y19/X19)) -> 896.1221 | AA19: 0 | AB19: 0 | AC19: =IFERROR((AB19-AA19)/AA19,0) -> 0 | AD19: 3712.5933 | AE19: 4452.4453 | AF19: =(AE19-AD19)/AD19 -> 0.19928174 | AG19: =(T19+W19+AF19)/9 -> 0.007445535 | AH19: =IF(OR(AG19>10%,AG19<-10%),0,1) -> 1
A20: {=VLOOKUP(B20,'1.1'!$B$5:$V$89,21,FALSE)} -> 15 | B20: УФК ПО РЕСПУБЛИКЕ СЕВЕРНАЯ ОСЕТИЯ-АЛАНИЯ | C20: 10102216 | D20: 10001000 | E20: 11082833 | F20: 3527600 | G20: 3664900 | H20: 3493804.6 | I20: 0 | J20: 0 | K20: 0 | L20: 0 | M20: 0 | N20: 0 | O20: 962062 | P20: 0 | Q20: 962064.37 | R20: 31186.049 | S20: 34712.293 | T20: =(S20-R20)/R20 -> 0.11307121 | U20: 10686.305 | V20: 10187.952 | W20: =(V20-U20)/U20 -> -0.046634721 | X20: 0 | Y20: 0 | Z20: =IF(AND(X20=0,Y20>0),Y20/1,IF(AND(Y20=0,X20=0),0,Y20/X20)) -> 0 | AA20: 0 | AB20: 0 | AC20: =IFERROR((AB20-AA20)/AA20,0) -> 0 | AD20: 1924.1264 | AE20: 1827.729 | AF20: =(AE20-AD20)/AD20 -> -0.050099293 | AG20: =(T20+W20+AF20)/9 -> 0.0018152442 | AH20: =IF(OR(AG20>10%,AG20<-10%),0,1) -> 1
... A28: {=VLOOKUP(B28,'1.1'!$B$5:$V$89,21,FALSE)} -> 23 | B28: УФК ПО ЗАБАЙКАЛЬСКОМУ КРАЮ | C28: 29013860 | D28: 33079051 | E28: 33380724 | F28: 4921125 | G28: 7052847.7 | H28: 10329973 | I28: 0 | J28: 0 | K28: 0 | L28: 0 | M28: 0 | N28: 0 | O28: 89027.35 | P28: 1200000 | Q28: 844989.61 | R28: 95473.635 | S28: 98163.427 | T28: =(S28-R28)/R28 -> 0.028173134 | U28: 22303.946 | V28: 21726.508 | W28: =(V28-U28)/U28 -> -0.025889499 | X28: 0 | Y28: 135.9721 | Z28: =IF(AND(X28=0,Y28>0),Y28/1,IF(AND(Y28=0,X28=0),0,Y28/X28)) -> 135.9721 | AA28: 0 | AB28: 0 | AC28: =IFERROR((AB28-AA28)/AA28,0) -> 0 | AD28: 2134.017 | AE28: 2394.417 | AF28: =(AE28-AD28)/AD28 -> 0.12202342 | AG28: =(T28+W28+AF28)/9 -> 0.013811895 | AH28: =IF(OR(AG28>10%,AG28<-10%),0,1) -> 1
A29: {=VLOOKUP(B29,'1.1'!$B$5:$V$89,21,FALSE)} -> 24 | B29: УФК ПО КАМЧАТСКОМУ КРАЮ | C29: 21417144 | D29: 14047260 | E29: 15818560 | F29: 7899516.9 | G29: 7769314.3 | H29: 6500163.7 | I29: 0 | J29: 0 | K29: 0 | L29: 14100000 | M29: 14000000 | N29: 2983502.4 | O29: 416873 | P29: 0 | Q29: 485618.37 | R29: 51282.965 | S29: 55087.236 | T29: =(S29-R29)/R29 -> 0.074181977 | U29: 22168.995 | V29: 21269.119 | W29: =(V29-U29)/U29 -> -0.040591653 | X29: 0 | Y29: 33.0518 | Z29: =IF(AND(X29=0,Y29>0),Y29/1,IF(AND(Y29=0,X29=0),0,Y29/X29)) -> 33.0518 | AA29: 31083.502 | AB29: 31083.493 | AC29: =IFERROR((AB29-AA29)/AA29,0) -> -2.9018609e-07 | AD29: 902.49137 | AE29: 949.195 | AF29: =(AE29-AD29)/AD29 -> 0.051749669 | AG29: =(T29+W29+AC29+AF29)/12 -> 0.0071116419 | AH29: =IF(OR(AG29>10%,AG29<-10%),0,1) -> 1
A30: {=VLOOKUP(B30,'1.1'!$B$5:$V$89,21,FALSE)} -> 25 | B30: УФК ПО КРАСНОДАРСКОМУ КРАЮ | C30: 36483391 | D30: 62874679 | E30: 71927608 | F30: 12797397 | G30: 15620000 | H30: 19200753 | I30: 0 | J30: 0 | K30: 0 | L30: 0 | M30: 0 | N30: 0 | O30: 3725407 | P30: 0 | Q30: 4634984.7 | R30: 171285.68 | S30: 175506.19 | T30: =(S30-R30)/R30 -> 0.02464017 | U30: 47618.15 | V30: 50836.632 | W30: =(V30-U30)/U30 -> 0.067589409 | X30: 0 | Y30: 0 | Z30: =IF(AND(X30=0,Y30>0),Y30/1,IF(AND(Y30=0,X30=0),0,Y30/X30)) -> 0 | AA30: 0 | AB30: 0 | AC30: =IFERROR((AB30-AA30)/AA30,0) -> 0 | AD30: 8360.3917 | AE30: 8360.3892 | AF30: =(AE30-AD30)/AD30 -> -3.026174e-07 | AG30: =(T30+W30+AF30)/9 -> 0.010247697 | AH30: =IF(OR(AG30>10%,AG30<-10%),0,1) -> 1
A31: {=VLOOKUP(B31,'1.1'!$B$5:$V$89,21,FALSE)} -> 26 | B31: УФК ПО КРАСНОЯРСКОМУ КРАЮ | C31: 49210552 | D31: 49087006 | E31: 74047372 | F31: 8729686.1 | G31: 9581463.1 | H31: 18379546 | I31: 0 | J31: 0 | K31: 0 | L31: 0 | M31: 0 | N31: 0 | O31: 118994 | P31: 0 | Q31: 45098.02 | R31: 172344.93 | S31: 193647.56 | T31: =(S31-R31)/R31 -> 0.12360461 | U31: 36690.696 | V31: 31884.861 | W31: =(V31-U31)/U31 -> -0.13098237 | X31: 0 | Y31: 1188.7933 | Z31: =IF(AND(X31=0,Y31>0),Y31/1,IF(AND(Y31=0,X31=0),0,Y31/X31)) -> 1188.7933 | AA31: 0 | AB31: 0 | AC31: =IFERROR((AB31-AA31)/AA31,0) -> 0 | AD31: 164.09202 | AE31: 2351.9715 | AF31: =(AE31-AD31)/AD31 -> 13.333247 | AG31: =(T31+W31+AF31)/9 -> 1.4806522 | AH31: =IF(OR(AG31>10%,AG31<-10%),0,1) -> 0
A32: {=VLOOKUP(B32,'1.1'!$B$5:$V$89,21,FALSE)} -> 27 | B32: УФК ПО ПЕРМСКОМУ КРАЮ | C32: 23712297 | D32: 32133697 | E32: 55541177 | F32: 4521397.4 | G32: 6870862.2 | H32: 13039386 | I32: 0 | J32: 0 | K32: 0 | L32: 0 | M32: 0 | N32: 0 | O32: 123807.37 | P32: 4244.44 | Q32: 2323158.3 | R32: 111387.17 | S32: 113484 | T32: =(S32-R32)/R32 -> 0.018824702 | U32: 24431.645 | V32: 19423.048 | W32: =(V32-U32)/U32 -> -0.20500451 | X32: 0 | Y32: 146.4 | Z32: =IF(AND(X32=0,Y32>0),Y32/1,IF(AND(Y32=0,X32=0),0,Y32/X32)) -> 146.4 | AA32: 0 | AB32: 0 | AC32: =IFERROR((AB32-AA32)/AA32,0) -> 0 | AD32: 2451.2101 | AE32: 3200.9232 | AF32: =(AE32-AD32)/AD32 -> 0.30585426 | AG32: =(T32+W32+AF32)/9 -> 0.013297162 | AH32: =IF(OR(AG32>10%,AG32<-10%),0,1) -> 1
A33: {=VLOOKUP(B33,'1.1'!$B$5:$V$89,21,FALSE)} -> 28 | B33: УФК ПО ПРИМОРСКОМУ КРАЮ | C33: 14078300 | D33: 27304489 | E33: 65959675 | F33: 3319151.2 | G33: 6489027.1 | H33: 10429738 | I33: 0 | J33: 0 | K33: 0 | L33: 0 | M33: 0 | N33: 0 | O33: 66500 | P33: 0 | Q33: 1257203.3 | R33: 107342.46 | S33: 110238.33 | T33: =(S33-R33)/R33 -> 0.026977857 | U33: 20237.916 | V33: 18560.2 | W33: =(V33-U33)/U33 -> -0.082899659 | X33: 0 | Y33: 0 | Z33: =IF(AND(X33=0,Y33>0),Y33/1,IF(AND(Y33=0,X33=0),0,Y33/X33)) -> 0 | AA33: 0 | AB33: 0 | AC33: =IFERROR((AB33-AA33)/AA33,0) -> 0 | AD33: 1323.7033 | AE33: 1598.5033 | AF33: =(AE33-AD33)/AD33 -> 0.2075994 | AG33: =(T33+W33+AF33)/9 -> 0.016853067 | AH33: =IF(OR(AG33>10%,AG33<-10%),0,1) -> 1
A34: {=VLOOKUP(B34,'1.1'!$B$5:$V$89,21,FALSE)} -> 29 | B34: УФК ПО СТАВРОПОЛЬСКОМУ КРАЮ | C34: 19199999 | D34: 24238136 | E34: 24210914 | F34: 2379501.6 | G34: 6724867.5 | H34: 6316560.3 | I34: 0 | J34: 0 | K34: 0 | L34: 0 | M34: 0 | N34: 0 | O34: 15500 | P34: 3214691.6 | Q34: 31576.61 | R34: 67649.05 | S34: 73979.202 | T34: =(S34-R34)/R34 -> 0.093573408 | U34: 15420.929 | V34: 23823.42 | W34: =(V34-U34)/U34 -> 0.54487576 | X34: 0 | Y34: 23.2343 | Z34: =IF(AND(X34=0,Y34>0),Y34/1,IF(AND(Y34=0,X34=0),0,Y34/X34)) -> 23.2343 | AA34: 0 | AB34: 0 | AC34: =IFERROR((AB34-AA34)/AA34,0) -> 0 | AD34: 3261.7682 | AE34: 5807.1382 | AF34: =(AE34-AD34)/AD34 -> 0.78036507 | AG34: =(T34+W34+AF34)/9 -> 0.15764603 | AH34: =IF(OR(AG34>10%,AG34<-10%),0,1) -> 0
A35: {=VLOOKUP(B35,'1.1'!$B$5:$V$89,21,FALSE)} -> 30 | B35: УФК ПО ХАБАРОВСКОМУ КРАЮ | C35: 25859781 | D35: 46009840 | E35: 30106163 | F35: 4511338.6 | G35: 9530548.2 | H35: 13010904 | I35: 0 | J35: 0 | K35: 0 | L35: 0 | M35: 0 | N35: 0 | O35: 47907 | P35: 0 | Q35: 153516.53 | R35: 101975.78 | S35: 108368.06 | T35: =(S35-R35)/R35 -> 0.062684297 | U35: 27052.79 | V35: 26693.145 | W35: =(V35-U35)/U35 -> -0.013294195 | X35: 0 | Y35: 0 | Z35: =IF(AND(X35=0,Y35>0),Y35/1,IF(AND(Y35=0,X35=0),0,Y35/X35)) -> 0 | AA35: 0 | AB35: 0 | AC35: =IFERROR((AB35-AA35)/AA35,0) -> 0 | AD35: 201.42353 | AE35: 971.8235 | AF35: =(AE35-AD35)/AD35 -> 3.8247764 | AG35: =(T35+W35+AF35)/9 -> 0.43046295 | AH35: =IF(OR(AG35>10%,AG35<-10%),0,1) -> 0
A36: {=VLOOKUP(B36,'1.1'!$B$5:$V$89,21,FALSE)} -> 31 | B36: УФК ПО АМУРСКОЙ ОБЛАСТИ | C36: 16709775 | D36: 17686650 | E36: 22879731 | F36: 2497018 | G36: 4249000 | H36: 7120059 | I36: 0 | J36: 0 | K36: 0 | L36: 0 | M36: 0 | N36: 0 | O36: 894907 | P36: 0 | Q36: 149968.8 | R36: 57276.156 | S36: 66505.227 | T36: =(S36-R36)/R36 -> 0.16113288 | U36: 13866.077 | V36: 12517.166 | W36: =(V36-U36)/U36 -> -0.097281401 | X36: 0 | Y36: 0 | Z36: =IF(AND(X36=0,Y36>0),Y36/1,IF(AND(Y36=0,X36=0),0,Y36/X36)) -> 0 | AA36: 0 | AB36: 0 | AC36: =IFERROR((AB36-AA36)/AA36,0) -> 0 | AD36: 1044.8758 | AE36: 1542.3134 | AF36: =(AE36-AD36)/AD36 -> 0.47607342 | AG36: =(T36+W36+AF36)/9 -> 0.059991656 | AH36: =IF(OR(AG36>10%,AG36<-10%),0,1) -> 1
A37: {=VLOOKUP(B37,'1.1'!$B$5:$V$89,21,FALSE)} -> 32 | B37: УФК ПО АРХАНГЕЛЬСКОЙ ОБЛАСТИ И НЕНЕЦКОМУ АВТОНОМНОМУ ОКРУГУ | C37: 22136000 | D37: 33632937 | E37: 33641356 | F37: 5841464.8 | G37: 8482690.9 | H37: 8152810.8 | I37: 0 | J37: 0 | K37: 0 | L37: 0 | M37: 0 | N37: 0 | O37: 1518069 | P37: 0 | Q37: 549671 | R37: 89410.293 | S37: 91129.871 | T37: =(S37-R37)/R37 -> 0.019232436 | U37: 22476.966 | V37: 21866.496 | W37: =(V37-U37)/U37 -> -0.027159843 | X37: 0 | Y37: 897.0898 | Z37: =IF(AND(X37=0,Y37>0),Y37/1,IF(AND(Y37=0,X37=0),0,Y37/X37)) -> 897.0898 | AA37: 0 | AB37: 0 | AC37: =IFERROR((AB37-AA37)/AA37,0) -> 0 | AD37: 2067.74 | AE37: 2745.34 | AF37: =(AE37-AD37)/AD37 -> 0.32770077 | AG37: =(T37+W37+AF37)/9 -> 0.035530374 | AH37: =IF(OR(AG37>10%,AG37<-10%),0,1) -> 1
A38: {=VLOOKUP(B38,'1.1'!$B$5:$V$89,21,FALSE)} -> 33 | B38: УФК ПО АСТРАХАНСКОЙ ОБЛАСТИ | C38: 11762000 | D38: 11568451 | E38: 14658802 | F38: 1720000 | G38: 3695100 | H38: 3657409.8 | I38: 0 | J38: 0 | K38: 0 | L38: 0 | M38: 0 | N38: 0 | O38: 29000 | P38: 0 | Q38: 333405.5 | R38: 37989.253 | S38: 41326.77 | T38: =(S38-R38)/R38 -> 0.087854252 | U38: 9072.5098 | V38: 6901.3135 | W38: =(V38-U38)/U38 -> -0.23931595 | X38: 0 | Y38: 15.1563 | Z38: =IF(AND(X38=0,Y38>0),Y38/1,IF(AND(Y38=0,X38=0),0,Y38/X38)) -> 15.1563 | AA38: 0 | AB38: 0 | AC38: =IFERROR((AB38-AA38)/AA38,0) -> 0 | AD38: 362.4055 | AE38: 690.2768 | AF38: =(AE38-AD38)/AD38 -> 0.9047084 | AG38: =(T38+W38+AF38)/9 -> 0.083694078 | AH38: =IF(OR(AG38>10%,AG38<-10%),0,1) -> 1
A39: {=VLOOKUP(B39,'1.1'!$B$5:$V$89,21,FALSE)} -> 34 | B39: УФК ПО БЕЛГОРОДСКОЙ ОБЛАСТИ | C39: 11602222 | D39: 11666737 | E39: 12727582 | F39: 1792896.5 | G39: 3258972 | H39: 2890664.8 | I39: 0 | J39: 0 | K39: 0 | L39: 0 | M39: 0 | N39: 0 | O39: 28000 | P39: 0 | Q39: 240152.42 | R39: 35996.542 | S39: 37543.354 | T39: =(S39-R39)/R39 -> 0.042971136 | U39: 7942.5333 | V39: 7082.962 | W39: =(V39-U39)/U39 -> -0.10822382 | X39: 0 | Y39: 0 | Z39: =IF(AND(X39=0,Y39>0),Y39/1,IF(AND(Y39=0,X39=0),0,Y39/X39)) -> 0 | AA39: 0 | AB39: 0 | AC39: =IFERROR((AB39-AA39)/AA39,0) -> 0 | AD39: 268.15242 | AE39: 788.0215 | AF39: =(AE39-AD39)/AD39 -> 1.9387074 | AG39: =(T39+W39+AF39)/9 -> 0.20816163 | AH39: =IF(OR(AG39>10%,AG39<-10%),0,1) -> 0
A40: {=VLOOKUP(B40,'1.1'!$B$5:$V$89,21,FALSE)} -> 35 | B40: УФК ПО БРЯНСКОЙ ОБЛАСТИ | C40: 16752657 | D40: 26930644 | E40: 26930644 | F40: 3645384.1 | G40: 6185402.1 | H40: 5836702.1 | I40: 0 | J40: 0 | K40: 0 | L40: 0 | M40: 0 | N40: 0 | O40: 2427715.6 | P40: 0 | Q40: 530856.64 | R40: 70613.944 | S40: 72895.477 | T40: =(S40-R40)/R40 -> 0.032309941 | U40: 15667.488 | V40: 12590.566 | W40: =(V40-U40)/U40 -> -0.19638901 | X40: 0 | Y40: 0 | Z40: =IF(AND(X40=0,Y40>0),Y40/1,IF(AND(Y40=0,X40=0),0,Y40/X40)) -> 0 | AA40: 0 | AB40: 0 | AC40: =IFERROR((AB40-AA40)/AA40,0) -> 0 | AD40: 2958.5722 | AE40: 3157.0644 | AF40: =(AE40-AD40)/AD40 -> 0.067090538 | AG40: =(T40+W40+AF40)/9 -> -0.010776503 | AH40: =IF(OR(AG40>10%,AG40<-10%),0,1) -> 1
A41: {=VLOOKUP(B41,'1.1'!$B$5:$V$89,21,FALSE)} -> 36 | B41: УФК ПО ВЛАДИМИРСКОЙ ОБЛАСТИ | C41: 17815060 | D41: 17419023 | E41: 30941020 | F41: 2887025.8 | G41: 4965429.5 | H41: 2.2955955e+08 | I41: 0 | J41: 0 | K41: 0 | L41: 0 | M41: 0 | N41: 0 | O41: 10906.67 | P41: 814 | Q41: 19132.12 | R41: 66175.103 | S41: 73457.724 | T41: =(S41-R41)/R41 -> 0.11005077 | U41: 237412.01 | V41: 143977.78 | W41: =(V41-U41)/U41 -> -0.39355308 | X41: 0 | Y41: 0 | Z41: =IF(AND(X41=0,Y41>0),Y41/1,IF(AND(Y41=0,X41=0),0,Y41/X41)) -> 0 | AA41: 0 | AB41: 0 | AC41: =IFERROR((AB41-AA41)/AA41,0) -> 0 | AD41: 30.85279 | AE41: 3252.8993 | AF41: =(AE41-AD41)/AD41 -> 104.43291 | AG41: =(T41+W41+AF41)/9 -> 11.572156 | AH41: =IF(OR(AG41>10%,AG41<-10%),0,1) -> 0
... A90: {=VLOOKUP(B90,'1.1'!$B$5:$V$89,21,FALSE)} -> 85 | B90: МЕЖРЕГИОНАЛЬНОЕ ОПЕРАЦИОННОЕ УФК | C90: 41169609 | D90: 40506509 | E90: 49170311 | F90: 1834553.2 | G90: 1507155.2 | H90: 7802604.4 | I90: 0 | J90: 0 | K90: 0 | L90: 0 | M90: 0 | N90: 0 | O90: 1594135 | P90: 0 | Q90: 813379 | R90: 130846.43 | S90: 212642.43 | T90: =(S90-R90)/R90 -> 0.62512979 | U90: 11144.313 | V90: 10399.598 | W90: =(V90-U90)/U90 -> -0.066824631 | X90: 0 | Y90: 0 | Z90: =IF(AND(X90=0,Y90>0),Y90/1,IF(AND(Y90=0,X90=0),0,Y90/X90)) -> 0 | AA90: 0 | AB90: 0 | AC90: =IFERROR((AB90-AA90)/AA90,0) -> 0 | AD90: 2407.514 | AE90: 2555.908 | AF90: =(AE90-AD90)/AD90 -> 0.061637855 | AG90: =(T90+W90+AF90)/9 -> 0.068882557 | AH90: =IF(OR(AG90>10%,AG90<-10%),0,1) -> 1

Sheet 2.5
B1: показатель 2.5 Управление кредиторской задолженностью по расчетам с поставщиками и подрядчиками
E2: касса
A3: № п/п | B3: Наименование ТОФК | C3: Объем кредиторской задолженности | D3: Объем кредиторской задолженности по расчетам с поставщиками и подрядчиками, в тыс. руб. | E3: 200 | F3: 400 | G3: Кассовое исполнение расходов федерального бюджета по главе 100 "Федеральное казначейство" на поставку товаров, выполнение работ, оказание услуг, в тыс. руб. | H3: Кредиторская задолженность по расчетам с поставщиками и подрядчиками | I3: Оценка
A4: 1 | B4: 2 | D4: 3 | G4: 4 | H4: 5=3/4*100 | I4: 6
A5: {=VLOOKUP(B5,'1.1'!$B$5:$V$89,21,FALSE)} -> 1 | B5: УФК ПО РЕСПУБЛИКЕ АДЫГЕЯ | C5: =SUMIF('[1]30221'!$B$3:$C$162,'2.5'!B80,'[1]30221'!$C$3:$C$162) -> #VALUE! | D5: 0 | E5: 6924.8115 | F5: 0 | G5: 6924.8115 | H5: =ROUND(D5/G5*100,2) -> 0 | I5: =IF(H5<=0.002,1,0) -> 1
A6: {=VLOOKUP(B6,'1.1'!$B$5:$V$89,21,FALSE)} -> 2 | B6: УФК ПО РЕСПУБЛИКЕ АЛТАЙ | C6: =SUMIF('[1]30221'!$B$3:$C$162,'2.5'!B81,'[1]30221'!$C$3:$C$162) -> #VALUE! | D6: 0 | E6: 8149.1607 | F6: 0 | G6: 8149.1607 | H6: =ROUND(D6/G6*100,2) -> 0 | I6: =IF(H6<=0.002,1,0) -> 1
A7: {=VLOOKUP(B7,'1.1'!$B$5:$V$89,21,FALSE)} -> 3 | B7: УФК ПО РЕСПУБЛИКЕ БАШКОРТОСТАН | C7: =SUMIF('[1]30221'!$B$3:$C$162,'2.5'!B6,'[1]30221'!$C$3:$C$162) -> #VALUE! | D7: 0 | E7: 14444.385 | F7: 0 | G7: 14444.385 | H7: =ROUND(D7/G7*100,2) -> 0 | I7: =IF(H7<=0.002,1,0) -> 1
A8: {=VLOOKUP(B8,'1.1'!$B$5:$V$89,21,FALSE)} -> 4 | B8: УФК ПО РЕСПУБЛИКЕ БУРЯТИЯ | C8: =SUMIF('[1]30221'!$B$3:$C$162,'2.5'!B5,'[1]30221'!$C$3:$C$162) -> #VALUE! | D8: 0 | E8: 9332.8849 | F8: 0 | G8: 9332.8849 | H8: =ROUND(D8/G8*100,2) -> 0 | I8: =IF(H8<=0.002,1,0) -> 1
A9: {=VLOOKUP(B9,'1.1'!$B$5:$V$89,21,FALSE)} -> 5 | B9: УФК ПО РЕСПУБЛИКЕ ДАГЕСТАН | C9: =SUMIF('[1]30221'!$B$3:$C$162,'2.5'!B7,'[1]30221'!$C$3:$C$162) -> #VALUE! | D9: 0 | E9: 25165.149 | F9: 0 | G9: 25165.149 | H9: =ROUND(D9/G9*100,2) -> 0 | I9: =IF(H9<=0.002,1,0) -> 1
A10: {=VLOOKUP(B10,'1.1'!$B$5:$V$89,21,FALSE)} -> 6 | B10: УФК ПО РЕСПУБЛИКЕ ИНГУШЕТИЯ | C10: =SUMIF('[1]30221'!$B$3:$C$162,'2.5'!B18,'[1]30221'!$C$3:$C$162) -> #VALUE! | D10: 0 | E10: 9370.0585 | F10: 0 | G10: 9370.0585 | H10: =ROUND(D10/G10*100,2) -> 0 | I10: =IF(H10<=0.002,1,0) -> 1
A11: {=VLOOKUP(B11,'1.1'!$B$5:$V$89,21,FALSE)} -> 7 | B11: УФК ПО КАБАРДИНО-БАЛКАРСКОЙ РЕСПУБЛИКЕ | C11: =SUMIF('[1]30221'!$B$3:$C$162,'2.5'!B8,'[1]30221'!$C$3:$C$162) -> #VALUE! | D11: 0 | E11: 7853.6786 | F11: 0 | G11: 7853.6786 | H11: =ROUND(D11/G11*100,2) -> 0 | I11: =IF(H11<=0.002,1,0) -> 1
A12: {=VLOOKUP(B12,'1.1'!$B$5:$V$89,21,FALSE)} -> 8 | B12: УФК ПО РЕСПУБЛИКЕ КАЛМЫКИЯ | C12: =SUMIF('[1]30221'!$B$3:$C$162,'2.5'!B9,'[1]30221'!$C$3:$C$162) -> #VALUE! | D12: 0 | E12: 9505.2843 | F12: 0 | G12: 9505.2843 | H12: =ROUND(D12/G12*100,2) -> 0 | I12: =IF(H12<=0.002,1,0) -> 1
A13: {=VLOOKUP(B13,'1.1'!$B$5:$V$89,21,FALSE)} -> 9 | B13: УФК ПО КАРАЧАЕВО-ЧЕРКЕССКОЙ РЕСПУБЛИКЕ | C13: =SUMIF('[1]30221'!$B$3:$C$162,'2.5'!B83,'[1]30221'!$C$3:$C$162) -> #VALUE! | D13: 0 | E13: 35461.198 | F13: 0 | G13: 35461.198 | H13: =ROUND(D13/G13*100,2) -> 0 | I13: =IF(H13<=0.002,1,0) -> 1
A14: {=VLOOKUP(B14,'1.1'!$B$5:$V$89,21,FALSE)} -> 10 | B14: УФК ПО РЕСПУБЛИКЕ КАРЕЛИЯ | C14: =SUMIF('[1]30221'!$B$3:$C$162,'2.5'!B10,'[1]30221'!$C$3:$C$162) -> #VALUE! | D14: 0 | E14: 9434.2161 | F14: 0 | G14: 9434.2161 | H14: =ROUND(D14/G14*100,2) -> 0 | I14: =IF(H14<=0.002,1,0) -> 1
A15: {=VLOOKUP(B15,'1.1'!$B$5:$V$89,21,FALSE)} -> 11 | B15: УФК ПО РЕСПУБЛИКЕ КОМИ | C15: =SUMIF('[1]30221'!$B$3:$C$162,'2.5'!B11,'[1]30221'!$C$3:$C$162) -> #VALUE! | D15: 0 | E15: 10596.434 | F15: 0 | G15: 10596.434 | H15: =ROUND(D15/G15*100,2) -> 0 | I15: =IF(H15<=0.002,1,0) -> 1
A16: {=VLOOKUP(B16,'1.1'!$B$5:$V$89,21,FALSE)} -> 12 | B16: УФК ПО РЕСПУБЛИКЕ МАРИЙ ЭЛ | C16: =SUMIF('[1]30221'!$B$3:$C$162,'2.5'!B12,'[1]30221'!$C$3:$C$162) -> #VALUE! | D16: 0 | E16: 7314.5673 | F16: 0 | G16: 7314.5673 | H16: =ROUND(D16/G16*100,2) -> 0 | I16: =IF(H16<=0.002,1,0) -> 1
A17: {=VLOOKUP(B17,'1.1'!$B$5:$V$89,21,FALSE)} -> 13 | B17: УФК ПО РЕСПУБЛИКЕ МОРДОВИЯ | C17: =SUMIF('[1]30221'!$B$3:$C$162,'2.5'!B13,'[1]30221'!$C$3:$C$162) -> #VALUE! | D17: 0 | E17: 13723.411 | F17: 0 | G17: 13723.411 | H17: =ROUND(D17/G17*100,2) -> 0 | I17: =IF(H17<=0.002,1,0) -> 1
A18: {=VLOOKUP(B18,'1.1'!$B$5:$V$89,21,FALSE)} -> 14 | B18: УФК ПО РЕСПУБЛИКЕ САХА (ЯКУТИЯ) | C18: =SUMIF('[1]30221'!$B$3:$C$162,'2.5'!B20,'[1]30221'!$C$3:$C$162) -> #VALUE! | D18: 0 | E18: 18308.824 | F18: 0 | G18: 18308.824 | H18: =ROUND(D18/G18*100,2) -> 0 | I18: =IF(H18<=0.002,1,0) -> 1
A19: {=VLOOKUP(B19,'1.1'!$B$5:$V$89,21,FALSE)} -> 15 | B19: УФК ПО РЕСПУБЛИКЕ СЕВЕРНАЯ ОСЕТИЯ-АЛАНИЯ | C19: =SUMIF('[1]30221'!$B$3:$C$162,'2.5'!B14,'[1]30221'!$C$3:$C$162) -> #VALUE! | D19: 0 | E19: 10187.952 | F19: 0 | G19: 10187.952 | H19: =ROUND(D19/G19*100,2) -> 0 | I19: =IF(H19<=0.002,1,0) -> 1
A20: {=VLOOKUP(B20,'1.1'!$B$5:$V$89,21,FALSE)} -> 16 | B20: УФК ПО РЕСПУБЛИКЕ ТАТАРСТАН | C20: =SUMIF('[1]30221'!$B$3:$C$162,'2.5'!B15,'[1]30221'!$C$3:$C$162) -> #VALUE! | D20: 0 | E20: 93440.749 | F20: 0 | G20: 93440.749 | H20: =ROUND(D20/G20*100,2) -> 0 | I20: =IF(H20<=0.002,1,0) -> 1
A21: {=VLOOKUP(B21,'1.1'!$B$5:$V$89,21,FALSE)} -> 17 | B21: УФК ПО РЕСПУБЛИКЕ ТЫВА | C21: =SUMIF('[1]30221'!$B$3:$C$162,'2.5'!B16,'[1]30221'!$C$3:$C$162) -> #VALUE! | D21: 0 | E21: 5728.09 | F21: 0 | G21: 5728.09 | H21: =ROUND(D21/G21*100,2) -> 0 | I21: =IF(H21<=0.002,1,0) -> 1
A22: {=VLOOKUP(B22,'1.1'!$B$5:$V$89,21,FALSE)} -> 18 | B22: УФК ПО УДМУРТСКОЙ РЕСПУБЛИКЕ | C22: =SUMIF('[1]30221'!$B$3:$C$162,'2.5'!B17,'[1]30221'!$C$3:$C$162) -> #VALUE! | D22: 0 | E22: 11046.901 | F22: 0 | G22: 11046.901 | H22: =ROUND(D22/G22*100,2) -> 0 | I22: =IF(H22<=0.002,1,0) -> 1
A23: {=VLOOKUP(B23,'1.1'!$B$5:$V$89,21,FALSE)} -> 19 | B23: УФК ПО РЕСПУБЛИКЕ ХАКАСИЯ | C23: =SUMIF('[1]30221'!$B$3:$C$162,'2.5'!B84,'[1]30221'!$C$3:$C$162) -> #VALUE! | D23: 0 | E23: 8799.9404 | F23: 0 | G23: 8799.9404 | H23: =ROUND(D23/G23*100,2) -> 0 | I23: =IF(H23<=0.002,1,0) -> 1
A24: {=VLOOKUP(B24,'1.1'!$B$5:$V$89,21,FALSE)} -> 20 | B24: УФК ПО ЧЕЧЕНСКОЙ РЕСПУБЛИКЕ | C24: =SUMIF('[1]30221'!$B$3:$C$162,'2.5'!B89,'[1]30221'!$C$3:$C$162) -> #VALUE! | D24: 372.81456 | E24: 19614.636 | F24: 0 | G24: 19614.636 | H24: =ROUND(D24/G24*100,2) -> 1.9 | I24: =IF(H24<=0.002,1,0) -> 0
A25: {=VLOOKUP(B25,'1.1'!$B$5:$V$89,21,FALSE)} -> 21 | B25: УФК ПО ЧУВАШСКОЙ РЕСПУБЛИКЕ | C25: =SUMIF('[1]30221'!$B$3:$C$162,'2.5'!B19,'[1]30221'!$C$3:$C$162) -> #VALUE! | D25: 0 | E25: 7570.3341 | F25: 0 | G25: 7570.3341 | H25: =ROUND(D25/G25*100,2) -> 0 | I25: =IF(H25<=0.002,1,0) -> 1
A26: {=VLOOKUP(B26,'1.1'!$B$5:$V$89,21,FALSE)} -> 22 | B26: УФК ПО АЛТАЙСКОМУ КРАЮ | C26: =SUMIF('[1]30221'!$B$3:$C$162,'2.5'!B21,'[1]30221'!$C$3:$C$162) -> #VALUE! | D26: 0 | E26: 54193.246 | F26: 0 | G26: 54193.246 | H26: =ROUND(D26/G26*100,2) -> 0 | I26: =IF(H26<=0.002,1,0) -> 1
A27: {=VLOOKUP(B27,'1.1'!$B$5:$V$89,21,FALSE)} -> 23 | B27: УФК ПО ЗАБАЙКАЛЬСКОМУ КРАЮ | C27: =SUMIF('[1]30221'!$B$3:$C$162,'2.5'!B88,'[1]30221'!$C$3:$C$162) -> #VALUE! | D27: 0 | E27: 21726.508 | F27: 0 | G27: 21726.508 | H27: =ROUND(D27/G27*100,2) -> 0 | I27: =IF(H27<=0.002,1,0) -> 1
A28: {=VLOOKUP(B28,'1.1'!$B$5:$V$89,21,FALSE)} -> 24 | B28: УФК ПО КАМЧАТСКОМУ КРАЮ | C28: =SUMIF('[1]30221'!$B$3:$C$162,'2.5'!B42,'[1]30221'!$C$3:$C$162) -> #VALUE! | D28: 0 | E28: 21269.119 | F28: 31083.493 | G28: 52352.612 | H28: =ROUND(D28/G28*100,2) -> 0 | I28: =IF(H28<=0.002,1,0) -> 1
A29: {=VLOOKUP(B29,'1.1'!$B$5:$V$89,21,FALSE)} -> 25 | B29: УФК ПО КРАСНОДАРСКОМУ КРАЮ | C29: =SUMIF('[1]30221'!$B$3:$C$162,'2.5'!B22,'[1]30221'!$C$3:$C$162) -> #VALUE! | D29: 0 | E29: 50836.632 | F29: 0 | G29: 50836.632 | H29: =ROUND(D29/G29*100,2) -> 0 | I29: =IF(H29<=0.002,1,0) -> 1
A30: {=VLOOKUP(B30,'1.1'!$B$5:$V$89,21,FALSE)} -> 26 | B30: УФК ПО КРАСНОЯРСКОМУ КРАЮ | C30: =SUMIF('[1]30221'!$B$3:$C$162,'2.5'!B23,'[1]30221'!$C$3:$C$162) -> #VALUE! | D30: 0 | E30: 31884.861 | F30: 0 | G30: 31884.861 | H30: =ROUND(D30/G30*100,2) -> 0 | I30: =IF(H30<=0.002,1,0) -> 1
A31: {=VLOOKUP(B31,'1.1'!$B$5:$V$89,21,FALSE)} -> 27 | B31: УФК ПО ПЕРМСКОМУ КРАЮ | C31: =SUMIF('[1]30221'!$B$3:$C$162,'2.5'!B60,'[1]30221'!$C$3:$C$162) -> #VALUE! | D31: 0 | E31: 19423.048 | F31: 0 | G31: 19423.048 | H31: =ROUND(D31/G31*100,2) -> 0 | I31: =IF(H31<=0.002,1,0) -> 1
A32: {=VLOOKUP(B32,'1.1'!$B$5:$V$89,21,FALSE)} -> 28 | B32: УФК ПО ПРИМОРСКОМУ КРАЮ | C32: =SUMIF('[1]30221'!$B$3:$C$162,'2.5'!B24,'[1]30221'!$C$3:$C$162) -> #VALUE! | D32: 0 | E32: 18560.2 | F32: 0 | G32: 18560.2 | H32: =ROUND(D32/G32*100,2) -> 0 | I32: =IF(H32<=0.002,1,0) -> 1
A33: {=VLOOKUP(B33,'1.1'!$B$5:$V$89,21,FALSE)} -> 29 | B33: УФК ПО СТАВРОПОЛЬСКОМУ КРАЮ | C33: =SUMIF('[1]30221'!$B$3:$C$162,'2.5'!B25,'[1]30221'!$C$3:$C$162) -> #VALUE! | D33: 0 | E33: 23823.42 | F33: 0 | G33: 23823.42 | H33: =ROUND(D33/G33*100,2) -> 0 | I33: =IF(H33<=0.002,1,0) -> 1
A34: {=VLOOKUP(B34,'1.1'!$B$5:$V$89,21,FALSE)} -> 30 | B34: УФК ПО ХАБАРОВСКОМУ КРАЮ | C34: =SUMIF('[1]30221'!$B$3:$C$162,'2.5'!B26,'[1]30221'!$C$3:$C$162) -> #VALUE! | D34: 0 | E34: 26693.145 | F34: 0 | G34: 26693.145 | H34: =ROUND(D34/G34*100,2) -> 0 | I34: =IF(H34<=0.002,1,0) -> 1
A35: {=VLOOKUP(B35,'1.1'!$B$5:$V$89,21,FALSE)} -> 31 | B35: УФК ПО АМУРСКОЙ ОБЛАСТИ | C35: =SUMIF('[1]30221'!$B$3:$C$162,'2.5'!B27,'[1]30221'!$C$3:$C$162) -> #VALUE! | D35: 0 | E35: 12517.166 | F35: 0 | G35: 12517.166 | H35: =ROUND(D35/G35*100,2) -> 0 | I35: =IF(H35<=0.002,1,0) -> 1
A36: {=VLOOKUP(B36,'1.1'!$B$5:$V$89,21,FALSE)} -> 32 | B36: УФК ПО АРХАНГЕЛЬСКОЙ ОБЛАСТИ И НЕНЕЦКОМУ АВТОНОМНОМУ ОКРУГУ | C36: =SUMIF('[1]30221'!$B$3:$C$162,'2.5'!B28,'[1]30221'!$C$3:$C$162) -> #VALUE! | D36: 0 | E36: 21866.496 | F36: 0 | G36: 21866.496 | H36: =ROUND(D36/G36*100,2) -> 0 | I36: =IF(H36<=0.002,1,0) -> 1
A37: {=VLOOKUP(B37,'1.1'!$B$5:$V$89,21,FALSE)} -> 33 | B37: УФК ПО АСТРАХАНСКОЙ ОБЛАСТИ | C37: =SUMIF('[1]30221'!$B$3:$C$162,'2.5'!B29,'[1]30221'!$C$3:$C$162) -> #VALUE! | D37: 0 | E37: 6901.3135 | F37: 0 | G37: 6901.3135 | H37: =ROUND(D37/G37*100,2) -> 0 | I37: =IF(H37<=0.002,1,0) -> 1
A38: {=VLOOKUP(B38,'1.1'!$B$5:$V$89,21,FALSE)} -> 34 | B38: УФК ПО БЕЛГОРОДСКОЙ ОБЛАСТИ | C38: =SUMIF('[1]30221'!$B$3:$C$162,'2.5'!B30,'[1]30221'!$C$3:$C$162) -> #VALUE! | D38: 0 | E38: 7082.962 | F38: 0 | G38: 7082.962 | H38: =ROUND(D38/G38*100,2) -> 0 | I38: =IF(H38<=0.002,1,0) -> 1
A39: {=VLOOKUP(B39,'1.1'!$B$5:$V$89,21,FALSE)} -> 35 | B39: УФК ПО БРЯНСКОЙ ОБЛАСТИ | C39: =SUMIF('[1]30221'!$B$3:$C$162,'2.5'!B31,'[1]30221'!$C$3:$C$162) -> #VALUE! | D39: 0 | E39: 12590.566 | F39: 0 | G39: 12590.566 | H39: =ROUND(D39/G39*100,2) -> 0 | I39: =IF(H39<=0.002,1,0) -> 1
A40: {=VLOOKUP(B40,'1.1'!$B$5:$V$89,21,FALSE)} -> 36 | B40: УФК ПО ВЛАДИМИРСКОЙ ОБЛАСТИ | C40: =SUMIF('[1]30221'!$B$3:$C$162,'2.5'!B32,'[1]30221'!$C$3:$C$162) -> #VALUE! | D40: 0 | E40: 143977.78 | F40: 0 | G40: 143977.78 | H40: =ROUND(D40/G40*100,2) -> 0 | I40: =IF(H40<=0.002,1,0) -> 1
A41: {=VLOOKUP(B41,'1.1'!$B$5:$V$89,21,FALSE)} -> 37 | B41: УФК ПО ВОЛГОГРАДСКОЙ ОБЛАСТИ | C41: =SUMIF('[1]30221'!$B$3:$C$162,'2.5'!B33,'[1]30221'!$C$3:$C$162) -> #VALUE! | D41: 0 | E41: 12443.251 | F41: 0 | G41: 12443.251 | H41: =ROUND(D41/G41*100,2) -> 0 | I41: =IF(H41<=0.002,1,0) -> 1
A42: {=VLOOKUP(B42,'1.1'!$B$5:$V$89,21,FALSE)} -> 38 | B42: УФК ПО ВОЛОГОДСКОЙ ОБЛАСТИ | C42: =SUMIF('[1]30221'!$B$3:$C$162,'2.5'!B34,'[1]30221'!$C$3:$C$162) -> #VALUE! | D42: 0 | E42: 11922.051 | F42: 0 | G42: 11922.051 | H42: =ROUND(D42/G42*100,2) -> 0 | I42: =IF(H42<=0.002,1,0) -> 1
A43: {=VLOOKUP(B43,'1.1'!$B$5:$V$89,21,FALSE)} -> 39 | B43: УФК ПО ВОРОНЕЖСКОЙ ОБЛАСТИ | C43: =SUMIF('[1]30221'!$B$3:$C$162,'2.5'!B35,'[1]30221'!$C$3:$C$162) -> #VALUE! | D43: 0 | E43: 18198.03 | F43: 0 | G43: 18198.03 | H43: =ROUND(D43/G43*100,2) -> 0 | I43: =IF(H43<=0.002,1,0) -> 1
A44: {=VLOOKUP(B44,'1.1'!$B$5:$V$89,21,FALSE)} -> 40 | B44: УФК ПО ИВАНОВСКОЙ ОБЛАСТИ | C44: =SUMIF('[1]30221'!$B$3:$C$162,'2.5'!B37,'[1]30221'!$C$3:$C$162) -> #VALUE! | D44: 0 | E44: 11050.807 | F44: 0 | G44: 11050.807 | H44: =ROUND(D44/G44*100,2) -> 0 | I44: =IF(H44<=0.002,1,0) -> 1
A45: {=VLOOKUP(B45,'1.1'!$B$5:$V$89,21,FALSE)} -> 41 | B45: УФК ПО ИРКУТСКОЙ ОБЛАСТИ | C45: =SUMIF('[1]30221'!$B$3:$C$162,'2.5'!B38,'[1]30221'!$C$3:$C$162) -> #VALUE! | D45: 0 | E45: 14478.013 | F45: 0 | G45: 14478.013 | H45: =ROUND(D45/G45*100,2) -> 0 | I45: =IF(H45<=0.002,1,0) -> 1
A46: {=VLOOKUP(B46,'1.1'!$B$5:$V$89,21,FALSE)} -> 42 | B46: УФК ПО КАЛИНИНГРАДСКОЙ ОБЛАСТИ | C46: =SUMIF('[1]30221'!$B$3:$C$162,'2.5'!B39,'[1]30221'!$C$3:$C$162) -> #VALUE! | D46: 0 | E46: 14472.445 | F46: 0 | G46: 14472.445 | H46: =ROUND(D46/G46*100,2) -> 0 | I46: =IF(H46<=0.002,1,0) -> 1
A47: {=VLOOKUP(B47,'1.1'!$B$5:$V$89,21,FALSE)} -> 43 | B47: УФК ПО КАЛУЖСКОЙ ОБЛАСТИ | C47: =SUMIF('[1]30221'!$B$3:$C$162,'2.5'!B41,'[1]30221'!$C$3:$C$162) -> #VALUE! | D47: 0 | E47: 12259.903 | F47: 0 | G47: 12259.903 | H47: =ROUND(D47/G47*100,2) -> 0 | I47: =IF(H47<=0.002,1,0) -> 1
A48: {=VLOOKUP(B48,'1.1'!$B$5:$V$89,21,FALSE)} -> 44 | B48: УФК ПО КЕМЕРОВСКОЙ ОБЛАСТИ | C48: =SUMIF('[1]30221'!$B$3:$C$162,'2.5'!B43,'[1]30221'!$C$3:$C$162) -> #VALUE! | D48: 0 | E48: 15220.036 | F48: 0 | G48: 15220.036 | H48: =ROUND(D48/G48*100,2) -> 0 | I48: =IF(H48<=0.002,1,0) -> 1
A49: {=VLOOKUP(B49,'1.1'!$B$5:$V$89,21,FALSE)} -> 45 | B49: УФК ПО КИРОВСКОЙ ОБЛАСТИ | C49: =SUMIF('[1]30221'!$B$3:$C$162,'2.5'!B44,'[1]30221'!$C$3:$C$162) -> #VALUE! | D49: 0 | E49: 20786.275 | F49: 0 | G49: 20786.275 | H49: =ROUND(D49/G49*100,2) -> 0 | I49: =IF(H49<=0.002,1,0) -> 1
A50: {=VLOOKUP(B50,'1.1'!$B$5:$V$89,21,FALSE)} -> 46 | B50: УФК ПО КОСТРОМСКОЙ ОБЛАСТИ | C50: =SUMIF('[1]30221'!$B$3:$C$162,'2.5'!B45,'[1]30221'!$C$3:$C$162) -> #VALUE! | D50: 0 | E50: 13814.492 | F50: 0 | G50: 13814.492 | H50: =ROUND(D50/G50*100,2) -> 0 | I50: =IF(H50<=0.002,1,0) -> 1
A51: {=VLOOKUP(B51,'1.1'!$B$5:$V$89,21,FALSE)} -> 47 | B51: УФК ПО КУРГАНСКОЙ ОБЛАСТИ | C51: =SUMIF('[1]30221'!$B$3:$C$162,'2.5'!B47,'[1]30221'!$C$3:$C$162) -> #VALUE! | D51: 0 | E51: 9874.1882 | F51: 0 | G51: 9874.1882 | H51: =ROUND(D51/G51*100,2) -> 0 | I51: =IF(H51<=0.002,1,0) -> 1
A52: {=VLOOKUP(B52,'1.1'!$B$5:$V$89,21,FALSE)} -> 48 | B52: УФК ПО КУРСКОЙ ОБЛАСТИ | C52: =SUMIF('[1]30221'!$B$3:$C$162,'2.5'!B48,'[1]30221'!$C$3:$C$162) -> #VALUE! | D52: 0 | E52: 11452.431 | F52: 0 | G52: 11452.431 | H52: =ROUND(D52/G52*100,2) -> 0 | I52: =IF(H52<=0.002,1,0) -> 1
A53: {=VLOOKUP(B53,'1.1'!$B$5:$V$89,21,FALSE)} -> 49 | B53: УФК ПО ЛЕНИНГРАДСКОЙ ОБЛАСТИ | C53: =SUMIF('[1]30221'!$B$3:$C$162,'2.5'!B49,'[1]30221'!$C$3:$C$162) -> #VALUE! | D53: 0 | E53: 14448.128 | F53: 0 | G53: 14448.128 | H53: =ROUND(D53/G53*100,2) -> 0 | I53: =IF(H53<=0.002,1,0) -> 1
A54: {=VLOOKUP(B54,'1.1'!$B$5:$V$89,21,FALSE)} -> 50 | B54: УФК ПО ЛИПЕЦКОЙ ОБЛАСТИ | C54: =SUMIF('[1]30221'!$B$3:$C$162,'2.5'!B50,'[1]30221'!$C$3:$C$162) -> #VALUE! | D54: 0 | E54: 7856.9403 | F54: 0 | G54: 7856.9403 | H54: =ROUND(D54/G54*100,2) -> 0 | I54: =IF(H54<=0.002,1,0) -> 1
A55: {=VLOOKUP(B55,'1.1'!$B$5:$V$89,21,FALSE)} -> 51 | B55: УФК ПО МАГАДАНСКОЙ ОБЛАСТИ | C55: =SUMIF('[1]30221'!$B$3:$C$162,'2.5'!B51,'[1]30221'!$C$3:$C$162) -> #VALUE! | D55: 0 | E55: 12018.797 | F55: 0 | G55: 12018.797 | H55: =ROUND(D55/G55*100,2) -> 0 | I55: =IF(H55<=0.002,1,0) -> 1
A56: {=VLOOKUP(B56,'1.1'!$B$5:$V$89,21,FALSE)} -> 52 | B56: УФК ПО МОСКОВСКОЙ ОБЛАСТИ | C56: =SUMIF('[1]30221'!$B$3:$C$162,'2.5'!B52,'[1]30221'!$C$3:$C$162) -> #VALUE! | D56: 0 | E56: 31311.005 | F56: 0 | G56: 11031.636 | H56: =ROUND(D56/G56*100,2) -> 0 | I56: =IF(H56<=0.002,1,0) -> 1
A57: {=VLOOKUP(B57,'1.1'!$B$5:$V$89,21,FALSE)} -> 53 | B57: УФК ПО МУРМАНСКОЙ ОБЛАСТИ | C57: =SUMIF('[1]30221'!$B$3:$C$162,'2.5'!B53,'[1]30221'!$C$3:$C$162) -> #VALUE! | D57: 0 | E57: 8933.2268 | F57: 0 | G57: 8933.2268 | H57: =ROUND(D57/G57*100,2) -> 0 | I57: =IF(H57<=0.002,1,0) -> 1
A58: {=VLOOKUP(B58,'1.1'!$B$5:$V$89,21,FALSE)} -> 54 | B58: УФК ПО НИЖЕГОРОДСКОЙ ОБЛАСТИ | C58: =SUMIF('[1]30221'!$B$3:$C$162,'2.5'!B36,'[1]30221'!$C$3:$C$162) -> #VALUE! | D58: 0 | E58: 29492.609 | F58: 0 | G58: 29492.609 | H58: =ROUND(D58/G58*100,2) -> 0 | I58: =IF(H58<=0.002,1,0) -> 1
A59: {=VLOOKUP(B59,'1.1'!$B$5:$V$89,21,FALSE)} -> 55 | B59: УФК ПО НОВГОРОДСКОЙ ОБЛАСТИ | C59: =SUMIF('[1]30221'!$B$3:$C$162,'2.5'!B54,'[1]30221'!$C$3:$C$162) -> #VALUE! | D59: 0 | E59: 12131.079 | F59: 0 | G59: 12131.079 | H59: =ROUND(D59/G59*100,2) -> 0 | I59: =IF(H59<=0.002,1,0) -> 1
A60: {=VLOOKUP(B60,'1.1'!$B$5:$V$89,21,FALSE)} -> 56 | B60: УФК ПО НОВОСИБИРСКОЙ ОБЛАСТИ | C60: =SUMIF('[1]30221'!$B$3:$C$162,'2.5'!B55,'[1]30221'!$C$3:$C$162) -> #VALUE! | D60: 0 | E60: 27345.91 | F60: 0 | G60: 27345.91 | H60: =ROUND(D60/G60*100,2) -> 0 | I60: =IF(H60<=0.002,1,0) -> 1
A61: {=VLOOKUP(B61,'1.1'!$B$5:$V$89,21,FALSE)} -> 57 | B61: УФК ПО ОМСКОЙ ОБЛАСТИ | C61: =SUMIF('[1]30221'!$B$3:$C$162,'2.5'!B56,'[1]30221'!$C$3:$C$162) -> #VALUE! | D61: 0 | E61: 16915.191 | F61: 0 | G61: 16915.191 | H61: =ROUND(D61/G61*100,2) -> 0 | I61: =IF(H61<=0.002,1,0) -> 1
A62: {=VLOOKUP(B62,'1.1'!$B$5:$V$89,21,FALSE)} -> 58 | B62: УФК ПО ОРЕНБУРГСКОЙ ОБЛАСТИ | C62: =SUMIF('[1]30221'!$B$3:$C$162,'2.5'!B57,'[1]30221'!$C$3:$C$162) -> #VALUE! | D62: 0 | E62: 15442.524 | F62: 0 | G62: 15442.524 | H62: =ROUND(D62/G62*100,2) -> 0 | I62: =IF(H62<=0.002,1,0) -> 1
A63: {=VLOOKUP(B63,'1.1'!$B$5:$V$89,21,FALSE)} -> 59 | B63: УФК ПО ОРЛОВСКОЙ ОБЛАСТИ | C63: =SUMIF('[1]30221'!$B$3:$C$162,'2.5'!B58,'[1]30221'!$C$3:$C$162) -> #VALUE! | D63: 0 | E63: 10396.787 | F63: 0 | G63: 10396.787 | H63: =ROUND(D63/G63*100,2) -> 0 | I63: =IF(H63<=0.002,1,0) -> 1
A64: {=VLOOKUP(B64,'1.1'!$B$5:$V$89,21,FALSE)} -> 60 | B64: УФК ПО ПЕНЗЕНСКОЙ ОБЛАСТИ | C64: =SUMIF('[1]30221'!$B$3:$C$162,'2.5'!B59,'[1]30221'!$C$3:$C$162) -> #VALUE! | D64: 0 | E64: 31235.8 | F64: 0 | G64: 31235.8 | H64: =ROUND(D64/G64*100,2) -> 0 | I64: =IF(H64<=0.002,1,0) -> 1
A65: {=VLOOKUP(B65,'1.1'!$B$5:$V$89,21,FALSE)} -> 61 | B65: УФК ПО ПСКОВСКОЙ ОБЛАСТИ | C65: =SUMIF('[1]30221'!$B$3:$C$162,'2.5'!B61,'[1]30221'!$C$3:$C$162) -> #VALUE! | D65: 0 | E65: 12005.044 | F65: 0 | G65: 12005.044 | H65: =ROUND(D65/G65*100,2) -> 0 | I65: =IF(H65<=0.002,1,0) -> 1
A66: {=VLOOKUP(B66,'1.1'!$B$5:$V$89,21,FALSE)} -> 62 | B66: УФК ПО РОСТОВСКОЙ ОБЛАСТИ | C66: =SUMIF('[1]30221'!$B$3:$C$162,'2.5'!B62,'[1]30221'!$C$3:$C$162) -> #VALUE! | D66: 0 | E66: 34630.797 | F66: 0 | G66: 34630.797 | H66: =ROUND(D66/G66*100,2) -> 0 | I66: =IF(H66<=0.002,1,0) -> 1
A67: {=VLOOKUP(B67,'1.1'!$B$5:$V$89,21,FALSE)} -> 63 | B67: УФК ПО РЯЗАНСКОЙ ОБЛАСТИ | C67: =SUMIF('[1]30221'!$B$3:$C$162,'2.5'!B63,'[1]30221'!$C$3:$C$162) -> #VALUE! | D67: 0 | E67: 9435.16 | F67: 0 | G67: 9435.16 | H67: =ROUND(D67/G67*100,2) -> 0 | I67: =IF(H67<=0.002,1,0) -> 1
A68: {=VLOOKUP(B68,'1.1'!$B$5:$V$89,21,FALSE)} -> 64 | B68: УФК ПО САМАРСКОЙ ОБЛАСТИ | C68: =SUMIF('[1]30221'!$B$3:$C$162,'2.5'!B46,'[1]30221'!$C$3:$C$162) -> #VALUE! | D68: 0 | E68: 14868.696 | F68: 0 | G68: 14868.696 | H68: =ROUND(D68/G68*100,2) -> 0 | I68: =IF(H68<=0.002,1,0) -> 1
A69: {=VLOOKUP(B69,'1.1'!$B$5:$V$89,21,FALSE)} -> 65 | B69: УФК ПО САРАТОВСКОЙ ОБЛАСТИ | C69: =SUMIF('[1]30221'!$B$3:$C$162,'2.5'!B64,'[1]30221'!$C$3:$C$162) -> #VALUE! | D69: 0 | E69: 12058.791 | F69: 0 | G69: 12058.791 | H69: =ROUND(D69/G69*100,2) -> 0 | I69: =IF(H69<=0.002,1,0) -> 1
A70: {=VLOOKUP(B70,'1.1'!$B$5:$V$89,21,FALSE)} -> 66 | B70: УФК ПО САХАЛИНСКОЙ ОБЛАСТИ | C70: =SUMIF('[1]30221'!$B$3:$C$162,'2.5'!B65,'[1]30221'!$C$3:$C$162) -> #VALUE! | D70: 0 | E70: 10081.435 | F70: 0 | G70: 10081.435 | H70: =ROUND(D70/G70*100,2) -> 0 | I70: =IF(H70<=0.002,1,0) -> 1
A71: {=VLOOKUP(B71,'1.1'!$B$5:$V$89,21,FALSE)} -> 67 | B71: УФК ПО СВЕРДЛОВСКОЙ ОБЛАСТИ | C71: =SUMIF('[1]30221'!$B$3:$C$162,'2.5'!B66,'[1]30221'!$C$3:$C$162) -> #VALUE! | D71: 0 | E71: 30554.821 | F71: 0 | G71: 30554.821 | H71: =ROUND(D71/G71*100,2) -> 0 | I71: =IF(H71<=0.002,1,0) -> 1
A72: {=VLOOKUP(B72,'1.1'!$B$5:$V$89,21,FALSE)} -> 68 | B72: УФК ПО СМОЛЕНСКОЙ ОБЛАСТИ | C72: =SUMIF('[1]30221'!$B$3:$C$162,'2.5'!B67,'[1]30221'!$C$3:$C$162) -> #VALUE! | D72: 0 | E72: 7692.0464 | F72: 0 | G72: 7692.0464 | H72: =ROUND(D72/G72*100,2) -> 0 | I72: =IF(H72<=0.002,1,0) -> 1
A73: {=VLOOKUP(B73,'1.1'!$B$5:$V$89,21,FALSE)} -> 69 | B73: УФК ПО ТАМБОВСКОЙ ОБЛАСТИ | C73: =SUMIF('[1]30221'!$B$3:$C$162,'2.5'!B68,'[1]30221'!$C$3:$C$162) -> #VALUE! | D73: 0 | E73: 10555.5 | F73: 0 | G73: 10555.5 | H73: =ROUND(D73/G73*100,2) -> 0 | I73: =IF(H73<=0.002,1,0) -> 1
A74: {=VLOOKUP(B74,'1.1'!$B$5:$V$89,21,FALSE)} -> 70 | B74: УФК ПО ТВЕРСКОЙ ОБЛАСТИ | C74: =SUMIF('[1]30221'!$B$3:$C$162,'2.5'!B40,'[1]30221'!$C$3:$C$162) -> #VALUE! | D74: 0 | E74: 16609.875 | F74: 0 | G74: 16609.875 | H74: =ROUND(D74/G74*100,2) -> 0 | I74: =IF(H74<=0.002,1,0) -> 1
A75: {=VLOOKUP(B75,'1.1'!$B$5:$V$89,21,FALSE)} -> 71 | B75: УФК ПО ТОМСКОЙ ОБЛАСТИ | C75: =SUMIF('[1]30221'!$B$3:$C$162,'2.5'!B69,'[1]30221'!$C$3:$C$162) -> #VALUE! | D75: 0 | E75: 13514.784 | F75: 0 | G75: 13514.784 | H75: =ROUND(D75/G75*100,2) -> 0 | I75: =IF(H75<=0.002,1,0) -> 1
A76: {=VLOOKUP(B76,'1.1'!$B$5:$V$89,21,FALSE)} -> 72 | B76: УФК ПО ТУЛЬСКОЙ ОБЛАСТИ | C76: =SUMIF('[1]30221'!$B$3:$C$162,'2.5'!B70,'[1]30221'!$C$3:$C$162) -> #VALUE! | D76: 0 | E76: 14022.28 | F76: 0 | G76: 14022.28 | H76: =ROUND(D76/G76*100,2) -> 0 | I76: =IF(H76<=0.002,1,0) -> 1
A77: {=VLOOKUP(B77,'1.1'!$B$5:$V$89,21,FALSE)} -> 73 | B77: УФК ПО ТЮМЕНСКОЙ ОБЛАСТИ | C77: =SUMIF('[1]30221'!$B$3:$C$162,'2.5'!B71,'[1]30221'!$C$3:$C$162) -> #VALUE! | D77: 68.9332 | E77: 5894.425 | F77: 0 | G77: 5894.425 | H77: =ROUND(D77/G77*100,2) -> 1.17 | I77: =IF(H77<=0.002,1,0) -> 0
A78: {=VLOOKUP(B78,'1.1'!$B$5:$V$89,21,FALSE)} -> 74 | B78: УФК ПО УЛЬЯНОВСКОЙ ОБЛАСТИ | C78: =SUMIF('[1]30221'!$B$3:$C$162,'2.5'!B72,'[1]30221'!$C$3:$C$162) -> #VALUE! | D78: 0 | E78: 11637.364 | F78: 0 | G78: 11637.364 | H78: =ROUND(D78/G78*100,2) -> 0 | I78: =IF(H78<=0.002,1,0) -> 1
A79: {=VLOOKUP(B79,'1.1'!$B$5:$V$89,21,FALSE)} -> 75 | B79: УФК ПО ЧЕЛЯБИНСКОЙ ОБЛАСТИ | C79: =SUMIF('[1]30221'!$B$3:$C$162,'2.5'!B73,'[1]30221'!$C$3:$C$162) -> #VALUE! | D79: 0 | E79: 14027.655 | F79: 0 | G79: 14027.655 | H79: =ROUND(D79/G79*100,2) -> 0 | I79: =IF(H79<=0.002,1,0) -> 1
A80: {=VLOOKUP(B80,'1.1'!$B$5:$V$89,21,FALSE)} -> 76 | B80: УФК ПО ЯРОСЛАВСКОЙ ОБЛАСТИ | C80: =SUMIF('[1]30221'!$B$3:$C$162,'2.5'!B74,'[1]30221'!$C$3:$C$162) -> #VALUE! | D80: 0 | E80: 11201.082 | F80: 0 | G80: 11201.082 | H80: =ROUND(D80/G80*100,2) -> 0 | I80: =IF(H80<=0.002,1,0) -> 1
A81: {=VLOOKUP(B81,'1.1'!$B$5:$V$89,21,FALSE)} -> 77 | B81: УФК ПО Г. МОСКВЕ | C81: =SUMIF('[1]30221'!$B$3:$C$162,'2.5'!B77,'[1]30221'!$C$3:$C$162) -> #VALUE! | D81: 0 | E81: 102339.04 | F81: 0 | G81: 79455.065 | H81: =ROUND(D81/G81*100,2) -> 0 | I81: =IF(H81<=0.002,1,0) -> 1
A82: {=VLOOKUP(B82,'1.1'!$B$5:$V$89,21,FALSE)} -> 78 | B82: УФК ПО Г. САНКТ-ПЕТЕРБУРГУ | C82: =SUMIF('[1]30221'!$B$3:$C$162,'2.5'!B75,'[1]30221'!$C$3:$C$162) -> #VALUE! | D82: 0 | E82: 14324.298 | F82: 0 | G82: 14324.298 | H82: =ROUND(D82/G82*100,2) -> 0 | I82: =IF(H82<=0.002,1,0) -> 1
A83: {=VLOOKUP(B83,'1.1'!$B$5:$V$89,21,FALSE)} -> 79 | B83: УФК ПО Г. СЕВАСТОПОЛЮ | C83: =SUMIF('[1]30221'!$B$3:$C$162,'2.5'!B78,'[1]30221'!$C$3:$C$162) -> #VALUE! | D83: 0 | E83: 13951.137 | F83: 0 | G83: 13951.137 | H83: =ROUND(D83/G83*100,2) -> 0 | I83: =IF(H83<=0.002,1,0) -> 1
A84: {=VLOOKUP(B84,'1.1'!$B$5:$V$89,21,FALSE)} -> 80 | B84: УФК ПО РЕСПУБЛИКЕ КРЫМ | C84: =SUMIF('[1]30221'!$B$3:$C$162,'2.5'!B79,'[1]30221'!$C$3:$C$162) -> #VALUE! | D84: 0 | E84: 75145.681 | F84: 0 | G84: 75145.681 | H84: =ROUND(D84/G84*100,2) -> 0 | I84: =IF(H84<=0.002,1,0) -> 1
A85: {=VLOOKUP(B85,'1.1'!$B$5:$V$89,21,FALSE)} -> 81 | B85: УФК ПО ЕВРЕЙСКОЙ АВТОНОМНОЙ ОБЛАСТИ | C85: =SUMIF('[1]30221'!$B$3:$C$162,'2.5'!B82,'[1]30221'!$C$3:$C$162) -> #VALUE! | D85: 0 | E85: 3883.4848 | F85: 0 | G85: 3883.4848 | H85: =ROUND(D85/G85*100,2) -> 0 | I85: =IF(H85<=0.002,1,0) -> 1
A86: {=VLOOKUP(B86,'1.1'!$B$5:$V$89,21,FALSE)} -> 82 | B86: УФК ПО ХАНТЫ-МАНСИЙСКОМУ АВТОНОМНОМУ ОКРУГУ - ЮГРЕ | C86: =SUMIF('[1]30221'!$B$3:$C$162,'2.5'!B85,'[1]30221'!$C$3:$C$162) -> #VALUE! | D86: 0 | E86: 16805.292 | F86: 0 | G86: 16805.292 | H86: =ROUND(D86/G86*100,2) -> 0 | I86: =IF(H86<=0.002,1,0) -> 1
A87: {=VLOOKUP(B87,'1.1'!$B$5:$V$89,21,FALSE)} -> 83 | B87: УФК ПО ЧУКОТСКОМУ АВТОНОМНОМУ ОКРУГУ | C87: =SUMIF('[1]30221'!$B$3:$C$162,'2.5'!B86,'[1]30221'!$C$3:$C$162) -> #VALUE! | D87: 0 | E87: 11609.257 | F87: 0 | G87: 11609.257 | H87: =ROUND(D87/G87*100,2) -> 0 | I87: =IF(H87<=0.002,1,0) -> 1
A88: {=VLOOKUP(B88,'1.1'!$B$5:$V$89,21,FALSE)} -> 84 | B88: УФК ПО ЯМАЛО-НЕНЕЦКОМУ АВТОНОМНОМУ ОКРУГУ | C88: =SUMIF('[1]30221'!$B$3:$C$162,'2.5'!B87,'[1]30221'!$C$3:$C$162) -> #VALUE! | D88: 0 | E88: 14165.016 | F88: 0 | G88: 14165.016 | H88: =ROUND(D88/G88*100,2) -> 0 | I88: =IF(H88<=0.002,1,0) -> 1
A89: {=VLOOKUP(B89,'1.1'!$B$5:$V$89,21,FALSE)} -> 85 | B89: МЕЖРЕГИОНАЛЬНОЕ ОПЕРАЦИОННОЕ УФК | C89: =SUMIF('[1]30221'!$B$3:$C$162,'2.5'!B76,'[1]30221'!$C$3:$C$162) -> #VALUE! | D89: 0 | E89: 22357.148 | F89: 0 | G89: 10399.598 | H89: =ROUND(D89/G89*100,2) -> 0 | I89: =IF(H89<=0.002,1,0) -> 1

Sheet 2.6
A1: показатель 2.6. Наличие и своевременность восстановления дебиторской задолженности по страховым взносам на обязательное социальное страхование на случай временной нетрудоспособности и в связи с материнством
A3: № п/п | B3: Наименование ТОФК | C3: Дебиторская задолженность, в руб. | D3: Оценка
A4: 1 | B4: 2 | C4: 3 | D4: 4
A5: {=VLOOKUP(B5,'[7]1.1'!$B$5:$V$89,21,FALSE)} -> 1 | B5: УФК ПО РЕСПУБЛИКЕ АДЫГЕЯ | C5: 0 | D5: 1
A6: {=VLOOKUP(B6,'[7]1.1'!$B$5:$V$89,21,FALSE)} -> 2 | B6: УФК ПО РЕСПУБЛИКЕ АЛТАЙ | C6: 0 | D6: 1
A7: {=VLOOKUP(B7,'[7]1.1'!$B$5:$V$89,21,FALSE)} -> 3 | B7: УФК ПО РЕСПУБЛИКЕ БАШКОРТОСТАН | C7: 0 | D7: 1
A8: {=VLOOKUP(B8,'[7]1.1'!$B$5:$V$89,21,FALSE)} -> 4 | B8: УФК ПО РЕСПУБЛИКЕ БУРЯТИЯ | C8: 0 | D8: 1
A9: {=VLOOKUP(B9,'[7]1.1'!$B$5:$V$89,21,FALSE)} -> 5 | B9: УФК ПО РЕСПУБЛИКЕ ДАГЕСТАН | C9: 0 | D9: 1
A10: {=VLOOKUP(B10,'[7]1.1'!$B$5:$V$89,21,FALSE)} -> 6 | B10: УФК ПО РЕСПУБЛИКЕ ИНГУШЕТИЯ | C10: 0 | D10: 1
A11: {=VLOOKUP(B11,'[7]1.1'!$B$5:$V$89,21,FALSE)} -> 7 | B11: УФК ПО КАБАРДИНО-БАЛКАРСКОЙ РЕСПУБЛИКЕ | C11: 0 | D11: 1
A12: {=VLOOKUP(B12,'[7]1.1'!$B$5:$V$89,21,FALSE)} -> 8 | B12: УФК ПО РЕСПУБЛИКЕ КАЛМЫКИЯ | C12: 0 | D12: 1
A13: {=VLOOKUP(B13,'[7]1.1'!$B$5:$V$89,21,FALSE)} -> 9 | B13: УФК ПО КАРАЧАЕВО-ЧЕРКЕССКОЙ РЕСПУБЛИКЕ | C13: 0 | D13: 1
A14: {=VLOOKUP(B14,'[7]1.1'!$B$5:$V$89,21,FALSE)} -> 10 | B14: УФК ПО РЕСПУБЛИКЕ КАРЕЛИЯ | C14: 0 | D14: 1
A15: {=VLOOKUP(B15,'[7]1.1'!$B$5:$V$89,21,FALSE)} -> 11 | B15: УФК ПО РЕСПУБЛИКЕ КОМИ | C15: 0 | D15: 1
A16: {=VLOOKUP(B16,'[7]1.1'!$B$5:$V$89,21,FALSE)} -> 12 | B16: УФК ПО РЕСПУБЛИКЕ МАРИЙ ЭЛ | C16: 0 | D16: 1
... A89: {=VLOOKUP(B89,'[7]1.1'!$B$5:$V$89,21,FALSE)} -> 85 | B89: МЕЖРЕГИОНАЛЬНОЕ ОПЕРАЦИОННОЕ УФК | C89: 5533.34 | D89: 0

Sheet 2.7
B1: показатель 2.7. Управление дебиторской задолженностью по расчетам по налогу на имущество организаций и земельному налогу
A3: № п/п | B3: Наименование ТОФК | C3: Объем дебиторской задолженности по расчетам по налогу на имущество организаций и земельному налогу | D3: Оценка
A4: 1 | B4: 2 | C4: 3 | D4: 4
A5: {=VLOOKUP(B5,'[7]1.1'!$B$5:$V$89,21,FALSE)} -> 1 | B5: УФК ПО РЕСПУБЛИКЕ АДЫГЕЯ | C5: 0 | D5: =IF(C5=0,1,0) -> 1
A6: {=VLOOKUP(B6,'[7]1.1'!$B$5:$V$89,21,FALSE)} -> 2 | B6: УФК ПО РЕСПУБЛИКЕ АЛТАЙ | C6: 0 | D6: =IF(C6=0,1,0) -> 1
A7: {=VLOOKUP(B7,'[7]1.1'!$B$5:$V$89,21,FALSE)} -> 3 | B7: УФК ПО РЕСПУБЛИКЕ БАШКОРТОСТАН | C7: 0 | D7: =IF(C7=0,1,0) -> 1
A8: {=VLOOKUP(B8,'[7]1.1'!$B$5:$V$89,21,FALSE)} -> 4 | B8: УФК ПО РЕСПУБЛИКЕ БУРЯТИЯ | C8: 0 | D8: =IF(C8=0,1,0) -> 1
A9: {=VLOOKUP(B9,'[7]1.1'!$B$5:$V$89,21,FALSE)} -> 5 | B9: УФК ПО РЕСПУБЛИКЕ ДАГЕСТАН | C9: 0 | D9: =IF(C9=0,1,0) -> 1
A10: {=VLOOKUP(B10,'[7]1.1'!$B$5:$V$89,21,FALSE)} -> 6 | B10: УФК ПО РЕСПУБЛИКЕ ИНГУШЕТИЯ | C10: 0 | D10: =IF(C10=0,1,0) -> 1
A11: {=VLOOKUP(B11,'[7]1.1'!$B$5:$V$89,21,FALSE)} -> 7 | B11: УФК ПО КАБАРДИНО-БАЛКАРСКОЙ РЕСПУБЛИКЕ | C11: 0 | D11: =IF(C11=0,1,0) -> 1
A12: {=VLOOKUP(B12,'[7]1.1'!$B$5:$V$89,21,FALSE)} -> 8 | B12: УФК ПО РЕСПУБЛИКЕ КАЛМЫКИЯ | C12: 0 | D12: =IF(C12=0,1,0) -> 1
A13: {=VLOOKUP(B13,'[7]1.1'!$B$5:$V$89,21,FALSE)} -> 9 | B13: УФК ПО КАРАЧАЕВО-ЧЕРКЕССКОЙ РЕСПУБЛИКЕ | C13: 0 | D13: =IF(C13=0,1,0) -> 1
A14: {=VLOOKUP(B14,'[7]1.1'!$B$5:$V$89,21,FALSE)} -> 10 | B14: УФК ПО РЕСПУБЛИКЕ КАРЕЛИЯ | C14: 0 | D14: =IF(C14=0,1,0) -> 1
A15: {=VLOOKUP(B15,'[7]1.1'!$B$5:$V$89,21,FALSE)} -> 11 | B15: УФК ПО РЕСПУБЛИКЕ КОМИ | C15: 0 | D15: =IF(C15=0,1,0) -> 1
A16: {=VLOOKUP(B16,'[7]1.1'!$B$5:$V$89,21,FALSE)} -> 12 | B16: УФК ПО РЕСПУБЛИКЕ МАРИЙ ЭЛ | C16: 0 | D16: =IF(C16=0,1,0) -> 1
... A89: {=VLOOKUP(B89,'[7]1.1'!$B$5:$V$89,21,FALSE)} -> 85 | B89: МЕЖРЕГИОНАЛЬНОЕ ОПЕРАЦИОННОЕ УФК | C89: 0 | D89: =IF(C89=0,1,0) -> 1

Sheet 2.8
A1: показатель 2.8 "Управление кредиторской задолженностью по страховым взносам в Пенсионный фонд Российской Федерации и Федеральный фонд обязательного медицинского страхования"
A3: № п/п | B3: Наименование ТОФК | C3: Объем кредиторской задолженности по страховым взносам в Пенсионный фонд РФ и Федеральный фонд обязательного медицинского страхования,в руб. | D3: Оценка
A4: 1 | B4: 2 | C4: 3 | D4: 4
A5: {=VLOOKUP(B5,'[7]1.1'!$B$5:$V$89,21,FALSE)} -> 1 | B5: УФК ПО РЕСПУБЛИКЕ АДЫГЕЯ | C5: 116241.56 | D5: 1
A6: {=VLOOKUP(B6,'[7]1.1'!$B$5:$V$89,21,FALSE)} -> 2 | B6: УФК ПО РЕСПУБЛИКЕ АЛТАЙ | C6: 489285.07 | D6: 1
A7: {=VLOOKUP(B7,'[7]1.1'!$B$5:$V$89,21,FALSE)} -> 3 | B7: УФК ПО РЕСПУБЛИКЕ БАШКОРТОСТАН | C7: 0 | D7: 1
A8: {=VLOOKUP(B8,'[7]1.1'!$B$5:$V$89,21,FALSE)} -> 4 | B8: УФК ПО РЕСПУБЛИКЕ БУРЯТИЯ | C8: 0 | D8: 1
A9: {=VLOOKUP(B9,'[7]1.1'!$B$5:$V$89,21,FALSE)} -> 5 | B9: УФК ПО РЕСПУБЛИКЕ ДАГЕСТАН | C9: 0 | D9: 1
A10: {=VLOOKUP(B10,'[7]1.1'!$B$5:$V$89,21,FALSE)} -> 6 | B10: УФК ПО РЕСПУБЛИКЕ ИНГУШЕТИЯ | C10: 0 | D10: 1
A11: {=VLOOKUP(B11,'[7]1.1'!$B$5:$V$89,21,FALSE)} -> 7 | B11: УФК ПО КАБАРДИНО-БАЛКАРСКОЙ РЕСПУБЛИКЕ | C11: 472527.52 | D11: 1
A12: {=VLOOKUP(B12,'[7]1.1'!$B$5:$V$89,21,FALSE)} -> 8 | B12: УФК ПО РЕСПУБЛИКЕ КАЛМЫКИЯ | C12: 2118548.5 | D12: 1
A13: {=VLOOKUP(B13,'[7]1.1'!$B$5:$V$89,21,FALSE)} -> 9 | B13: УФК ПО КАРАЧАЕВО-ЧЕРКЕССКОЙ РЕСПУБЛИКЕ | C13: 368826.46 | D13: 1
A14: {=VLOOKUP(B14,'[7]1.1'!$B$5:$V$89,21,FALSE)} -> 10 | B14: УФК ПО РЕСПУБЛИКЕ КАРЕЛИЯ | C14: 37334.94 | D14: 1
A15: {=VLOOKUP(B15,'[7]1.1'!$B$5:$V$89,21,FALSE)} -> 11 | B15: УФК ПО РЕСПУБЛИКЕ КОМИ | C15: 2406963.8 | D15: 1
A16: {=VLOOKUP(B16,'[7]1.1'!$B$5:$V$89,21,FALSE)} -> 12 | B16: УФК ПО РЕСПУБЛИКЕ МАРИЙ ЭЛ | C16: 149641.71 | D16: 1
... A89: {=VLOOKUP(B89,'[7]1.1'!$B$5:$V$89,21,FALSE)} -> 85 | B89: МЕЖРЕГИОНАЛЬНОЕ ОПЕРАЦИОННОЕ УФК | C89: 0 | D89: 1
B90: Итого | C90: =SUM(C5:C89) -> 27665939

Sheet 2.9
B1: показатель 2.9. Управление дебиторской задолженностью по налогу на доходы физических лиц
A3: № п/п | B3: ТОФК | C3: Объем дебиторской задолженности по налогу на доходы физических лиц, в руб. | D3: Оценка
A4: 1 | B4: 2 | C4: 3 | D4: 4
A5: {=VLOOKUP(B5,'[7]1.1'!$B$5:$V$89,21,FALSE)} -> 1 | B5: УФК ПО РЕСПУБЛИКЕ АДЫГЕЯ | C5: 0 | D5: 1
A6: {=VLOOKUP(B6,'[7]1.1'!$B$5:$V$89,21,FALSE)} -> 2 | B6: УФК ПО РЕСПУБЛИКЕ АЛТАЙ | C6: 0 | D6: 1
A7: {=VLOOKUP(B7,'[7]1.1'!$B$5:$V$89,21,FALSE)} -> 3 | B7: УФК ПО РЕСПУБЛИКЕ БАШКОРТОСТАН | C7: 0 | D7: 1
A8: {=VLOOKUP(B8,'[7]1.1'!$B$5:$V$89,21,FALSE)} -> 4 | B8: УФК ПО РЕСПУБЛИКЕ БУРЯТИЯ | C8: 0 | D8: 1
A9: {=VLOOKUP(B9,'[7]1.1'!$B$5:$V$89,21,FALSE)} -> 5 | B9: УФК ПО РЕСПУБЛИКЕ ДАГЕСТАН | C9: 0 | D9: 1
A10: {=VLOOKUP(B10,'[7]1.1'!$B$5:$V$89,21,FALSE)} -> 6 | B10: УФК ПО РЕСПУБЛИКЕ ИНГУШЕТИЯ | C10: 0 | D10: 1
A11: {=VLOOKUP(B11,'[7]1.1'!$B$5:$V$89,21,FALSE)} -> 7 | B11: УФК ПО КАБАРДИНО-БАЛКАРСКОЙ РЕСПУБЛИКЕ | C11: 0 | D11: 1
A12: {=VLOOKUP(B12,'[7]1.1'!$B$5:$V$89,21,FALSE)} -> 8 | B12: УФК ПО РЕСПУБЛИКЕ КАЛМЫКИЯ | C12: 0 | D12: 1
A13: {=VLOOKUP(B13,'[7]1.1'!$B$5:$V$89,21,FALSE)} -> 9 | B13: УФК ПО КАРАЧАЕВО-ЧЕРКЕССКОЙ РЕСПУБЛИКЕ | C13: 0 | D13: 1
A14: {=VLOOKUP(B14,'[7]1.1'!$B$5:$V$89,21,FALSE)} -> 10 | B14: УФК ПО РЕСПУБЛИКЕ КАРЕЛИЯ | C14: 0 | D14: 1
A15: {=VLOOKUP(B15,'[7]1.1'!$B$5:$V$89,21,FALSE)} -> 11 | B15: УФК ПО РЕСПУБЛИКЕ КОМИ | C15: 0 | D15: 1
A16: {=VLOOKUP(B16,'[7]1.1'!$B$5:$V$89,21,FALSE)} -> 12 | B16: УФК ПО РЕСПУБЛИКЕ МАРИЙ ЭЛ | C16: 0 | D16: 1
... A89: {=VLOOKUP(B89,'[7]1.1'!$B$5:$V$89,21,FALSE)} -> 85 | B89: МЕЖРЕГИОНАЛЬНОЕ ОПЕРАЦИОННОЕ УФК | C89: 0 | D89: 1
B90: Итого

Sheet 2.10
B1: показатель 2.10 Управление кредиторской задолженностью по заработной плате
A3: № п/п | B3: ТОФК | C3: Объем кредиторской задолженности по заработной плате | D3: Оценка
A4: 1 | B4: 2 | C4: 3 | D4: 4
A5: =VLOOKUP(B5,'[7]1.1'!$B$5:$V$89,21,FALSE) -> 1 | B5: УФК ПО РЕСПУБЛИКЕ АДЫГЕЯ | C5: 0 | D5: =IF(C5=0,1,0) -> 1
A6: =VLOOKUP(B6,'[7]1.1'!$B$5:$V$89,21,FALSE) -> 2 | B6: УФК ПО РЕСПУБЛИКЕ АЛТАЙ | C6: 0 | D6: =IF(C6=0,1,0) -> 1
A7: =VLOOKUP(B7,'[7]1.1'!$B$5:$V$89,21,FALSE) -> 3 | B7: УФК ПО РЕСПУБЛИКЕ БАШКОРТОСТАН | C7: 0 | D7: =IF(C7=0,1,0) -> 1
A8: =VLOOKUP(B8,'[7]1.1'!$B$5:$V$89,21,FALSE) -> 4 | B8: УФК ПО РЕСПУБЛИКЕ БУРЯТИЯ | C8: 0 | D8: =IF(C8=0,1,0) -> 1
A9: =VLOOKUP(B9,'[7]1.1'!$B$5:$V$89,21,FALSE) -> 5 | B9: УФК ПО РЕСПУБЛИКЕ ДАГЕСТАН | C9: 0 | D9: =IF(C9=0,1,0) -> 1
A10: =VLOOKUP(B10,'[7]1.1'!$B$5:$V$89,21,FALSE) -> 6 | B10: УФК ПО РЕСПУБЛИКЕ ИНГУШЕТИЯ | C10: 0 | D10: =IF(C10=0,1,0) -> 1
A11: =VLOOKUP(B11,'[7]1.1'!$B$5:$V$89,21,FALSE) -> 7 | B11: УФК ПО КАБАРДИНО-БАЛКАРСКОЙ РЕСПУБЛИКЕ | C11: 0 | D11: =IF(C11=0,1,0) -> 1
A12: =VLOOKUP(B12,'[7]1.1'!$B$5:$V$89,21,FALSE) -> 8 | B12: УФК ПО РЕСПУБЛИКЕ КАЛМЫКИЯ | C12: 0 | D12: =IF(C12=0,1,0) -> 1
A13: =VLOOKUP(B13,'[7]1.1'!$B$5:$V$89,21,FALSE) -> 9 | B13: УФК ПО КАРАЧАЕВО-ЧЕРКЕССКОЙ РЕСПУБЛИКЕ | C13: 0 | D13: =IF(C13=0,1,0) -> 1
A14: =VLOOKUP(B14,'[7]1.1'!$B$5:$V$89,21,FALSE) -> 10 | B14: УФК ПО РЕСПУБЛИКЕ КАРЕЛИЯ | C14: 0 | D14: =IF(C14=0,1,0) -> 1
A15: =VLOOKUP(B15,'[7]1.1'!$B$5:$V$89,21,FALSE) -> 11 | B15: УФК ПО РЕСПУБЛИКЕ КОМИ | C15: 0 | D15: =IF(C15=0,1,0) -> 1
A16: =VLOOKUP(B16,'[7]1.1'!$B$5:$V$89,21,FALSE) -> 12 | B16: УФК ПО РЕСПУБЛИКЕ МАРИЙ ЭЛ | C16: 0 | D16: =IF(C16=0,1,0) -> 1
... A89: =VLOOKUP(B89,'[7]1.1'!$B$5:$V$89,21,FALSE) -> 85 | B89: МЕЖРЕГИОНАЛЬНОЕ ОПЕРАЦИОННОЕ УФК | C89: 0 | D89: =IF(C89=0,1,0) -> 1
B90: Итого | C90: =SUM(C5:C89) -> 0

Sheet 2.11
B1: показатель 2.11 Наличие просроченной дебиторской задолженности
A3: № п/п | B3: ТОФК | C3: Объем просроченной дебиторской задолженности, в руб. | D3: Оценка
A4: 1 | B4: 2 | C4: 3 | D4: 4
A5: {=VLOOKUP(B5,'[7]1.1'!$B$5:$V$89,21,FALSE)} -> 1 | B5: УФК ПО РЕСПУБЛИКЕ АДЫГЕЯ | C5: 162450.25 | D5: 0
A6: {=VLOOKUP(B6,'[7]1.1'!$B$5:$V$89,21,FALSE)} -> 2 | B6: УФК ПО РЕСПУБЛИКЕ АЛТАЙ | C6: 0 | D6: 1
A7: {=VLOOKUP(B7,'[7]1.1'!$B$5:$V$89,21,FALSE)} -> 3 | B7: УФК ПО РЕСПУБЛИКЕ БАШКОРТОСТАН | C7: 0 | D7: 1
A8: {=VLOOKUP(B8,'[7]1.1'!$B$5:$V$89,21,FALSE)} -> 4 | B8: УФК ПО РЕСПУБЛИКЕ БУРЯТИЯ | C8: 0 | D8: 1
A9: {=VLOOKUP(B9,'[7]1.1'!$B$5:$V$89,21,FALSE)} -> 5 | B9: УФК ПО РЕСПУБЛИКЕ ДАГЕСТАН | C9: 0 | D9: 1
A10: {=VLOOKUP(B10,'[7]1.1'!$B$5:$V$89,21,FALSE)} -> 6 | B10: УФК ПО РЕСПУБЛИКЕ ИНГУШЕТИЯ | C10: 67500 | D10: 0
A11: {=VLOOKUP(B11,'[7]1.1'!$B$5:$V$89,21,FALSE)} -> 7 | B11: УФК ПО КАБАРДИНО-БАЛКАРСКОЙ РЕСПУБЛИКЕ | C11: 0 | D11: 1
A12: {=VLOOKUP(B12,'[7]1.1'!$B$5:$V$89,21,FALSE)} -> 8 | B12: УФК ПО РЕСПУБЛИКЕ КАЛМЫКИЯ | C12: 0 | D12: 1
A13: {=VLOOKUP(B13,'[7]1.1'!$B$5:$V$89,21,FALSE)} -> 9 | B13: УФК ПО КАРАЧАЕВО-ЧЕРКЕССКОЙ РЕСПУБЛИКЕ | C13: 0 | D13: 1
A14: {=VLOOKUP(B14,'[7]1.1'!$B$5:$V$89,21,FALSE)} -> 10 | B14: УФК ПО РЕСПУБЛИКЕ КАРЕЛИЯ | C14: 0 | D14: 1
A15: {=VLOOKUP(B15,'[7]1.1'!$B$5:$V$89,21,FALSE)} -> 11 | B15: УФК ПО РЕСПУБЛИКЕ КОМИ | C15: 0 | D15: 1
A16: {=VLOOKUP(B16,'[7]1.1'!$B$5:$V$89,21,FALSE)} -> 12 | B16: УФК ПО РЕСПУБЛИКЕ МАРИЙ ЭЛ | C16: 0 | D16: 1
... A89: {=VLOOKUP(B89,'[7]1.1'!$B$5:$V$89,21,FALSE)} -> 85 | B89: МЕЖРЕГИОНАЛЬНОЕ ОПЕРАЦИОННОЕ УФК | C89: 0 | D89: 1
B90: Итого | C90: =SUM(C5:C89) -> 879056.19

Sheet 2.12
B1: показатель 2.12 Объем просроченной дебиторской задолженности
A3: № п/п | B3: Наименование ТОФК | C3: Объем просроченной деботрской задолженноти на начало года, в руб. | D3: Объем просроченной деботрской задолженноти на конец года, в руб. | E3: Объем просроченной дебиторской задолженности | F3: Оценка | G3: Оценка
A4: 1 | B4: 2 | C4: 3 | D4: 4 | E4: 5 | F4: 1, если 5=0; 0, если 5>0 | G4: 6
A5: 1 | B5: УФК ПО РЕСПУБЛИКЕ АДЫГЕЯ | C5: 0 | D5: 162450.25 | E5: 162450.25 | F5: 0 | G5: =IF(E5=0,1,IF(AND(D5=0,E5=0),1,0)) -> 0
A6: 2 | B6: УФК ПО РЕСПУБЛИКЕ АЛТАЙ | C6: 0 | D6: 0 | E6: 0 | F6: 1 | G6: =IF(E6=0,1,IF(AND(D6=0,E6=0),1,0)) -> 1
A7: 3 | B7: УФК ПО РЕСПУБЛИКЕ БАШКОРТОСТАН | C7: 0 | D7: 0 | E7: 0 | F7: 1 | G7: =IF(E7=0,1,IF(AND(D7=0,E7=0),1,0)) -> 1
A8: 4 | B8: УФК ПО РЕСПУБЛИКЕ БУРЯТИЯ | C8: 0 | D8: 0 | E8: 0 | F8: 1 | G8: =IF(E8=0,1,IF(AND(D8=0,E8=0),1,0)) -> 1
A9: 5 | B9: УФК ПО РЕСПУБЛИКЕ ДАГЕСТАН | C9: 0 | D9: 0 | E9: 0 | F9: 1 | G9: =IF(E9=0,1,IF(AND(D9=0,E9=0),1,0)) -> 1
A10: 6 | B10: УФК ПО РЕСПУБЛИКЕ ИНГУШЕТИЯ | C10: 0 | D10: 67500 | E10: 67500 | F10: 0 | G10: =IF(E10=0,1,IF(AND(D10=0,E10=0),1,0)) -> 0
A11: 7 | B11: УФК ПО КАБАРДИНО-БАЛКАРСКОЙ РЕСПУБЛИКЕ | C11: 0 | D11: 0 | E11: 0 | F11: 1 | G11: =IF(E11=0,1,IF(AND(D11=0,E11=0),1,0)) -> 1
A12: 8 | B12: УФК ПО РЕСПУБЛИКЕ КАЛМЫКИЯ | C12: 0 | D12: 0 | E12: 0 | F12: 1 | G12: =IF(E12=0,1,IF(AND(D12=0,E12=0),1,0)) -> 1
A13: 9 | B13: УФК ПО КАРАЧАЕВО-ЧЕРКЕССКОЙ РЕСПУБЛИКЕ | C13: 0 | D13: 0 | E13: 0 | F13: 1 | G13: =IF(E13=0,1,IF(AND(D13=0,E13=0),1,0)) -> 1
A14: 10 | B14: УФК ПО РЕСПУБЛИКЕ КАРЕЛИЯ | C14: 0 | D14: 54694.12 | E14: 54694.12 | F14: 0 | G14: =IF(E14=0,1,IF(AND(D14=0,E14=0),1,0)) -> 0
A15: 11 | B15: УФК ПО РЕСПУБЛИКЕ КОМИ | C15: 0 | D15: 0 | E15: 0 | F15: 1 | G15: =IF(E15=0,1,IF(AND(D15=0,E15=0),1,0)) -> 1
A16: 12 | B16: УФК ПО РЕСПУБЛИКЕ МАРИЙ ЭЛ | C16: 0 | D16: 0 | E16: 0 | F16: 1 | G16: =IF(E16=0,1,IF(AND(D16=0,E16=0),1,0)) -> 1
... A89: 85 | B89: МЕЖРЕГИОНАЛЬНОЕ ОПЕРАЦИОННОЕ УФК | C89: 0 | D89: 0 | E89: 0 | F89: 1 | G89: =IF(E89=0,1,IF(AND(D89=0,E89=0),1,0)) -> 1

Sheet 3.1
B1: показатель 3.1. Управление дебиторской задолженностью по расчетам с дебиторами (в части невыясненных поступлений)
F2: по приказу неправильно
A3: № п/п | B3: Наименование ТОФК | C3: Сумма дебиторской задолженности по расчетам с дебиторами по доходам на начало года | D3: Сумма дебиторской задолженности по расчетам с дебиторами по доходам на конец года | E3: Показатель | F3: Оценка | G3: Оценка
A4: 1 | B4: 2 | C4: 3 | D4: 4 | E4: 5=(4-3)/3*100 | F4: 1, если 5=0; 0, если 5>0 | G4: 6
A5: {=VLOOKUP(B5,'[7]1.1'!$B$5:$V$89,21,FALSE)} -> 1 | B5: УФК ПО РЕСПУБЛИКЕ АДЫГЕЯ | C5: 25503890 | D5: 26536607 | E5: =(D5-C5)/C5 -> 0.040492541 | F5: =IF(E5=100,1,0) -> 0 | G5: =IF(E5<0,1,0) -> 0
A6: {=VLOOKUP(B6,'[7]1.1'!$B$5:$V$89,21,FALSE)} -> 2 | B6: УФК ПО РЕСПУБЛИКЕ АЛТАЙ | C6: 10711745 | D6: 11545125 | E6: =(D6-C6)/C6 -> 0.077800562 | F6: =IF(E6=100,1,0) -> 0 | G6: =IF(E6<0,1,0) -> 0
A7: {=VLOOKUP(B7,'[7]1.1'!$B$5:$V$89,21,FALSE)} -> 3 | B7: УФК ПО РЕСПУБЛИКЕ БАШКОРТОСТАН | C7: 41252922 | D7: 39422323 | E7: =(D7-C7)/C7 -> -0.044375006 | F7: =IF(E7=100,1,0) -> 0 | G7: =IF(E7<0,1,0) -> 1
A8: {=VLOOKUP(B8,'[7]1.1'!$B$5:$V$89,21,FALSE)} -> 4 | B8: УФК ПО РЕСПУБЛИКЕ БУРЯТИЯ | C8: 15946131 | D8: 14218142 | E8: =(D8-C8)/C8 -> -0.10836416 | F8: =IF(E8=100,1,0) -> 0 | G8: =IF(E8<0,1,0) -> 1
A9: {=VLOOKUP(B9,'[7]1.1'!$B$5:$V$89,21,FALSE)} -> 5 | B9: УФК ПО РЕСПУБЛИКЕ ДАГЕСТАН | C9: 7.1248705e+08 | D9: 5.7334469e+08 | E9: =(D9-C9)/C9 -> -0.19529108 | F9: =IF(E9=100,1,0) -> 0 | G9: =IF(E9<0,1,0) -> 1
A10: {=VLOOKUP(B10,'[7]1.1'!$B$5:$V$89,21,FALSE)} -> 6 | B10: УФК ПО РЕСПУБЛИКЕ ИНГУШЕТИЯ | C10: 167039.62 | D10: 646532.75 | E10: =(D10-C10)/C10 -> 2.8705353 | F10: =IF(E10=100,1,0) -> 0 | G10: =IF(E10<0,1,0) -> 0
A11: {=VLOOKUP(B11,'[7]1.1'!$B$5:$V$89,21,FALSE)} -> 7 | B11: УФК ПО КАБАРДИНО-БАЛКАРСКОЙ РЕСПУБЛИКЕ | C11: 1.9399639e+08 | D11: 1.2656009e+08 | E11: =(D11-C11)/C11 -> -0.34761627 | F11: =IF(E11=100,1,0) -> 0 | G11: =IF(E11<0,1,0) -> 1
A12: {=VLOOKUP(B12,'[7]1.1'!$B$5:$V$89,21,FALSE)} -> 8 | B12: УФК ПО РЕСПУБЛИКЕ КАЛМЫКИЯ | C12: 88629.76 | D12: 284203.43 | E12: =(D12-C12)/C12 -> 2.2066366 | F12: =IF(E12=100,1,0) -> 0 | G12: =IF(E12<0,1,0) -> 0
A13: {=VLOOKUP(B13,'[7]1.1'!$B$5:$V$89,21,FALSE)} -> 9 | B13: УФК ПО КАРАЧАЕВО-ЧЕРКЕССКОЙ РЕСПУБЛИКЕ | C13: 5460674.4 | D13: 7822253.3 | E13: =(D13-C13)/C13 -> 0.43247019 | F13: =IF(E13=100,1,0) -> 0 | G13: =IF(E13<0,1,0) -> 0
A14: {=VLOOKUP(B14,'[7]1.1'!$B$5:$V$89,21,FALSE)} -> 10 | B14: УФК ПО РЕСПУБЛИКЕ КАРЕЛИЯ | C14: 21561362 | D14: 21302362 | E14: =(D14-C14)/C14 -> -0.012012232 | F14: =IF(E14=100,1,0) -> 0 | G14: =IF(E14<0,1,0) -> 1
A15: {=VLOOKUP(B15,'[7]1.1'!$B$5:$V$89,21,FALSE)} -> 11 | B15: УФК ПО РЕСПУБЛИКЕ КОМИ | C15: 11553441 | D15: 5644847.2 | E15: =(D15-C15)/C15 -> -0.51141421 | F15: =IF(E15=100,1,0) -> 0 | G15: =IF(E15<0,1,0) -> 1
A16: {=VLOOKUP(B16,'[7]1.1'!$B$5:$V$89,21,FALSE)} -> 12 | B16: УФК ПО РЕСПУБЛИКЕ МАРИЙ ЭЛ | C16: 1450007 | D16: 2364964 | E16: =(D16-C16)/C16 -> 0.63100176 | F16: =IF(E16=100,1,0) -> 0 | G16: =IF(E16<0,1,0) -> 0
... A89: {=VLOOKUP(B89,'[7]1.1'!$B$5:$V$89,21,FALSE)} -> 85 | B89: МЕЖРЕГИОНАЛЬНОЕ ОПЕРАЦИОННОЕ УФК | C89: 9.5269029e+08 | D89: 6.7143531e+08 | E89: =(D89-C89)/C89 -> -0.29522184 | F89: =IF(E89=100,1,0) -> 0 | G89: =IF(E89<0,1,0) -> 1
B90: Итого | C90: =SUM(C5:C89) -> 4.0300188e+10 | D90: =SUM(D5:D89) -> 3.024391e+10

Sheet 3.2
A1: показатель 3.2 "Отклонение кассовых поступлений по доходам федерального бюджета по главе 100 "Федеральное казначейство" от прогноза кассовых поступлений по доходам в IV квартале отчетного периода"
A2: поступления по коду 100 1 13 02061 01 6000 130
A3: № п/п | B3: Наименование ТОФК | C3: Прогноз кассовых поступлений по доходам | D3: Объем кассовых поступлений в 4 квартале 2015 г. | E3: Отклонение от прогноза кассовых поступлений | F3: Оценка
A4: 1 | B4: 2 | C4: 3 | D4: 4 | E4: 5=((4-3)/3)/3 | F4: 6
A5: 1 | B5: УФК ПО РЕСПУБЛИКЕ АДЫГЕЯ | C5: 0 | D5: 0 | E5: =IFERROR(((D5-C5)/C5)/3,0) -> 0 | F5: =IF(E5=100%,1,IF(AND(C5=0,D5=0),1,0)) -> 1
A6: 2 | B6: УФК ПО РЕСПУБЛИКЕ АЛТАЙ | C6: 0 | D6: 0 | E6: =IFERROR(((D6-C6)/C6)/3,0) -> 0 | F6: =IF(E6=100%,1,IF(AND(C6=0,D6=0),1,0)) -> 1
A7: 3 | B7: УФК ПО РЕСПУБЛИКЕ БАШКОРТОСТАН | C7: 33.8 | D7: 43998.97 | E7: =IFERROR(((D7-C7)/C7)/3,0) -> 433.58156 | F7: =IF(E7=100%,1,IF(AND(C7=0,D7=0),1,0)) -> 0
A8: 4 | B8: УФК ПО РЕСПУБЛИКЕ БУРЯТИЯ | C8: 34.4 | D8: 62685.62 | E8: =IFERROR(((D8-C8)/C8)/3,0) -> 607.08547 | F8: =IF(E8=100%,1,IF(AND(C8=0,D8=0),1,0)) -> 0
A9: 5 | B9: УФК ПО РЕСПУБЛИКЕ ДАГЕСТАН | C9: 0 | D9: 0 | E9: =IFERROR(((D9-C9)/C9)/3,0) -> 0 | F9: =IF(E9=100%,1,IF(AND(C9=0,D9=0),1,0)) -> 1
A10: 6 | B10: УФК ПО РЕСПУБЛИКЕ ИНГУШЕТИЯ | C10: 34.2 | D10: 34125 | E10: =IFERROR(((D10-C10)/C10)/3,0) -> 332.26901 | F10: =IF(E10=100%,1,IF(AND(C10=0,D10=0),1,0)) -> 0
A11: 7 | B11: УФК ПО КАБАРДИНО-БАЛКАРСКОЙ РЕСПУБЛИКЕ | C11: 10.6 | D11: 20343.77 | E11: =IFERROR(((D11-C11)/C11)/3,0) -> 639.40786 | F11: =IF(E11=100%,1,IF(AND(C11=0,D11=0),1,0)) -> 0
A12: 8 | B12: УФК ПО РЕСПУБЛИКЕ КАЛМЫКИЯ | C12: 41.5 | D12: 26629.75 | E12: =IFERROR(((D12-C12)/C12)/3,0) -> 213.56024 | F12: =IF(E12=100%,1,IF(AND(C12=0,D12=0),1,0)) -> 0
A13: 9 | B13: УФК ПО КАРАЧАЕВО-ЧЕРКЕССКОЙ РЕСПУБЛИКЕ | C13: 0 | D13: 0 | E13: =IFERROR(((D13-C13)/C13)/3,0) -> 0 | F13: =IF(E13=100%,1,IF(AND(C13=0,D13=0),1,0)) -> 1
A14: 10 | B14: УФК ПО РЕСПУБЛИКЕ КАРЕЛИЯ | C14: 36.9 | D14: 16406.73 | E14: =IFERROR(((D14-C14)/C14)/3,0) -> 147.87561 | F14: =IF(E14=100%,1,IF(AND(C14=0,D14=0),1,0)) -> 0
A15: 11 | B15: УФК ПО РЕСПУБЛИКЕ КОМИ | C15: 116.2 | D15: 86390.52 | E15: =IFERROR(((D15-C15)/C15)/3,0) -> 247.48801 | F15: =IF(E15=100%,1,IF(AND(C15=0,D15=0),1,0)) -> 0
A16: 12 | B16: УФК ПО РЕСПУБЛИКЕ МАРИЙ ЭЛ | C16: 0 | D16: 16492.29 | E16: =IFERROR(((D16-C16)/C16)/3,0) -> 0 | F16: =IF(E16=100%,1,IF(AND(C16=0,D16=0),1,0)) -> 0
... A89: 85 | B89: МЕЖРЕГИОНАЛЬНОЕ ОПЕРАЦИОННОЕ УФК | C89: 0 | D89: 0 | E89: =IFERROR(((D89-C89)/C89)/3,0) -> 0 | F89: =IF(E89=100%,1,IF(AND(C89=0,D89=0),1,0)) -> 1

Sheet 4.1
B1: показатель 4.1. Вступившие в законную силу судебные акты, удовлетворящих полностью или частично требования к ТОФК (в денежном выражении)
A3: № п/п | B3: Наименование ТОФК | C3: Общая сумма заявленных исковых требований в денежном выражении к ТОФК по принятым ими денежным обязательствам, указанных в судебных актах, вступивших в законную силу в отчетном периоде, в руб. | D3: Общая сумма исковых требований в денежном выражении к ТОФК по принятым ими денежным обязательствам, определенная судом к взысканию по актам, вступившим в законную силу в отчетном периоде, в руб. | E3: Показатель | F3: Оценка
A4: 1 | B4: 2 | C4: 3 | D4: 4 | E4: 5=4/3 | F4: 6
A5: 1 | B5: УФК ПО РЕСПУБЛИКЕ АДЫГЕЯ | C5: 0 | D5: 0 | E5: =IFERROR(D5/C5,0) -> 0 | F5: 1
A6: 2 | B6: УФК ПО РЕСПУБЛИКЕ АЛТАЙ | C6: 0 | D6: 0 | E6: =IFERROR(D6/C6,0) -> 0 | F6: 1
A7: 3 | B7: УФК ПО РЕСПУБЛИКЕ БАШКОРТОСТАН | C7: 0 | D7: 0 | E7: =IFERROR(D7/C7,0) -> 0 | F7: 1
A8: 4 | B8: УФК ПО РЕСПУБЛИКЕ БУРЯТИЯ | C8: 3000000 | D8: 3000000 | E8: =IFERROR(D8/C8,0) -> 1 | F8: 0
A9: 5 | B9: УФК ПО РЕСПУБЛИКЕ ДАГЕСТАН | C9: 0 | D9: 0 | E9: =IFERROR(D9/C9,0) -> 0 | F9: 1
A10: 6 | B10: УФК ПО РЕСПУБЛИКЕ ИНГУШЕТИЯ | C10: 0 | D10: 0 | E10: =IFERROR(D10/C10,0) -> 0 | F10: 1
A11: 7 | B11: УФК ПО КАБАРДИНО-БАЛКАРСКОЙ РЕСПУБЛИКЕ | C11: 1567160.2 | D11: 1567160.2 | E11: =IFERROR(D11/C11,0) -> 1 | F11: 0
A12: 8 | B12: УФК ПО РЕСПУБЛИКЕ КАЛМЫКИЯ | C12: 49172.05 | D12: 49172.05 | E12: =IFERROR(D12/C12,0) -> 1 | F12: 0
A13: 9 | B13: УФК ПО КАРАЧАЕВО-ЧЕРКЕССКОЙ РЕСПУБЛИКЕ | C13: 0 | D13: 0 | E13: =IFERROR(D13/C13,0) -> 0 | F13: 1
A14: 10 | B14: УФК ПО РЕСПУБЛИКЕ КАРЕЛИЯ | C14: 0 | D14: 0 | E14: =IFERROR(D14/C14,0) -> 0 | F14: 1
A15: 11 | B15: УФК ПО РЕСПУБЛИКЕ КОМИ | C15: 0 | D15: 0 | E15: =IFERROR(D15/C15,0) -> 0 | F15: 1
A16: 12 | B16: УФК ПО РЕСПУБЛИКЕ МАРИЙ ЭЛ | C16: 0 | D16: 0 | E16: =IFERROR(D16/C16,0) -> 0 | F16: 1
... A79: 75 | B79: УФК ПО ЧЕЛЯБИНСКОЙ ОБЛАСТИ | C79: 0 | D79: 0 | E79: =IFERROR(D79/C79,0) -> 0 | F79: 1
A80: 76 | B80: УФК ПО ЯРОСЛАВСКОЙ ОБЛАСТИ | C80: 18653.64 | D80: 5921.86 | E80: =IFERROR(D80/C80,0) -> 0.31746404 | F80: 1 | G80: =SUM(D8:D87) -> 5048056.6
A81: 77 | B81: УФК ПО Г. МОСКВЕ | C81: 47940.03 | D81: 47940.03 | E81: =IFERROR(D81/C81,0) -> 1 | F81: 0
A82: 78 | B82: УФК ПО Г. САНКТ-ПЕТЕРБУРГУ | C82: 3579571.5 | D82: 38198.2 | E82: =IFERROR(D82/C82,0) -> 0.010671165 | F82: 1
A83: 79 | B83: УФК ПО Г. СЕВАСТОПОЛЮ | C83: 0 | D83: 0 | E83: =IFERROR(D83/C83,0) -> 0 | F83: 1
A84: 80 | B84: УФК ПО РЕСПУБЛИКЕ КРЫМ | C84: 0 | D84: 0 | E84: =IFERROR(D84/C84,0) -> 0 | F84: 1
A85: 81 | B85: УФК ПО ЕВРЕЙСКОЙ АВТОНОМНОЙ ОБЛАСТИ | C85: 0 | D85: 0 | E85: =IFERROR(D85/C85,0) -> 0 | F85: 1
A86: 82 | B86: УФК ПО ХАНТЫ-МАНСИЙСКОМУ АВТОНОМНОМУ ОКРУГУ - ЮГРЕ | C86: 6000 | D86: 0 | E86: =IFERROR(D86/C86,0) -> 0 | F86: 1
A87: 83 | B87: УФК ПО ЧУКОТСКОМУ АВТОНОМНОМУ ОКРУГУ | C87: 68700.16 | D87: 68700.16 | E87: =IFERROR(D87/C87,0) -> 1 | F87: 0
A88: 84 | B88: УФК ПО ЯМАЛО-НЕНЕЦКОМУ АВТОНОМНОМУ ОКРУГУ | C88: 4072 | D88: 0 | E88: =IFERROR(D88/C88,0) -> 0 | F88: 1
A89: 85 | B89: МЕЖРЕГИОНАЛЬНОЕ ОПЕРАЦИОННОЕ УФК | C89: 0 | D89: 0 | E89: =IFERROR(D89/C89,0) -> 0 | F89: 1
B90: Итого | C90: =IFERROR(VLOOKUP(B90,'[8]4'!$A$3:$C$24,3,FALSE),0) -> 0 | D90: =SUM(D5:D89) -> 5048056.6

Sheet 5.1
B2: показатель 5.1 Отношение расходов на ремонт и техническое обслуживание к основным средствам
A4: № п/п | B4: Наименование ТОФК | C4: Баланс ТОФК, в руб. | D4: Расходы на услуги по содержанию имущества ТОФК, в руб. | E4: Показатель | F4: Оценка
A5: 1 | B5: 2 | C5: 3 | D5: 4 | E5: 5=4/3 | F5: 6
A6: 1 | B6: УФК ПО РЕСПУБЛИКЕ АДЫГЕЯ | C6: 2.0819616e+08 | D6: 2821373.7 | E6: =D6/C6 -> 0.013551516 | F6: {=IF(E6<=5%,1,0)} -> 1
A7: 2 | B7: УФК ПО РЕСПУБЛИКЕ АЛТАЙ | C7: 3.2043535e+08 | D7: 4617859.1 | E7: =D7/C7 -> 0.014411204 | F7: {=IF(E7<=5%,1,0)} -> 1
A8: 3 | B8: УФК ПО РЕСПУБЛИКЕ БАШКОРТОСТАН | C8: 6.9413087e+08 | D8: 6996096.8 | E8: =D8/C8 -> 0.010078931 | F8: {=IF(E8<=5%,1,0)} -> 1
A9: 4 | B9: УФК ПО РЕСПУБЛИКЕ БУРЯТИЯ | C9: 4.789927e+08 | D9: 4167160 | E9: =D9/C9 -> 0.0086998402 | F9: {=IF(E9<=5%,1,0)} -> 1
A10: 5 | B10: УФК ПО РЕСПУБЛИКЕ ДАГЕСТАН | C10: 7.8502499e+08 | D10: 9718032.4 | E10: =D10/C10 -> 0.012379265 | F10: {=IF(E10<=5%,1,0)} -> 1
A11: 6 | B11: УФК ПО РЕСПУБЛИКЕ ИНГУШЕТИЯ | C11: 2.2029551e+08 | D11: 6481789.5 | E11: =D11/C11 -> 0.029423158 | F11: {=IF(E11<=5%,1,0)} -> 1
A12: 7 | B12: УФК ПО КАБАРДИНО-БАЛКАРСКОЙ РЕСПУБЛИКЕ | C12: 5.5073663e+08 | D12: 7641944.2 | E12: =D12/C12 -> 0.01387586 | F12: {=IF(E12<=5%,1,0)} -> 1
A13: 8 | B13: УФК ПО РЕСПУБЛИКЕ КАЛМЫКИЯ | C13: 2.7818506e+08 | D13: 11231618 | E13: =D13/C13 -> 0.040374626 | F13: {=IF(E13<=5%,1,0)} -> 1
A14: 9 | B14: УФК ПО КАРАЧАЕВО-ЧЕРКЕССКОЙ РЕСПУБЛИКЕ | C14: 3.1832369e+08 | D14: 19872085 | E14: =D14/C14 -> 0.062427289 | F14: {=IF(E14<=5%,1,0)} -> 0
A15: 10 | B15: УФК ПО РЕСПУБЛИКЕ КАРЕЛИЯ | C15: 2.6462619e+08 | D15: 3164479 | E15: =D15/C15 -> 0.011958299 | F15: {=IF(E15<=5%,1,0)} -> 1
A16: 11 | B16: УФК ПО РЕСПУБЛИКЕ КОМИ | C16: 3.8272879e+08 | D16: 3886235.2 | E16: =D16/C16 -> 0.010154018 | F16: {=IF(E16<=5%,1,0)} -> 1
A17: 12 | B17: УФК ПО РЕСПУБЛИКЕ МАРИЙ ЭЛ | C17: 3.7312807e+08 | D17: 5434043.3 | E17: =D17/C17 -> 0.01456348 | F17: {=IF(E17<=5%,1,0)} -> 1
... A83: 78 | B83: УФК ПО Г. САНКТ-ПЕТЕРБУРГУ | C83: 1.311032e+09 | D83: 12629629 | E83: =D83/C83 -> 0.0096333489 | F83: {=IF(E83<=5%,1,0)} -> 1
A84: 79 | B84: УФК ПО Г. СЕВАСТОПОЛЮ | C84: 38572046 | D84: 37295.9 | E84: =D84/C84 -> 0.00096691527 | F84: 1
A85: 80 | B85: УФК ПО РЕСПУБЛИКЕ КРЫМ | C85: 44956236 | D85: 54627.1 | E85: =D85/C85 -> 0.0012151173 | F85: 1
A86: 81 | B86: УФК ПО ЕВРЕЙСКОЙ АВТОНОМНОЙ ОБЛАСТИ | C86: 1.4014725e+08 | D86: 3570540 | E86: =D86/C86 -> 0.025477061 | F86: {=IF(E86<=5%,1,0)} -> 1
A87: 82 | B87: УФК ПО ХАНТЫ-МАНСИЙСКОМУ АВТОНОМНОМУ ОКРУГУ - ЮГРЕ | C87: 3.228763e+08 | D87: 7674030.7 | E87: =D87/C87 -> 0.023767712 | F87: {=IF(E87<=5%,1,0)} -> 1
A88: 83 | B88: УФК ПО ЧУКОТСКОМУ АВТОНОМНОМУ ОКРУГУ | C88: 4.0777996e+08 | D88: 5332527.6 | E88: =D88/C88 -> 0.013076973 | F88: {=IF(E88<=5%,1,0)} -> 1
A89: 84 | B89: УФК ПО ЯМАЛО-НЕНЕЦКОМУ АВТОНОМНОМУ ОКРУГУ | C89: 2.5827835e+08 | D89: 5714583.8 | E89: =D89/C89 -> 0.022125679 | F89: {=IF(E89<=5%,1,0)} -> 1
A90: 85 | B90: МЕЖРЕГИОНАЛЬНОЕ ОПЕРАЦИОННОЕ УФК | C90: 6.8207198e+08 | D90: 5066040.8 | E90: =D90/C90 -> 0.0074274284 | F90: {=IF(E90<=5%,1,0)} -> 1

Sheet 5.2
B1: показатель 5.2. Объем материальных запасов
B2: Индекс потребительских цен (декабрь 2015 к декабрю 2014) | C2: =[9]ИПЦ!$Z$19-100 -> 12.91
A3: № | B3: ТОФК | C3: Стоимость материальных запасов на начало года | D3: Стоимость материальных запасов на конец года | E3: Объем материальных запасов | F3: Оценка
A4: 1 | B4: 2 | C4: 3 | D4: 4 | E4: (5-4)/4*100 | F4: 6
A5: {=VLOOKUP(B5,'[7]1.1'!$B$5:$V$89,21,FALSE)} -> 1 | B5: УФК ПО РЕСПУБЛИКЕ АДЫГЕЯ | C5: 6657902.5 | D5: 6548220.3 | E5: =IFERROR((D5-C5)/C5*100,0) -> -1.6473977 | F5: =IF(E5>$C$2,0,1) -> 1
A6: {=VLOOKUP(B6,'[7]1.1'!$B$5:$V$89,21,FALSE)} -> 2 | B6: УФК ПО РЕСПУБЛИКЕ АЛТАЙ | C6: 3279241.9 | D6: 4929075.3 | E6: =IFERROR((D6-C6)/C6*100,0) -> 50.311426 | F6: =IF(E6>$C$2,0,1) -> 0
A7: {=VLOOKUP(B7,'[7]1.1'!$B$5:$V$89,21,FALSE)} -> 3 | B7: УФК ПО РЕСПУБЛИКЕ БАШКОРТОСТАН | C7: 4874358.6 | D7: 5202228.3 | E7: =IFERROR((D7-C7)/C7*100,0) -> 6.7264165 | F7: =IF(E7>$C$2,0,1) -> 1
A8: {=VLOOKUP(B8,'[7]1.1'!$B$5:$V$89,21,FALSE)} -> 4 | B8: УФК ПО РЕСПУБЛИКЕ БУРЯТИЯ | C8: 4410222.2 | D8: 4428419.4 | E8: =IFERROR((D8-C8)/C8*100,0) -> 0.41261322 | F8: =IF(E8>$C$2,0,1) -> 1
A9: {=VLOOKUP(B9,'[7]1.1'!$B$5:$V$89,21,FALSE)} -> 5 | B9: УФК ПО РЕСПУБЛИКЕ ДАГЕСТАН | C9: 11707394 | D9: 16159185 | E9: =IFERROR((D9-C9)/C9*100,0) -> 38.025465 | F9: =IF(E9>$C$2,0,1) -> 0
A10: {=VLOOKUP(B10,'[7]1.1'!$B$5:$V$89,21,FALSE)} -> 6 | B10: УФК ПО РЕСПУБЛИКЕ ИНГУШЕТИЯ | C10: 704099.25 | D10: 679373.32 | E10: =IFERROR((D10-C10)/C10*100,0) -> -3.5117109 | F10: =IF(E10>$C$2,0,1) -> 1
A11: {=VLOOKUP(B11,'[7]1.1'!$B$5:$V$89,21,FALSE)} -> 7 | B11: УФК ПО КАБАРДИНО-БАЛКАРСКОЙ РЕСПУБЛИКЕ | C11: 6485646.8 | D11: 8039837.8 | E11: =IFERROR((D11-C11)/C11*100,0) -> 23.963547 | F11: =IF(E11>$C$2,0,1) -> 0
A12: {=VLOOKUP(B12,'[7]1.1'!$B$5:$V$89,21,FALSE)} -> 8 | B12: УФК ПО РЕСПУБЛИКЕ КАЛМЫКИЯ | C12: 12070531 | D12: 11659889 | E12: =IFERROR((D12-C12)/C12*100,0) -> -3.4020254 | F12: =IF(E12>$C$2,0,1) -> 1
A13: {=VLOOKUP(B13,'[7]1.1'!$B$5:$V$89,21,FALSE)} -> 9 | B13: УФК ПО КАРАЧАЕВО-ЧЕРКЕССКОЙ РЕСПУБЛИКЕ | C13: 2524834 | D13: 2918439.9 | E13: =IFERROR((D13-C13)/C13*100,0) -> 15.589374 | F13: =IF(E13>$C$2,0,1) -> 0
A14: {=VLOOKUP(B14,'[7]1.1'!$B$5:$V$89,21,FALSE)} -> 10 | B14: УФК ПО РЕСПУБЛИКЕ КАРЕЛИЯ | C14: 4725833.8 | D14: 4991891.3 | E14: =IFERROR((D14-C14)/C14*100,0) -> 5.6298539 | F14: =IF(E14>$C$2,0,1) -> 1
A15: {=VLOOKUP(B15,'[7]1.1'!$B$5:$V$89,21,FALSE)} -> 11 | B15: УФК ПО РЕСПУБЛИКЕ КОМИ | C15: 13383674 | D15: 13239541 | E15: =IFERROR((D15-C15)/C15*100,0) -> -1.0769358 | F15: =IF(E15>$C$2,0,1) -> 1
A16: {=VLOOKUP(B16,'[7]1.1'!$B$5:$V$89,21,FALSE)} -> 12 | B16: УФК ПО РЕСПУБЛИКЕ МАРИЙ ЭЛ | C16: 7494495 | D16: 7971326.8 | E16: =IFERROR((D16-C16)/C16*100,0) -> 6.3624273 | F16: =IF(E16>$C$2,0,1) -> 1
... A89: {=VLOOKUP(B89,'[7]1.1'!$B$5:$V$89,21,FALSE)} -> 85 | B89: МЕЖРЕГИОНАЛЬНОЕ ОПЕРАЦИОННОЕ УФК | C89: 7505555.3 | D89: 8158502.8 | E89: =IFERROR((D89-C89)/C89*100,0) -> 8.6995219 | F89: =IF(E89>$C$2,0,1) -> 1
B90: Итого | C90: =SUM(C5:C89) -> 6.269535e+08 | D90: =SUM(D5:D89) -> 6.5448729e+08

Sheet 5.3
B1: показатель 5.3. Своевременность представления бюджетной отчетности и формы 14
A3: № п/п | B3: Наименование ТОФК | C3: Оценка
A4: 1 | B4: 2 | C4: 3
A5: {=VLOOKUP(B5,'1.1'!$B$5:$V$89,21,FALSE)} -> 1 | B5: УФК ПО РЕСПУБЛИКЕ АДЫГЕЯ | C5: 1
A6: {=VLOOKUP(B6,'1.1'!$B$5:$V$89,21,FALSE)} -> 2 | B6: УФК ПО РЕСПУБЛИКЕ АЛТАЙ | C6: 1
A7: {=VLOOKUP(B7,'1.1'!$B$5:$V$89,21,FALSE)} -> 3 | B7: УФК ПО РЕСПУБЛИКЕ БАШКОРТОСТАН | C7: 1
A8: {=VLOOKUP(B8,'1.1'!$B$5:$V$89,21,FALSE)} -> 4 | B8: УФК ПО РЕСПУБЛИКЕ БУРЯТИЯ | C8: 1
A9: {=VLOOKUP(B9,'1.1'!$B$5:$V$89,21,FALSE)} -> 5 | B9: УФК ПО РЕСПУБЛИКЕ ДАГЕСТАН | C9: 1
A10: {=VLOOKUP(B10,'1.1'!$B$5:$V$89,21,FALSE)} -> 6 | B10: УФК ПО РЕСПУБЛИКЕ ИНГУШЕТИЯ | C10: 1
A11: {=VLOOKUP(B11,'1.1'!$B$5:$V$89,21,FALSE)} -> 7 | B11: УФК ПО КАБАРДИНО-БАЛКАРСКОЙ РЕСПУБЛИКЕ | C11: 1
A12: {=VLOOKUP(B12,'1.1'!$B$5:$V$89,21,FALSE)} -> 8 | B12: УФК ПО РЕСПУБЛИКЕ КАЛМЫКИЯ | C12: 1
A13: {=VLOOKUP(B13,'1.1'!$B$5:$V$89,21,FALSE)} -> 9 | B13: УФК ПО КАРАЧАЕВО-ЧЕРКЕССКОЙ РЕСПУБЛИКЕ | C13: 1
A14: {=VLOOKUP(B14,'1.1'!$B$5:$V$89,21,FALSE)} -> 10 | B14: УФК ПО РЕСПУБЛИКЕ КАРЕЛИЯ | C14: 1
A15: {=VLOOKUP(B15,'1.1'!$B$5:$V$89,21,FALSE)} -> 11 | B15: УФК ПО РЕСПУБЛИКЕ КОМИ | C15: 1
A16: {=VLOOKUP(B16,'1.1'!$B$5:$V$89,21,FALSE)} -> 12 | B16: УФК ПО РЕСПУБЛИКЕ МАРИЙ ЭЛ | C16: 1
... A89: {=VLOOKUP(B89,'1.1'!$B$5:$V$89,21,FALSE)} -> 85 | B89: МЕЖРЕГИОНАЛЬНОЕ ОПЕРАЦИОННОЕ УФК | C89: 1

Sheet 5.4
B1: показатель 5.4. Качество представления бюджетной отчетности
A3: № п/п | B3: Наименование ТОФК | C3: Оценка
A4: 1 | B4: 2 | C4: 3
A5: =VLOOKUP(B5,'[7]1.1'!$B$5:$V$89,21,FALSE) -> 1 | B5: УФК ПО РЕСПУБЛИКЕ АДЫГЕЯ | C5: 1
A6: =VLOOKUP(B6,'[7]1.1'!$B$5:$V$89,21,FALSE) -> 2 | B6: УФК ПО РЕСПУБЛИКЕ АЛТАЙ | C6: 1
A7: =VLOOKUP(B7,'[7]1.1'!$B$5:$V$89,21,FALSE) -> 3 | B7: УФК ПО РЕСПУБЛИКЕ БАШКОРТОСТАН | C7: 1
A8: =VLOOKUP(B8,'[7]1.1'!$B$5:$V$89,21,FALSE) -> 4 | B8: УФК ПО РЕСПУБЛИКЕ БУРЯТИЯ | C8: 1
A9: =VLOOKUP(B9,'[7]1.1'!$B$5:$V$89,21,FALSE) -> 5 | B9: УФК ПО РЕСПУБЛИКЕ ДАГЕСТАН | C9: 1
A10: =VLOOKUP(B10,'[7]1.1'!$B$5:$V$89,21,FALSE) -> 6 | B10: УФК ПО РЕСПУБЛИКЕ ИНГУШЕТИЯ | C10: 1
A11: =VLOOKUP(B11,'[7]1.1'!$B$5:$V$89,21,FALSE) -> 7 | B11: УФК ПО КАБАРДИНО-БАЛКАРСКОЙ РЕСПУБЛИКЕ | C11: 1
A12: =VLOOKUP(B12,'[7]1.1'!$B$5:$V$89,21,FALSE) -> 8 | B12: УФК ПО РЕСПУБЛИКЕ КАЛМЫКИЯ | C12: 1
A13: =VLOOKUP(B13,'[7]1.1'!$B$5:$V$89,21,FALSE) -> 9 | B13: УФК ПО КАРАЧАЕВО-ЧЕРКЕССКОЙ РЕСПУБЛИКЕ | C13: 1
A14: =VLOOKUP(B14,'[7]1.1'!$B$5:$V$89,21,FALSE) -> 10 | B14: УФК ПО РЕСПУБЛИКЕ КАРЕЛИЯ | C14: 1
A15: =VLOOKUP(B15,'[7]1.1'!$B$5:$V$89,21,FALSE) -> 11 | B15: УФК ПО РЕСПУБЛИКЕ КОМИ | C15: 1
A16: =VLOOKUP(B16,'[7]1.1'!$B$5:$V$89,21,FALSE) -> 12 | B16: УФК ПО РЕСПУБЛИКЕ МАРИЙ ЭЛ | C16: 1
... A89: =VLOOKUP(B89,'[7]1.1'!$B$5:$V$89,21,FALSE) -> 85 | B89: МЕЖРЕГИОНАЛЬНОЕ ОПЕРАЦИОННОЕ УФК | C89: 1

Sheet 6.1
A1: показатель 6.1 Осуществление мероприятий внутреннего контроля
A3: № п/п | B3: Наименование ТОФК | C3: Оценка
A4: 1 | B4: 2 | C4: 3
A5: 1 | B5: УФК ПО РЕСПУБЛИКЕ АДЫГЕЯ | C5: 1
A6: 2 | B6: УФК ПО РЕСПУБЛИКЕ АЛТАЙ | C6: 1
A7: 3 | B7: УФК ПО РЕСПУБЛИКЕ БАШКОРТОСТАН | C7: 0
A8: 4 | B8: УФК ПО РЕСПУБЛИКЕ БУРЯТИЯ | C8: 1
A9: 5 | B9: УФК ПО РЕСПУБЛИКЕ ДАГЕСТАН | C9: 0
A10: 6 | B10: УФК ПО РЕСПУБЛИКЕ ИНГУШЕТИЯ | C10: 1
A11: 7 | B11: УФК ПО КАБАРДИНО-БАЛКАРСКОЙ РЕСПУБЛИКЕ | C11: 0
A12: 8 | B12: УФК ПО РЕСПУБЛИКЕ КАЛМЫКИЯ | C12: 1
A13: 9 | B13: УФК ПО КАРАЧАЕВО-ЧЕРКЕССКОЙ РЕСПУБЛИКЕ | C13: 1
A14: 10 | B14: УФК ПО РЕСПУБЛИКЕ КАРЕЛИЯ | C14: 1
A15: 11 | B15: УФК ПО РЕСПУБЛИКЕ КОМИ | C15: 0
A16: 12 | B16: УФК ПО РЕСПУБЛИКЕ МАРИЙ ЭЛ | C16: 1
... A89: 85 | B89: МЕЖРЕГИОНАЛЬНОЕ ОПЕРАЦИОННОЕ УФК | C89: 1

Sheet 6.2
B1: показатель 6.2 Проведение инвентаризации
A3: № п/п | B3: ТОФК | C3: Оценка
A4: 1 | B4: 2 | C4: 1, если нет изменений; 0, если были изменения
A5: 1 | B5: УФК ПО РЕСПУБЛИКЕ АДЫГЕЯ | C5: 1
A6: 2 | B6: УФК ПО РЕСПУБЛИКЕ АЛТАЙ | C6: 1
A7: 3 | B7: УФК ПО РЕСПУБЛИКЕ БАШКОРТОСТАН | C7: 1
A8: 4 | B8: УФК ПО РЕСПУБЛИКЕ БУРЯТИЯ | C8: 1
A9: 5 | B9: УФК ПО РЕСПУБЛИКЕ ДАГЕСТАН | C9: 1
A10: 6 | B10: УФК ПО РЕСПУБЛИКЕ ИНГУШЕТИЯ | C10: 1
A11: 7 | B11: УФК ПО КАБАРДИНО-БАЛКАРСКОЙ РЕСПУБЛИКЕ | C11: 1
A12: 8 | B12: УФК ПО РЕСПУБЛИКЕ КАЛМЫКИЯ | C12: 1
A13: 9 | B13: УФК ПО КАРАЧАЕВО-ЧЕРКЕССКОЙ РЕСПУБЛИКЕ | C13: 1
A14: 10 | B14: УФК ПО РЕСПУБЛИКЕ КАРЕЛИЯ | C14: 1
A15: 11 | B15: УФК ПО РЕСПУБЛИКЕ КОМИ | C15: 1
A16: 12 | B16: УФК ПО РЕСПУБЛИКЕ МАРИЙ ЭЛ | C16: 1
... A89: 85 | B89: МЕЖРЕГИОНАЛЬНОЕ ОПЕРАЦИОННОЕ УФК | C89: 1

Sheet 6.3
B1: показатель 6.3 Объем недостач и хищений денежных средств и материальных запасов
A3: № п/п | B3: Наименование ТОФК | C3: Вложения в нефинансовые активы, в руб. | D3: Материальные запасы, в руб. | E3: Остаточная стоимость основных средств, в руб. | F3: Денежные средства, в руб. | G3: Сумма установленных недостач и хищений, в руб. | H3: Показатель | I3: Оценка
A4: 1 | B4: 2 | C4: 3 | D4: 4 | E4: 5 | F4: 6 | G4: 7 | H4: 8=(100*7)/3+4+5+6 | I4: 9
A5: {=VLOOKUP(B5,'1.1'!$B$5:$V$89,21,FALSE)} -> 1 | B5: УФК ПО РЕСПУБЛИКЕ АДЫГЕЯ | C5: 0 | D5: 6548220.3 | E5: 1.0170973e+08 | F5: 84851.95 | G5: 0 | H5: 0 | I5: 1
A6: {=VLOOKUP(B6,'1.1'!$B$5:$V$89,21,FALSE)} -> 2 | B6: УФК ПО РЕСПУБЛИКЕ АЛТАЙ | C6: 0 | D6: 4929075.3 | E6: 1.2625837e+08 | F6: 31630.02 | G6: 0 | H6: 0 | I6: 1
A7: {=VLOOKUP(B7,'1.1'!$B$5:$V$89,21,FALSE)} -> 3 | B7: УФК ПО РЕСПУБЛИКЕ БАШКОРТОСТАН | C7: 0 | D7: 5202228.3 | E7: 3.0972855e+08 | F7: 740734.28 | G7: 0 | H7: =(100*G7)/(C7+D7+E7+F7) -> 0 | I7: 1
A8: {=VLOOKUP(B8,'1.1'!$B$5:$V$89,21,FALSE)} -> 4 | B8: УФК ПО РЕСПУБЛИКЕ БУРЯТИЯ | C8: 0 | D8: 4428419.4 | E8: 2.9927401e+08 | F8: 80427.94 | G8: 0 | H8: 0 | I8: 1
A9: {=VLOOKUP(B9,'1.1'!$B$5:$V$89,21,FALSE)} -> 5 | B9: УФК ПО РЕСПУБЛИКЕ ДАГЕСТАН | C9: 0 | D9: 16159185 | E9: 4.4466317e+08 | F9: 43567.75 | G9: 0 | H9: 0 | I9: 1
A10: {=VLOOKUP(B10,'1.1'!$B$5:$V$89,21,FALSE)} -> 6 | B10: УФК ПО РЕСПУБЛИКЕ ИНГУШЕТИЯ | C10: 0 | D10: 679373.32 | E10: 1.1341311e+08 | F10: 144108.17 | G10: 0 | H10: 0 | I10: 1
A11: {=VLOOKUP(B11,'1.1'!$B$5:$V$89,21,FALSE)} -> 7 | B11: УФК ПО КАБАРДИНО-БАЛКАРСКОЙ РЕСПУБЛИКЕ | C11: 0 | D11: 8039837.8 | E11: 3.7066037e+08 | F11: 570 | G11: 0 | H11: 0 | I11: 1
A12: {=VLOOKUP(B12,'1.1'!$B$5:$V$89,21,FALSE)} -> 8 | B12: УФК ПО РЕСПУБЛИКЕ КАЛМЫКИЯ | C12: 0 | D12: 11659889 | E12: 1.0105899e+08 | F12: 101391.3 | G12: 0 | H12: 0 | I12: 1
A13: {=VLOOKUP(B13,'1.1'!$B$5:$V$89,21,FALSE)} -> 9 | B13: УФК ПО КАРАЧАЕВО-ЧЕРКЕССКОЙ РЕСПУБЛИКЕ | C13: 0 | D13: 2918439.9 | E13: 1.7938815e+08 | F13: 105156.9 | G13: 0 | H13: 0 | I13: 1
A14: {=VLOOKUP(B14,'1.1'!$B$5:$V$89,21,FALSE)} -> 10 | B14: УФК ПО РЕСПУБЛИКЕ КАРЕЛИЯ | C14: 0 | D14: 4991891.3 | E14: 67214500 | F14: 351357.04 | G14: 0 | H14: 0 | I14: 1
A15: {=VLOOKUP(B15,'1.1'!$B$5:$V$89,21,FALSE)} -> 11 | B15: УФК ПО РЕСПУБЛИКЕ КОМИ | C15: 0 | D15: 13239541 | E15: 1.6932784e+08 | F15: 28414.05 | G15: 0 | H15: 0 | I15: 1
A16: {=VLOOKUP(B16,'1.1'!$B$5:$V$89,21,FALSE)} -> 12 | B16: УФК ПО РЕСПУБЛИКЕ МАРИЙ ЭЛ | C16: 0 | D16: 7971326.8 | E16: 2.0940212e+08 | F16: 49692.9 | G16: 0 | H16: 0 | I16: 1
A17: {=VLOOKUP(B17,'1.1'!$B$5:$V$89,21,FALSE)} -> 13 | B17: УФК ПО РЕСПУБЛИКЕ МОРДОВИЯ | C17: 0 | D17: 12229586 | E17: 4.242876e+08 | F17: 4064869.9 | G17: 0 | H17: 0 | I17: 1
A18: {=VLOOKUP(B18,'1.1'!$B$5:$V$89,21,FALSE)} -> 14 | B18: УФК ПО РЕСПУБЛИКЕ САХА (ЯКУТИЯ) | C18: 0 | D18: 242538.47 | E18: 4.1259993e+08 | F18: 26168.93 | G18: 0 | H18: 0 | I18: 1
A19: {=VLOOKUP(B19,'1.1'!$B$5:$V$89,21,FALSE)} -> 15 | B19: УФК ПО РЕСПУБЛИКЕ СЕВЕРНАЯ ОСЕТИЯ-АЛАНИЯ | C19: 0 | D19: 3058197.3 | E19: 1.4926139e+08 | F19: 241625.25 | G19: 168180.64 | H19: 0.11023814 | I19: 0
... A89: {=VLOOKUP(B89,'1.1'!$B$5:$V$89,21,FALSE)} -> 85 | B89: МЕЖРЕГИОНАЛЬНОЕ ОПЕРАЦИОННОЕ УФК | C89: 0 | D89: 8158502.8 | E89: 2.535774e+08 | F89: 2265396 | G89: 0 | H89: 0 | I89: 1

Sheet 6.4
B1: показатель 6.4 Оценка затрат на 1 штатную единицу утвержденной предельной численности федеральных государственных гражданских служащих и работников, замещающих должности, не являющиеся должностями федеральных государственной гражданской службы, ТОФК
A3: № п/п | B3: Наименование ТОФК | C3: Штатная численность, чел. | D3: Объем доведенных ЛБО, в тыс. руб. | E3: Оценка затрат на 1 штатную единицу, в тыс. руб. | F3: Оценка
A4: 1 | B4: 2 | C4: 3 | D4: 4 | E4: 5=4/3 | F4: 6
A5: {=VLOOKUP(B5,'1.1'!$B$5:$V$89,21,FALSE)} -> 1 | B5: УФК ПО РЕСПУБЛИКЕ АДЫГЕЯ | C5: 233 | D5: 91572.1 | E5: =D5/C5 -> 393.0133 | F5: =IF(E5<=$E$90,1,IF(E5/$E$90>1.1,0,0.5)) -> 1
A6: {=VLOOKUP(B6,'1.1'!$B$5:$V$89,21,FALSE)} -> 2 | B6: УФК ПО РЕСПУБЛИКЕ АЛТАЙ | C6: 218 | D6: 106323.1 | E6: =D6/C6 -> 487.72064 | F6: =IF(E6<=$E$90,1,IF(E6/$E$90>1.1,0,0.5)) -> 1 | H6: 1 | I6: УФК по Московской области | J6: 1.1926863e+08 | K6: =ROUND(J6,0)/1000 -> 119268.63
A7: {=VLOOKUP(B7,'1.1'!$B$5:$V$89,21,FALSE)} -> 3 | B7: УФК ПО РЕСПУБЛИКЕ БАШКОРТОСТАН | C7: 759 | D7: 342632.6 | E7: =D7/C7 -> 451.42635 | F7: =IF(E7<=$E$90,1,IF(E7/$E$90>1.1,0,0.5)) -> 1 | H7: 2 | I7: УФК по Москве | J7: 69051726 | K7: =ROUND(J7,0)/1000 -> 69051.726
A8: {=VLOOKUP(B8,'1.1'!$B$5:$V$89,21,FALSE)} -> 4 | B8: УФК ПО РЕСПУБЛИКЕ БУРЯТИЯ | C8: 445 | D8: 241004.1 | E8: =D8/C8 -> 541.58225 | F8: =IF(E8<=$E$90,1,IF(E8/$E$90>1.1,0,0.5)) -> 1 | H8: 3 | I8: Межрегиональное операционное УФК | J8: 27257379 | K8: =ROUND(J8,0)/1000 -> 27257.379
A9: {=VLOOKUP(B9,'1.1'!$B$5:$V$89,21,FALSE)} -> 5 | B9: УФК ПО РЕСПУБЛИКЕ ДАГЕСТАН | C9: 699 | D9: 313157.7 | E9: =D9/C9 -> 448.00815 | F9: =IF(E9<=$E$90,1,IF(E9/$E$90>1.1,0,0.5)) -> 1
A10: {=VLOOKUP(B10,'1.1'!$B$5:$V$89,21,FALSE)} -> 6 | B10: УФК ПО РЕСПУБЛИКЕ ИНГУШЕТИЯ | C10: 133 | D10: 68356.6 | E10: =D10/C10 -> 513.9594 | F10: =IF(E10<=$E$90,1,IF(E10/$E$90>1.1,0,0.5)) -> 1
A11: {=VLOOKUP(B11,'1.1'!$B$5:$V$89,21,FALSE)} -> 7 | B11: УФК ПО КАБАРДИНО-БАЛКАРСКОЙ РЕСПУБЛИКЕ | C11: 220 | D11: 107298.6 | E11: =D11/C11 -> 487.72091 | F11: =IF(E11<=$E$90,1,IF(E11/$E$90>1.1,0,0.5)) -> 1
A12: {=VLOOKUP(B12,'1.1'!$B$5:$V$89,21,FALSE)} -> 8 | B12: УФК ПО РЕСПУБЛИКЕ КАЛМЫКИЯ | C12: 214 | D12: 95782.3 | E12: =D12/C12 -> 447.58084 | F12: =IF(E12<=$E$90,1,IF(E12/$E$90>1.1,0,0.5)) -> 1
A13: {=VLOOKUP(B13,'1.1'!$B$5:$V$89,21,FALSE)} -> 9 | B13: УФК ПО КАРАЧАЕВО-ЧЕРКЕССКОЙ РЕСПУБЛИКЕ | C13: 201 | D13: 149735.4 | E13: =D13/C13 -> 744.95224 | F13: =IF(E13<=$E$90,1,IF(E13/$E$90>1.1,0,0.5)) -> 0
A14: {=VLOOKUP(B14,'1.1'!$B$5:$V$89,21,FALSE)} -> 10 | B14: УФК ПО РЕСПУБЛИКЕ КАРЕЛИЯ | C14: 450 | D14: 269881.4 | E14: =D14/C14 -> 599.73644 | F14: =IF(E14<=$E$90,1,IF(E14/$E$90>1.1,0,0.5)) -> 0.5
A15: {=VLOOKUP(B15,'1.1'!$B$5:$V$89,21,FALSE)} -> 11 | B15: УФК ПО РЕСПУБЛИКЕ КОМИ | C15: 323 | D15: 245678 | E15: =D15/C15 -> 760.613 | F15: =IF(E15<=$E$90,1,IF(E15/$E$90>1.1,0,0.5)) -> 0
A16: {=VLOOKUP(B16,'1.1'!$B$5:$V$89,21,FALSE)} -> 12 | B16: УФК ПО РЕСПУБЛИКЕ МАРИЙ ЭЛ | C16: 331 | D16: 129160.4 | E16: =D16/C16 -> 390.21269 | F16: =IF(E16<=$E$90,1,IF(E16/$E$90>1.1,0,0.5)) -> 1
A17: {=VLOOKUP(B17,'1.1'!$B$5:$V$89,21,FALSE)} -> 13 | B17: УФК ПО РЕСПУБЛИКЕ МОРДОВИЯ | C17: 596 | D17: 223489 | E17: =D17/C17 -> 374.98154 | F17: =IF(E17<=$E$90,1,IF(E17/$E$90>1.1,0,0.5)) -> 1
A18: {=VLOOKUP(B18,'1.1'!$B$5:$V$89,21,FALSE)} -> 14 | B18: УФК ПО РЕСПУБЛИКЕ САХА (ЯКУТИЯ) | C18: 415 | D18: 353185.3 | E18: =D18/C18 -> 851.04892 | F18: =IF(E18<=$E$90,1,IF(E18/$E$90>1.1,0,0.5)) -> 0
A19: {=VLOOKUP(B19,'1.1'!$B$5:$V$89,21,FALSE)} -> 15 | B19: УФК ПО РЕСПУБЛИКЕ СЕВЕРНАЯ ОСЕТИЯ-АЛАНИЯ | C19: 272 | D19: 133867 | E19: =D19/C19 -> 492.15809 | F19: =IF(E19<=$E$90,1,IF(E19/$E$90>1.1,0,0.5)) -> 1
A20: {=VLOOKUP(B20,'1.1'!$B$5:$V$89,21,FALSE)} -> 16 | B20: УФК ПО РЕСПУБЛИКЕ ТАТАРСТАН | C20: 660 | D20: 497374.3 | E20: =D20/C20 -> 753.59742 | F20: =IF(E20<=$E$90,1,IF(E20/$E$90>1.1,0,0.5)) -> 0
... A55: {=VLOOKUP(B55,'1.1'!$B$5:$V$89,21,FALSE)} -> 51 | B55: УФК ПО МАГАДАНСКОЙ ОБЛАСТИ | C55: 249 | D55: 226300.9 | E55: =D55/C55 -> 908.83896 | F55: =IF(E55<=$E$90,1,IF(E55/$E$90>1.1,0,0.5)) -> 0
A56: {=VLOOKUP(B56,'1.1'!$B$5:$V$89,21,FALSE)} -> 52 | B56: УФК ПО МОСКОВСКОЙ ОБЛАСТИ | C56: 944 | D56: =673847.4+134129.55 -> 807976.95 | E56: =D56/C56 -> 855.90779 | F56: =IF(E56<=$E$90,1,IF(E56/$E$90>1.1,0,0.5)) -> 0
A57: {=VLOOKUP(B57,'1.1'!$B$5:$V$89,21,FALSE)} -> 53 | B57: УФК ПО МУРМАНСКОЙ ОБЛАСТИ | C57: 568 | D57: 384575.3 | E57: =D57/C57 -> 677.06919 | F57: =IF(E57<=$E$90,1,IF(E57/$E$90>1.1,0,0.5)) -> 0
A58: {=VLOOKUP(B58,'1.1'!$B$5:$V$89,21,FALSE)} -> 54 | B58: УФК ПО НИЖЕГОРОДСКОЙ ОБЛАСТИ | C58: 877 | D58: 389540.9 | E58: =D58/C58 -> 444.17434 | F58: =IF(E58<=$E$90,1,IF(E58/$E$90>1.1,0,0.5)) -> 1
A59: {=VLOOKUP(B59,'1.1'!$B$5:$V$89,21,FALSE)} -> 55 | B59: УФК ПО НОВГОРОДСКОЙ ОБЛАСТИ | C59: 367 | D59: 158820.1 | E59: =D59/C59 -> 432.75232 | F59: =IF(E59<=$E$90,1,IF(E59/$E$90>1.1,0,0.5)) -> 1
A60: {=VLOOKUP(B60,'1.1'!$B$5:$V$89,21,FALSE)} -> 56 | B60: УФК ПО НОВОСИБИРСКОЙ ОБЛАСТИ | C60: 881 | D60: 452309.4 | E60: =D60/C60 -> 513.40454 | F60: =IF(E60<=$E$90,1,IF(E60/$E$90>1.1,0,0.5)) -> 1
A61: {=VLOOKUP(B61,'1.1'!$B$5:$V$89,21,FALSE)} -> 57 | B61: УФК ПО ОМСКОЙ ОБЛАСТИ | C61: 608 | D61: 295444.1 | E61: =D61/C61 -> 485.9278 | F61: =IF(E61<=$E$90,1,IF(E61/$E$90>1.1,0,0.5)) -> 1
A62: {=VLOOKUP(B62,'1.1'!$B$5:$V$89,21,FALSE)} -> 58 | B62: УФК ПО ОРЕНБУРГСКОЙ ОБЛАСТИ | C62: 677 | D62: 339075.4 | E62: =D62/C62 -> 500.84993 | F62: =IF(E62<=$E$90,1,IF(E62/$E$90>1.1,0,0.5)) -> 1
A63: {=VLOOKUP(B63,'1.1'!$B$5:$V$89,21,FALSE)} -> 59 | B63: УФК ПО ОРЛОВСКОЙ ОБЛАСТИ | C63: 536 | D63: 208998.7 | E63: =D63/C63 -> 389.92295 | F63: =IF(E63<=$E$90,1,IF(E63/$E$90>1.1,0,0.5)) -> 1
A64: {=VLOOKUP(B64,'1.1'!$B$5:$V$89,21,FALSE)} -> 60 | B64: УФК ПО ПЕНЗЕНСКОЙ ОБЛАСТИ | C64: 545 | D64: 247389 | E64: =D64/C64 -> 453.92477 | F64: =IF(E64<=$E$90,1,IF(E64/$E$90>1.1,0,0.5)) -> 1
A65: {=VLOOKUP(B65,'1.1'!$B$5:$V$89,21,FALSE)} -> 61 | B65: УФК ПО ПСКОВСКОЙ ОБЛАСТИ | C65: 451 | D65: 246047.7 | E65: =D65/C65 -> 545.56031 | F65: =IF(E65<=$E$90,1,IF(E65/$E$90>1.1,0,0.5)) -> 1
A66: {=VLOOKUP(B66,'1.1'!$B$5:$V$89,21,FALSE)} -> 62 | B66: УФК ПО РОСТОВСКОЙ ОБЛАСТИ | C66: 1372 | D66: 538303.5 | E66: =D66/C66 -> 392.34949 | F66: =IF(E66<=$E$90,1,IF(E66/$E$90>1.1,0,0.5)) -> 1
A67: {=VLOOKUP(B67,'1.1'!$B$5:$V$89,21,FALSE)} -> 63 | B67: УФК ПО РЯЗАНСКОЙ ОБЛАСТИ | C67: 477 | D67: 209521.1 | E67: =D67/C67 -> 439.24759 | F67: =IF(E67<=$E$90,1,IF(E67/$E$90>1.1,0,0.5)) -> 1
A68: {=VLOOKUP(B68,'1.1'!$B$5:$V$89,21,FALSE)} -> 64 | B68: УФК ПО САМАРСКОЙ ОБЛАСТИ | C68: 660 | D68: 299248.9 | E68: =D68/C68 -> 453.40742 | F68: =IF(E68<=$E$90,1,IF(E68/$E$90>1.1,0,0.5)) -> 1
... A80: {=VLOOKUP(B80,'1.1'!$B$5:$V$89,21,FALSE)} -> 76 | B80: УФК ПО ЯРОСЛАВСКОЙ ОБЛАСТИ | C80: 276 | D80: 136770.6 | E80: =D80/C80 -> 495.54565 | F80: =IF(E80<=$E$90,1,IF(E80/$E$90>1.1,0,0.5)) -> 1
A81: {=VLOOKUP(B81,'1.1'!$B$5:$V$89,21,FALSE)} -> 77 | B81: УФК ПО Г. МОСКВЕ | C81: 800 | D81: =739466+77268.25 -> 816734.25 | E81: =D81/C81 -> 1020.9178 | F81: =IF(E81<=$E$90,1,IF(E81/$E$90>1.1,0,0.5)) -> 0
A82: {=VLOOKUP(B82,'1.1'!$B$5:$V$89,21,FALSE)} -> 78 | B82: УФК ПО Г. САНКТ-ПЕТЕРБУРГУ | C82: 714 | D82: 419526.8 | E82: =D82/C82 -> 587.57255 | F82: =IF(E82<=$E$90,1,IF(E82/$E$90>1.1,0,0.5)) -> 0.5
A83: {=VLOOKUP(B83,'1.1'!$B$5:$V$89,21,FALSE)} -> 79 | B83: УФК ПО Г. СЕВАСТОПОЛЮ | C83: 148 | D83: =127741.7+37295.9 -> 165037.6 | E83: =D83/C83 -> 1115.1189 | F83: =IF(E83<=$E$90,1,IF(E83/$E$90>1.1,0,0.5)) -> 0
A84: {=VLOOKUP(B84,'1.1'!$B$5:$V$89,21,FALSE)} -> 80 | B84: УФК ПО РЕСПУБЛИКЕ КРЫМ | C84: 530 | D84: =250981.5+54627.1 -> 305608.6 | E84: =D84/C84 -> 576.62 | F84: =IF(E84<=$E$90,1,IF(E84/$E$90>1.1,0,0.5)) -> 0.5
A85: {=VLOOKUP(B85,'1.1'!$B$5:$V$89,21,FALSE)} -> 81 | B85: УФК ПО ЕВРЕЙСКОЙ АВТОНОМНОЙ ОБЛАСТИ | C85: 138 | D85: 80152.1 | E85: =D85/C85 -> 580.81232 | F85: =IF(E85<=$E$90,1,IF(E85/$E$90>1.1,0,0.5)) -> 0.5
A86: {=VLOOKUP(B86,'1.1'!$B$5:$V$89,21,FALSE)} -> 82 | B86: УФК ПО ХАНТЫ-МАНСИЙСКОМУ АВТОНОМНОМУ ОКРУГУ - ЮГРЕ | C86: 419 | D86: 325502 | E86: =D86/C86 -> 776.85442 | F86: =IF(E86<=$E$90,1,IF(E86/$E$90>1.1,0,0.5)) -> 0
A87: {=VLOOKUP(B87,'1.1'!$B$5:$V$89,21,FALSE)} -> 83 | B87: УФК ПО ЧУКОТСКОМУ АВТОНОМНОМУ ОКРУГУ | C87: 105 | D87: 131918.7 | E87: =D87/C87 -> 1256.3686 | F87: =IF(E87<=$E$90,1,IF(E87/$E$90>1.1,0,0.5)) -> 0
A88: {=VLOOKUP(B88,'1.1'!$B$5:$V$89,21,FALSE)} -> 84 | B88: УФК ПО ЯМАЛО-НЕНЕЦКОМУ АВТОНОМНОМУ ОКРУГУ | C88: 228 | D88: 203536.7 | E88: =D88/C88 -> 892.70482 | F88: =IF(E88<=$E$90,1,IF(E88/$E$90>1.1,0,0.5)) -> 0
A89: {=VLOOKUP(B89,'1.1'!$B$5:$V$89,21,FALSE)} -> 85 | B89: МЕЖРЕГИОНАЛЬНОЕ ОПЕРАЦИОННОЕ УФК | C89: 335 | D89: =407042.5+27674.06 -> 434716.56 | E89: =D89/C89 -> 1297.6614 | F89: =IF(E89<=$E$90,1,IF(E89/$E$90>1.1,0,0.5)) -> 0
B90: Итого | C90: =SUM(C5:C89) -> 44604 | D90: =SUM(D5:D89) -> 24470529 | E90: =D90/C90 -> 548.61736
E92: =572.4 -> 572.4
E93: =E90/E92 -> 0.95845101

Sheet 7.1
B1: показатель 7.1. Своевременность направления информации и документов о заключенных государтсвенных контрактах в реестр контрактов
A3: № | B3: Наименование ТОФК | C3: Количесто заключенных государственных контрактов, по которым информация и документы для включения в реестр контрактов представлены позже срока, в шт. | D3: Оценка
A4: 1 | B4: 2 | C4: 3 | D4: 4
A5: 1 | B5: УФК ПО РЕСПУБЛИКЕ АДЫГЕЯ | C5: 0 | D5: 1
A6: 2 | B6: УФК ПО РЕСПУБЛИКЕ АЛТАЙ | C6: 0 | D6: 1
A7: 3 | B7: УФК ПО РЕСПУБЛИКЕ БАШКОРТОСТАН | C7: 0 | D7: 1
A8: 4 | B8: УФК ПО РЕСПУБЛИКЕ БУРЯТИЯ | C8: 0 | D8: 1
A9: 5 | B9: УФК ПО РЕСПУБЛИКЕ ДАГЕСТАН | C9: 0 | D9: 1
A10: 6 | B10: УФК ПО РЕСПУБЛИКЕ ИНГУШЕТИЯ | C10: 5 | D10: 0
A11: 7 | B11: УФК ПО КАБАРДИНО-БАЛКАРСКОЙ РЕСПУБЛИКЕ | C11: 1 | D11: 0
A12: 8 | B12: УФК ПО РЕСПУБЛИКЕ КАЛМЫКИЯ | C12: 0 | D12: 1
A13: 9 | B13: УФК ПО КАРАЧАЕВО-ЧЕРКЕССКОЙ РЕСПУБЛИКЕ | C13: 0 | D13: 1
A14: 10 | B14: УФК ПО РЕСПУБЛИКЕ КАРЕЛИЯ | C14: 6 | D14: 0
A15: 11 | B15: УФК ПО РЕСПУБЛИКЕ КОМИ | C15: 0 | D15: 1
A16: 12 | B16: УФК ПО РЕСПУБЛИКЕ МАРИЙ ЭЛ | C16: 1 | D16: 0
... A89: 85 | B89: МЕЖРЕГИОНАЛЬНОЕ ОПЕРАЦИОННОЕ УФК | C89: 0 | D89: 1

Sheet 7.2
B1: показатель 7.2 Своевременность направления информации и документов об исполнении государственных контрактов
A3: № п/п | B3: Наименование ТОФК | C3: Количество государтсвенных контрактов, по которым позже установленного срока представлена информация и документы об их исполнении, в шт. | D3: Оценка
A4: 1 | B4: 2 | C4: 3 | D4: 4
A5: 1 | B5: УФК ПО РЕСПУБЛИКЕ АДЫГЕЯ | C5: 0 | D5: 1
A6: 2 | B6: УФК ПО РЕСПУБЛИКЕ АЛТАЙ | C6: 0 | D6: 1
A7: 3 | B7: УФК ПО РЕСПУБЛИКЕ БАШКОРТОСТАН | C7: 5 | D7: 0
A8: 4 | B8: УФК ПО РЕСПУБЛИКЕ БУРЯТИЯ | C8: 0 | D8: 1
A9: 5 | B9: УФК ПО РЕСПУБЛИКЕ ДАГЕСТАН | C9: 0 | D9: 1
A10: 6 | B10: УФК ПО РЕСПУБЛИКЕ ИНГУШЕТИЯ | C10: 1 | D10: 0
A11: 7 | B11: УФК ПО КАБАРДИНО-БАЛКАРСКОЙ РЕСПУБЛИКЕ | C11: 0 | D11: 1
A12: 8 | B12: УФК ПО РЕСПУБЛИКЕ КАЛМЫКИЯ | C12: 27 | D12: 0
A13: 9 | B13: УФК ПО КАРАЧАЕВО-ЧЕРКЕССКОЙ РЕСПУБЛИКЕ | C13: 0 | D13: 1
A14: 10 | B14: УФК ПО РЕСПУБЛИКЕ КАРЕЛИЯ | C14: 2 | D14: 0
A15: 11 | B15: УФК ПО РЕСПУБЛИКЕ КОМИ | C15: 1 | D15: 0
A16: 12 | B16: УФК ПО РЕСПУБЛИКЕ МАРИЙ ЭЛ | C16: 0 | D16: 1
... A89: 85 | B89: МЕЖРЕГИОНАЛЬНОЕ ОПЕРАЦИОННОЕ УФК | C89: 0 | D89: 1
